Workbook
Name _: #REF!
Name _: #REF!
Name _: #REF!
Name ___AFC1: [1]INV!$A$25:$D$28
Name ___AFC3: [1]INV!$F$25:$I$28
Name ___AFC5: [1]INV!$K$25:$N$28
Name ___BGC1: [1]INV!$A$5:$D$8
Name ___BGC3: [1]INV!$F$5:$I$8
Name ___BGC5: [1]INV!$K$5:$N$8
Name ___CAC1: [1]INV!$A$19:$D$22
Name ___CAC3: [1]INV!$F$19:$I$22
Name ___CAC5: [1]INV!$K$19:$N$22
Name ___EST1: #REF!
Name ___EST1: #REF!
Name ___EST1: #REF!
Name ___EST10: #REF!
Name ___EST10: #REF!
Name ___EST10: #REF!
Name ___EST11: #REF!
Name ___EST11: #REF!
Name ___EST11: #REF!
Name ___EST12: #REF!
Name ___EST12: #REF!
Name ___EST12: #REF!
Name ___EST13: #REF!
Name ___EST13: #REF!
Name ___EST13: #REF!
Name ___EST14: #REF!
Name ___EST14: #REF!
Name ___EST14: #REF!
Name ___EST15: #REF!
Name ___EST15: #REF!
Name ___EST15: #REF!
Name ___EST16: #REF!
Name ___EST16: #REF!
Name ___EST16: #REF!
Name ___EST17: #REF!
Name ___EST17: #REF!
Name ___EST17: #REF!
Name ___EST18: #REF!
Name ___EST18: #REF!
Name ___EST18: #REF!
Name ___EST19: #REF!
Name ___EST19: #REF!
Name ___EST19: #REF!
Name ___EST2: #REF!
Name ___EST2: #REF!
Name ___EST2: #REF!
Name ___EST3: #REF!
Name ___EST3: #REF!
Name ___EST3: #REF!
Name ___EST4: #REF!
Name ___EST4: #REF!
Name ___EST4: #REF!
Name ___EST5: #REF!
Name ___EST5: #REF!
Name ___EST5: #REF!
Name ___EST6: #REF!
Name ___EST6: #REF!
Name ___EST6: #REF!

Sheet Conformación
A1: UNIDAD DE SERVICIOS PENITENCIARIOS Y CARCELARIOS - USPEC OBJETO: “REHABILITACIÓN ESTRUCTURAL DE LA BOCATOMA UBICADA EN LOS LÍMITES DE LA JURISDICCIÓN DE LOS MUNICIPIOS DE CÓMBITA, TUTA Y SOTAQUIRÁ” INVITACION PUBLICA N° USPEC- IP-MC-60-2019
A4: No. | B4: NOMBRE DEL OFERENTE | C4: REPRESENTANTE LEGAL | D4: INTEGRANTES | E4: Integrante 1 | F4: % Int. 1 | G4: Integrante 2 | H4: % Int. 2 | I4: INTEGRANTE 3 | J4: % Int. 3 | K4: INTEGRANTE 4 | L4: % Int. 4 | M4: INTEGRANTE 5 | N4: % Int. 5 | O4: Telefono | P4: FAX | Q4: Direccion | R4: Email | S4: Ciudad | T4: ANTICIPO
A5: 1 | B5: CONSTRUNAL DE AGUAS SAS | C5: MARIO ARTURO ROJAS RODRIGUEZ | D5: (CONSTRUNAL DE AGUAS SAS 100% - 0% - 0%- 0%- 0%) | E5: CONSTRUNAL DE AGUAS SAS | F5: 1 | S5: BOGOTA
A6: 2 | D6: ( 0% - 0% - 0%- 0%- 0%)
A7: 3 | D7: ( 0% - 0% - 0%- 0%- 0%)
A8: 4 | D8: ( 0% - 0% - 0%- 0%- 0%)
A9: 5 | D9: ( 0% - 0% - 0%- 0%- 0%)

Sheet Exp. oferente
A1: UNIDAD DE SERVICIOS PENITENCIARIOS Y CARCELARIOS - USPEC OBJETO: “REHABILITACIÓN ESTRUCTURAL DE LA BOCATOMA UBICADA EN LOS LÍMITES DE LA JURISDICCIÓN DE LOS MUNICIPIOS DE CÓMBITA, TUTA Y SOTAQUIRÁ” INVITACION PUBLICA N° USPEC- IP-MC-60-2019
A3: EXPERIENCIA TÉCNICA DEL OFERENTE
A5: El oferente debe acreditar en su oferta, que cuenta con experiencia específica en:
A6: OPERACIÓN Y/O MANTENIMIENTO Y/O REMODELACIÓN Y/O ADECUACIÓN Y/O AMPLIACIÓN Y/O CONSTRUCCIÓN Y/O MANTENIMIENTO DE PLANTAS DE TRATAMIENTO DE AGUA POTABLE PTAP Y/O PLANTAS DE TRATAMIENTO DE AGUA RESIDUAL,mediante la presentación de MÁXIMO CUATRO (4) certificaciones de contratos iniciados y terminados con entidades públicas o privadas, terminados y liquidados a la fecha del cierre del presente proceso, los cuales deberán sumar en conjunto, un VALOR IGUAL O SUPERIOR A 1.0 VEZ EL P.O.E.
G15: Fecha maxima certificación | H15: 36784 | I15: presup.of | J15: 59871856
G16: Mínimo uno de los contratos aportados debe ser de valor igual o superior al POE expresado en SMMLV a la fecha de terminación | H16: 72.298876 | I16: SMMLV 2019 | J16: 828116
B19: Oferente | E19: 1 | F19: CONSTRUNAL DE AGUAS SAS
F20: (CONSTRUNAL DE AGUAS SAS 100% - 0% - 0%- 0%- 0%)
A23: No | B23: PROPIETARIO O ENTIDAD CONTRATANTE | C23: No. CTO | D23: CODIGO CIIU | E23: APORTADA POR | F23: % en Cto | G23: OBJETO | H23: Fecha de Terminación | I23: Folio | J23: VALOR | K23: SMMLV | M23: OBSERVACIONES
A24: 1 | B24: MUNICIPIO DE PUERTO GAITAN | C24: 496/2018 | E24: CONSTRUNAL DE AGUAS SAS | F24: 0.99 | G24: ADECUACION DE LA INFRAESTRUCTURA Y MANTENIMIENTO PREVENTIVO Y CORRECTIVO A LOS EQUIPOS DE LA PLANTA DE BENEFICIO ANIMAL DEL MUNICIPIO DE PUERTO GAITAN | I24: SIN | K24: 0 | M24: EL PROPONENTE DEBE PRESENTAR LA CERTIFICACION EXPEDIDA POR LA ENTIDAD CONTRATANTE, POR CUANTO SOLO APORTA EL CONTRATO SUSCRITO CON EL MUNICIPIO DE PUERTO GAITAN Y NO SE PUEDE EVIDENCIAR LA FECHA DE INICIO Y TERMINACION Y EL VALOR TOTAL EJECUTA EN MARCO DE DICHO CONTRATO, DE CONFORMIDAD CON LO ESTABLECIDO EN EL NUMERAL 3,2 DE LA INVITACION PUBLICA | N24: 0
A25: 2 | I25: SIN | K25: 0 | N25: 0
A26: 3 | I26: SIN | K26: 0 | N26: 0
A27: 4 | I27: SIN | K27: 0 | N27: 0
A28: 5 | E28: 0 | I28: SIN | K28: 0 | L28: CUMPLE | N28: 0
A29: 6 | I29: SIN | K29: 0 | L29: #VALUE! | N29: 0
J30: TOTAL | K30: 0 | N30: 0
K31: NO CUMPLE | M31: 0
H32: CONSTRUNAL DE AGUAS SAS | I32: 1 | J32: 0 | K32: V.Bo.
H33: 0 | I33: 0 | J33: 0 | K33: V.Bo.
H34: 0 | I34: 0 | J34: 0 | K34: V.Bo.
H35: 0 | I35: 0 | J35: 0 | K35: V.Bo.
H36: 0 | I36: 0 | J36: 0 | K36: V.Bo.
K37: 0
B39: Oferente | E39: 2 | F39: 0
F40: ( 0% - 0% - 0%- 0%- 0%)
A43: No | B43: PROPIETARIO O ENTIDAD CONTRATANTE | C43: No. CTO | D43: CODIGO CIIU | E43: APORTADA POR | F43: % en Cto | G43: OBJETO | H43: Fecha de Terminación | I43: Folio | J43: VALOR | K43: SMMLV | L43: 0 | M43: OBSERVACIONES
A44: 1 | B44: GIMNASIO CAMPESTRE CRISTIANO | C44: 2 | D44: 78111800 | E44: ORGANIZACIÓN DE TRANSPORTES ORT SAS | F44: 1 | G44: PRESTACION DE SERVICIO DE TRANSPORTE ESCOLAR | H44: 43069 | I44: SIN | J44: 5856791309 | K44: 8160.08 | N44: 1
A45: 2 | B45: SENA | C45: 35 | D45: 78111800 | E45: ORGANIZACIÓN DE TRANSPORTES ORT SAS | F45: 0.5 | G45: CONTRATAR EL SERVICIO DE TRANSPORTE ESPECIAL PARA ATENDER LAS RUTAS Y LOS DIFERENTES EVENTOS DE LOS APRENDICES DEL CENTRO DE BIOTECNOLOGIA AGROPECUARIA MOSQUERA | H45: 43100 | I45: SIN | J45: 264345852 | K45: 184.15231
A46: 3 | C46: 4 | D46: 78111800 | E46: LINEAS ESPECIALES PREMIUM SAS | F46: 0.5 | H46: 43100 | I46: SIN | J46: 264345852 | K46: 184.15231
A47: 4 | B47: LICEO MANANTIAL DE VIDA ETERNA | C47: 36 | D47: 78111800 | E47: ORGANIZACIÓN DE TRANSPORTES ORT SAS | F47: 1 | G47: PRESTACION DE SERVICIO DE TRANSPORTE ESCOLAR | H47: 42338 | I47: SIN | J47: 1143736690 | K47: 1775.024 | N47: 1
A48: 5 | I48: SIN | K48: 0 | L48: CUMPLE
A49: 6 | I49: SIN | K49: 0 | L49: #VALUE! | N49: 1
J50: TOTAL | K50: 10303.409
K51: CUMPLE | M51: CUMPLE SUMATORIA DE TODOS 1,0 DEL POE
H52: 0 | I52: 0 | J52: 0
H53: 0 | I53: 0 | J53: 0 | K53: V.Bo.
H54: 0 | I54: 0 | J54: 0 | K54: V.Bo.
H55: 0 | I55: 0 | J55: 0 | K55: V.Bo.
H56: 0 | I56: 0 | J56: 0 | K56: V.Bo.
K57: 0
B59: Oferente | E59: 3 | F59: 0
F60: ( 0% - 0% - 0%- 0%- 0%)
A63: No | B63: PROPIETARIO O ENTIDAD CONTRATANTE | C63: No. CTO | D63: CODIGO CIIU | E63: APORTADA POR | F63: % en Cto | G63: OBJETO | H63: Fecha de Terminación | I63: Folio | J63: VALOR | K63: SMMLV | L63: 0 | M63: OBSERVACIONES
A64: 1 | B64: ALCALDIA MUNICIPAL CIMITARRA SANTADER | C64: 4 | D64: 78111800 | E64: ARITUR LTDA | F64: 1 | G64: TRANSPORTE TERRESTRE PARA LOS ESCOLARES DE LAS VEREDAS DEL MUNICIPIO DE CIMITARRA | H64: 42359 | I64: SIN | J64: 1291424627 | K64: 2004.2285 | N64: 1
A65: 2 | I65: SIN | K65: 0 | N65: 1
A66: 3 | I66: SIN | K66: 0 | N66: 1
A67: 4 | I67: SIN | K67: 0 | L67: CUMPLE | N67: 1
A68: 5 | I68: SIN | K68: 0 | L68: #VALUE! | N68: 1
A69: 6 | I69: SIN | K69: 0 | N69: 1
K70: 2004.2285
K71: NO CUMPLE | M71: 0
H72: 0 | I72: 0 | J72: 0 | K72: V.Bo.
H73: 0 | I73: 0 | J73: 0 | K73: V.Bo.
H74: 0 | I74: 0 | J74: 0 | K74: V.Bo.
H75: 0 | I75: 0 | J75: 0 | K75: V.Bo.
H76: 0 | I76: 0 | J76: 0 | K76: V.Bo.
K77: 0
B79: Oferente | E79: 4 | F79: 0 | K79: 2342.5236
F80: ( 0% - 0% - 0%- 0%- 0%)
A83: No | B83: PROPIETARIO O ENTIDAD CONTRATANTE | C83: No. CTO | D83: CODIGO CIIU | E83: APORTADA POR | F83: % en Cto | G83: OBJETO | H83: Fecha de Terminación | I83: Folio | J83: VALOR | K83: SMMLV | L83: 0 | M83: OBSERVACIONES
A84: 1 | B84: S&A SERVICIOS Y ASESORIAS | C84: 63 | D84: 78111800 | E84: EXTURISCOL SAS | F84: 1 | G84: PRESTACION DE SERVICIO DE TRANSPORTE ESPECIAL DE PASAJEROS EN LA CIUDAD DE BOGOTA, PARA EL DESPLAZAMIENTO DE LOS TRABAJADORES S&A SERVICIOS Y ASESORIAS SAS RN MISION EN EL FONDO NACIONAL DEL AHORRO | H84: 42735 | I84: SIN | J84: 1164000000 | K84: 1688.2925 | N84: 1
A85: 2 | B85: ESAP | C85: 55 | D85: 78111800 | E85: EXTURISCOL SAS | F85: 1 | G85: PRESTAR EL SERVICIO DE TRANSPORTE TERRESTRE PARA LA COMUNIDAD ESAPISTA | H85: 42735 | I85: SIN | J85: 280000000 | K85: 406.11846 | N85: 1
A86: 3 | B86: FUNDACION GIMNASIO MODERNO | C86: 42 | D86: 78111800 | E86: EXTURISCOL SAS | F86: 1 | G86: PRESTACION DEL SERVICIO DE TRANSPORTE TERRESTRE AUTOMOTOR ESPECIAL ESCOLAR CON EL SERVCIO DE MONITORA PARA LOS ALUMNOS DEL GIMNASIO MODERNO | H86: 42338 | I86: SIN | J86: 1216238437 | K86: 1887.5432 | N86: 1
A87: 4 | K87: 0 | N87: 1
A88: 5 | K88: 0 | N88: 1
A89: 6 | K89: 0 | N89: 1
J90: TOTAL | K90: 3981.9541
K91: NO CUMPLE | M91: 0
H92: 0 | I92: 0 | J92: 0 | K92: V.Bo.
H93: 0 | I93: 0 | J93: 0 | K93: V.Bo.
H94: 0 | I94: 0 | J94: 0 | K94: V.Bo.
H95: 0 | I95: 0 | J95: 0 | K95: V.Bo.
H96: 0 | I96: 0 | J96: 0 | K96: V.Bo.
K97: 0
B99: Oferente | E99: 5 | F99: 0 | K99: 3604.9635
F100: ( 0% - 0% - 0%- 0%- 0%)
A103: No | B103: PROPIETARIO O ENTIDAD CONTRATANTE | C103: No. CTO | D103: CODIGO CIIU | E103: APORTADA POR | F103: % en Cto | G103: OBJETO | H103: Fecha de Terminación | I103: Folio | J103: VALOR | K103: SMMLV | L103: 0 | M103: OBSERVACIONES
A104: 1 | B104: COLEGIO CAFAM | C104: 41 | D104: 78111800 | E104: RENETUR S.A. | F104: 1 | G104: FIJAR REGLAS PARA LA COORDINACION POR PARTE DE CAFAM DEL SERVICIO DE TRANSPORTE QUE EL TRASPORTADOR PRESTA A LOS ESTUDIANTES DEL COLEGIO DCAFAM Y ESTABLECER CONDICIONES PARA PRESTACION DEL SERVICIO | H104: 42338 | I104: SIN | J104: 1791306380 | K104: 2780.0208 | N104: 1
A105: 2 | B105: OPEN MARKET LTDA | C105: 63 | D105: 78111800 | E105: RENETUR S.A. | F105: 1 | G105: LA TRANSPORTADORA EN DESARROLLO DEL CONTRATO SE COMPROMETE PARA CON OPEN, APRESTAR EL SERVICIO DE TRANSPORTE DE PASAJEROS DE SUS FUNCIONARIOS | H105: 43100 | I105: SIN | J105: 181759595 | K105: 253.23983 | N105: 1
A106: 3 | B106: EMCOCABLES | C106: 48 | D106: 78111800 | E106: RENETUR S.A. | F106: 1 | G106: PRESTAR EL SERVICIO DE TRANSPORTE PARA LOS COLABORADORES EN LAS RUTAS PROGRAMADAS | H106: 41305 | I106: SIN | J106: 840000000 | K106: 1424.9364 | N106: 1
A107: 4 | K107: 0 | N107: 1
A108: 5 | K108: 0 | N108: 1
A109: 6 | K109: 0 | N109: 1
J110: TOTAL | K110: 4458.197
K111: NO CUMPLE | M111: 0
H112: 0 | I112: 0 | J112: 0 | K112: V.Bo.
H113: 0 | I113: 0 | J113: 0 | K113: V.Bo.
H114: 0 | I114: 0 | J114: 0 | K114: V.Bo.
H115: 0 | I115: 0 | J115: 0 | K115: V.Bo.
H116: 0 | I116: 0 | J116: 0 | K116: V.Bo.
K117: 0

Sheet Exp. Adicional
A1: =+Conformación!A1 -> UNIDAD DE SERVICIOS PENITENCIARIOS Y CARCELARIOS - USPEC OBJETO: “REHABILITACIÓN ESTRUCTURAL DE LA BOCATOMA UBICADA EN LOS LÍMITES DE LA JURISDICCIÓN DE LOS MUNICIPIOS DE CÓMBITA, TUTA Y SOTAQUIRÁ” INVITACION PUBLICA N° USPEC- IP-MC-60-2019
U2: AÑO | V2: SMMLV
A3: EXPERIENCIA TÉCNICA DEL OFERENTE | U3: 1984 | V3: 11298
U4: 1985 | V4: 13557.6
A5: El oferente debe acreditar en su oferta, que cuenta con experiencia específica en: | U5: 1986 | V5: 16811.4
A6: INTERVENTORIA A LA CONSTRUCCIÓN Y/O MANTENIMIENTO Y/O REHABILITACIÓN DE INTERVENCIONES INTEGRALES DE INFRAESTRUCTURA VIAL. La experiencia debe ser acreditada con la ejecución de MÍNIMO UNO (01) Y MÁXIMO CINCO (05) contratos. • En uno de los contratos aportados debe corresponder a la ejecución de actividades relacionadas con interventoría a proyectos de infraestructura víal urbana, que incluya redes de servicios públicos. • Se deberá relacionar mínimo Un (1) Contrato celebrado con entidades públicas en el Territorio Nacional • En uno de los contratos aportados debe corresponder a interventoría a la aplicación de Mezclas Asfálticas con Grano de Caucho Y/O MEZCLA MDC2 en una cantidad mayor o igual a 500m3. • Los contratos aportados deben sumar, en su conjunto, un valor igual o superior a 2.0 veces el valor del POE, expresado en SMMLV a la fecha de su terminación. | U6: 1987 | V6: 20509.8
U7: 1987 | V7: 20509.8
U10: 1987 | V10: 20509.8
U11: 1987 | V11: 20509.8
U12: 1988 | V12: 25637.4
I13: SMMLV | U13: 1989 | V13: 32559.6
E14: Mínimo uno de los contratos aportados deberá ser igual o superior al valor del POE, expresado en SMMLV | F14: 0 | I14: =H15/H16 -> 0 | U14: 1990 | V14: 41025
E15: Fecha maxima certificación | F15: 36784 | G15: presup.of | I15: SMMLV | U15: 1991 | V15: 51716.1
G16: SMMLV 2016 | H16: 737717 | I16: =H15/H16*2 -> 0 | U16: 1992 | V16: 65190
U17: 1993 | V17: 81510
U18: 1994 | V18: 98700
B19: Oferente | C19: 1 | D19: =VLOOKUP(C19,Conformación!$A$5:$N$129,2,FALSE) -> CONSTRUNAL DE AGUAS SAS | U19: 1995 | V19: 118933.5
D20: =VLOOKUP(C19,Conformación!$A$5:$N$129,4,FALSE) -> (CONSTRUNAL DE AGUAS SAS 100% - 0% - 0%- 0%- 0%) | U20: 1996 | V20: 142125
O21: INTEGRANTES | U21: 1997 | V21: 172005
O22: =+F41 -> CONSTRUNAL DE AGUAS SAS | P22: =+F42 -> 0 | Q22: =+F43 -> 0 | R22: =+F44 -> 0 | S22: =+F45 -> 0 | U22: 1998 | V22: 203826
A23: No | B23: PROPIETARIO O ENTIDAD CONTRATANTE | C23: APORTADA POR | D23: % en Cto | E23: OBJETO | F23: Fecha de Terminación | G23: Folio | H23: VALOR | I23: =+I$13 -> SMMLV | K23: OBSERVACIONES | O23: =+IF(C24=O22,I24,0) -> 0 | P23: =+IF(C24=P22,I24,0) -> 0 | Q23: =+IF(C24=Q22,I24,0) -> 0 | R23: =+IF(C24=R22,I24,0) -> 0 | S23: =+IF(C24=S22,I24,0) -> 0 | U23: 1999 | V23: 236460
A24: 1 | C24: 0 | I24: =IF(F24=0,0,IF(F24<$F$13,"FUERA DE TIEMPO",H24*D24/VLOOKUP(YEAR(F24),$U$3:$V$45,2,0))) -> 0 | L24: =+IF(I24>=$I$14,1,0) -> 1 | O24: =+IF(C25=O22,I25,0) -> 0 | P24: =+IF(C25=P22,I25,0) -> 0 | Q24: =+IF(C25=Q22,I25,0) -> 0 | R24: =+IF(C25=R22,I25,0) -> 0 | S24: =+IF(C25=S22,I25,0) -> 0 | U24: 2000 | V24: 260100
A25: 2 | C25: 0 | I25: =IF(F25=0,0,IF(F25<$F$13,"FUERA DE TIEMPO",H25*D25/VLOOKUP(YEAR(F25),$U$3:$V$45,2,0))) -> 0 | L25: =+IF(I25>=$I$14,1,0) -> 1 | O25: =+IF(C26=O22,I26,0) -> 0 | P25: =+IF(C26=P22,I26,0) -> 0 | Q25: =+IF(C26=Q22,I26,0) -> 0 | R25: =+IF(C26=R22,I26,0) -> 0 | S25: =+IF(C26=S22,I26,0) -> 0 | U25: 2001 | V25: 286000
A26: 3 | L26: =+IF(I26>=$I$14,1,0) -> 1 | O26: =+IF(C27=O22,I27,0) -> 0 | P26: =+IF(C27=P22,I27,0) -> 0 | Q26: =+IF(C27=Q22,I27,0) -> 0 | R26: =+IF(C27=R22,I27,0) -> 0 | S26: =+IF(C27=S22,I27,0) -> 0 | U26: 2002 | V26: 309000
A27: 4 | J27: CUMPLE | L27: =+IF(I27>=$I$14,1,0) -> 1 | O27: =+IF(C28=O22,I28,0) -> 0 | P27: =+IF(C28=P22,I28,0) -> 0 | Q27: =+IF(C28=Q22,I28,0) -> 0 | R27: =+IF(C28=R22,I28,0) -> 0 | S27: =+IF(C28=S22,I28,0) -> 0 | U27: 2003 | V27: 332000
A28: 5 | L28: =+IF(I28>=$I$14,1,0) -> 1 | O28: =+IF(C30=O22,I30,0) -> 0 | P28: =+IF(C30=P22,I30,0) -> 0 | Q28: =+IF(C30=Q22,I30,0) -> 0 | R28: =+IF(C30=R22,I30,0) -> 0 | S28: =+IF(C30=S22,I30,0) -> 0 | U28: 2004 | V28: 358000
A29: 5 | C29: 0 | I29: =IF(F29=0,0,IF(F29<$F$13,"FUERA DE TIEMPO",H29*D29/VLOOKUP(YEAR(F29),$U$3:$V$41,2,0))) -> 0 | J29: =IF(SEARCH("ptar",E29,1)<>0,"CUMPLE ESTRUCTURACIÓN DE PROYECTOS PARA PLANTAS DE TRATAMIENTO DE AGUA RESIDUAL PTAR","-") -> #VALUE! | L29: =+IF(I29>=$I$14,1,0) -> 1 | O29: =+IF(C31=O22,I31,0) -> 0 | P29: =+IF(C31=P22,I31,0) -> 0 | Q29: =+IF(C31=Q22,I31,0) -> 0 | R29: =+IF(C31=R22,I31,0) -> 0 | S29: =+IF(C31=S22,I31,0) -> 0 | U29: 2005 | V29: 381500
A30: 6 | C30: ARCA ARQUITECTURA E INGENIERIA SA | I30: =IF(F30=0,0,IF(F30<$F$13,"FUERA DE TIEMPO",H30*D30/VLOOKUP(YEAR(F30),$U$3:$V$51,2,0))) -> 0 | J30: =IF(SEARCH("ptar",E30,1)<>0,"CUMPLE ESTRUCTURACIÓN DE PROYECTOS PARA PLANTAS DE TRATAMIENTO DE AGUA RESIDUAL PTAR","-") -> #VALUE! | L30: =+IF(I30>=$I$14,1,0) -> 1 | O30: =+IF(C32=O22,I32,0) -> 0 | P30: =+IF(C32=P22,I32,0) -> 0 | Q30: =+IF(C32=Q22,I32,0) -> 0 | R30: =+IF(C32=R22,I32,0) -> 0 | S30: =+IF(C32=S22,I32,0) -> 0 | U30: 2006 | V30: 408000
A31: 7 | C31: ORBE CONSULTORIA EN ARQUITECTURA E INGENIERIA SA | I31: =IF(F31=0,0,IF(F31<$F$13,"FUERA DE TIEMPO",H31*D31/VLOOKUP(YEAR(F31),$U$3:$V$51,2,0))) -> 0 | J31: =IF(SEARCH("ptar",E31,1)<>0,"CUMPLE ESTRUCTURACIÓN DE PROYECTOS PARA PLANTAS DE TRATAMIENTO DE AGUA RESIDUAL PTAR","-") -> #VALUE! | L31: =+IF(I31>=$I$14,1,0) -> 1 | O31: =+IF(C38=O22,I38,0) -> 0 | P31: =+IF(C38=P22,I38,0) -> 0 | Q31: =+IF(C38=Q22,I38,0) -> 0 | R31: =+IF(C38=R22,I38,0) -> 0 | S31: =+IF(C38=S22,I38,0) -> 0 | U31: 2007 | V31: 433700
C32: ARCA ARQUITECTURA E INGENIERIA SA | I32: =IF(F31=0,0,IF(F31<$F$13,"FUERA DE TIEMPO",H31*D32/VLOOKUP(YEAR(F31),$U$3:$V$51,2,0))) -> 0 | J32: =IF(SEARCH("ptar",E32,1)<>0,"CUMPLE ESTRUCTURACIÓN DE PROYECTOS PARA PLANTAS DE TRATAMIENTO DE AGUA RESIDUAL PTAR","-") -> #VALUE! | L32: =+IF(I32>=$I$14,1,0) -> 1 | O32: =SUM(O23:O31) -> 0 | P32: =SUM(P23:P31) -> 0 | Q32: =SUM(Q23:Q31) -> 0 | R32: =SUM(R23:R31) -> 0 | S32: =SUM(S23:S31) -> 0 | U32: 2008 | V32: 461500
A33: 8 | C33: ORBE CONSULTORIA EN ARQUITECTURA E INGENIERIA SA | I33: =IF(F33=0,0,IF(F33<$F$13,"FUERA DE TIEMPO",H33*D33/VLOOKUP(YEAR(F33),$U$3:$V$51,2,0))) -> 0
C34: ARCA ARQUITECTURA E INGENIERIA SA | I34: =IF(F33=0,0,IF(F33<$F$13,"FUERA DE TIEMPO",H33*D34/VLOOKUP(YEAR(F33),$U$3:$V$51,2,0))) -> 0
A35: 9 | C35: ARCA ARQUITECTURA E INGENIERIA SA | I35: =IF(F35=0,0,IF(F35<$F$13,"FUERA DE TIEMPO",H35*D35/VLOOKUP(YEAR(F35),$U$3:$V$51,2,0))) -> 0
C36: ORBE CONSULTORIA EN ARQUITECTURA E INGENIERIA SA | I36: =IF(F35=0,0,IF(F35<$F$13,"FUERA DE TIEMPO",H35*D36/VLOOKUP(YEAR(F35),$U$3:$V$51,2,0))) -> 0
A37: 10 | C37: ARCA ARQUITECTURA E INGENIERIA SA | I37: =IF(F37=0,0,IF(F37<$F$13,"FUERA DE TIEMPO",H37*D37/VLOOKUP(YEAR(F37),$U$3:$V$51,2,0))) -> 0
I38: =IF(F38=0,0,IF(F38<$F$13,"FUERA DE TIEMPO",H38*D38/VLOOKUP(YEAR(F38),$U$3:$V$41,2,0))) -> 0 | J38: =IF(SEARCH("ptar",E38,1)<>0,"CUMPLE ESTRUCTURACIÓN DE PROYECTOS PARA PLANTAS DE TRATAMIENTO DE AGUA RESIDUAL PTAR","-") -> #VALUE! | L38: =+IF(I38>=$I$14,1,0) -> 1 | U38: 2009 | V38: 496900
H39: TOTAL | I39: =SUM(I24:I38) -> 0 | U39: 2010 | V39: 515000
I40: =+IF(OR(L39=0,I46>=1),"NO CUMPLE","CUMPLE") -> NO CUMPLE | K40: =IF(I40="NO CUMPLE","0",IF(I39>=$I$16,"CUMPLE SUMATORIA DE TODOS 2,0 DEL POE",IF(I39<$I$16,"NO CUMPLE SUMATORIA DE TODOS 2,0 DEL POE"))) -> 0 | U40: 2011 | V40: 535600
F41: =VLOOKUP(C19,Conformación!$A$5:$N$129,5,FALSE) -> CONSTRUNAL DE AGUAS SAS | G41: =VLOOKUP(C19,Conformación!$A$5:$N$129,6,FALSE) -> 1 | H41: =+O32 -> 0 | I41: =+IF(H41<MAX(H41:H45),"",IF(H41=MAX(H41:H45)*AND(SUM(H41:H45)>MAX(H41:H45))*AND((G41>=0.51)),"V.Bo.",IF(H41=MAX(H41:H45)*AND(H41=SUM(H41:H45))*AND(G41>=0.6),"V.Bo.","NO CUMPLE"))) -> V.Bo. | U41: 2012 | V41: 566700
F42: =VLOOKUP(C19,Conformación!$A$5:$N$129,7,FALSE) -> 0 | G42: =VLOOKUP(C19,Conformación!$A$5:$N$129,8,FALSE) -> 0 | H42: =+P32 -> 0 | I42: =+IF(H42<MAX(H41:H45),"",IF(H42=MAX(H41:H45)*AND(SUM(H41:H45)>MAX(H41:H45))*AND((G42>0.51)),"V.Bo.",IF(H42=MAX(H41:H45)*AND(H42=SUM(H41:H45))*AND(G42>=0.6),"V.Bo.","NO CUMPLE"))) -> V.Bo. | U42: 2013 | V42: 589500
F43: =VLOOKUP(C19,Conformación!$A$5:$N$129,9,FALSE) -> 0 | G43: =VLOOKUP(C19,Conformación!$A$5:$N$129,10,FALSE) -> 0 | H43: =+Q32 -> 0 | I43: =+IF(H43<MAX(H41:H45),"",IF(H43=MAX(H41:H45)*AND(SUM(H41:H45)>MAX(H41:H45))*AND((G43>0.51)),"V.Bo.",IF(H43=MAX(H41:H45)*AND(H43=SUM(H41:H45))*AND(G43>=0.6),"V.Bo.","NO CUMPLE"))) -> V.Bo. | U43: 2014 | V43: 616000
F44: =VLOOKUP(C19,Conformación!$A$5:$N$129,11,FALSE) -> 0 | G44: =VLOOKUP(C19,Conformación!$A$5:$N$129,12,FALSE) -> 0 | H44: =+R32 -> 0 | I44: =+IF(H44<MAX(H41:H45),"",IF(H44=MAX(H41:H45)*AND(SUM(H41:H45)>MAX(H41:H45))*AND((G44>0.51)),"V.Bo.",IF(H44=MAX(H41:H45)*AND(H44=SUM(H41:H45))*AND(G44>=0.6),"V.Bo.","NO CUMPLE"))) -> V.Bo. | U44: 2015 | V44: 644350
F45: =VLOOKUP(C19,Conformación!$A$5:$N$129,13,FALSE) -> 0 | G45: =VLOOKUP(C19,Conformación!$A$5:$N$129,14,FALSE) -> 0 | H45: =+S32 -> 0 | I45: =+IF(H45<MAX(H41:H45),"",IF(H45=MAX(H41:H45)*AND(SUM(H41:H45)>MAX(H41:H45))*AND((G45>0.51)),"V.Bo.",IF(H45=MAX(H41:H45)*AND(H45=SUM(H41:H45))*AND(G45>=0.6),"V.Bo.","NO CUMPLE"))) -> V.Bo. | U45: 2016 | V45: 689454
I46: =+COUNTIF(I41:I45,"NO CUMPLE") -> 0
B48: Oferente | C48: 2 | D48: =VLOOKUP(C48,Conformación!$A$5:$N$129,2,FALSE) -> 0
D49: =VLOOKUP(C48,Conformación!$A$5:$N$129,4,FALSE) -> ( 0% - 0% - 0%- 0%- 0%)
O50: INTEGRANTES
O51: =+F69 -> 0 | P51: =+F70 -> 0 | Q51: =+F71 -> 0 | R51: =+F72 -> 0 | S51: =+F73 -> 0
A52: No | B52: PROPIETARIO O ENTIDAD CONTRATANTE | C52: APORTADA POR | D52: % en Cto | E52: OBJETO | F52: Fecha de Terminación | G52: Folio | H52: VALOR | I52: =+I$13 -> SMMLV | J52: =+E13 -> 0 | K52: OBSERVACIONES | O52: =+IF(C53=O51,I53,0) -> 0 | P52: =+IF(C53=P51,I53,0) -> 0 | Q52: =+IF(C53=Q51,I53,0) -> 0 | R52: =+IF(C53=R51,I53,0) -> 0 | S52: =+IF(C53=S51,I53,0) -> 0
A53: 1 | I53: =IF(F53=0,0,IF(F53<$F$13,"FUERA DE TIEMPO",H53*D53/VLOOKUP(YEAR(F53),$U$3:$V$45,2,0))) -> 0 | L53: =+IF(I53>=$I$14,1,0) -> 1 | O53: =+IF(C54=O51,I54,0) -> 0 | P53: =+IF(C54=P51,I54,0) -> 0 | Q53: =+IF(C54=Q51,I54,0) -> 0 | R53: =+IF(C54=R51,I54,0) -> 0 | S53: =+IF(C54=S51,I54,0) -> 0 | V53: 272072747
A54: 2 | I54: =IF(F54=0,0,IF(F54<$F$13,"FUERA DE TIEMPO",H54*D54/VLOOKUP(YEAR(F54),$U$3:$V$45,2,0))) -> 0 | L54: =+IF(I54>=$I$14,1,0) -> 1 | O54: =+IF(C55=O51,I55,0) -> 0 | P54: =+IF(C55=P51,I55,0) -> 0 | Q54: =+IF(C55=Q51,I55,0) -> 0 | R54: =+IF(C55=R51,I55,0) -> 0 | S54: =+IF(C55=S51,I55,0) -> 0
A55: 3 | I55: =IF(F55=0,0,IF(F55<$F$13,"FUERA DE TIEMPO",H55*D55/VLOOKUP(YEAR(F55),$U$3:$V$45,2,0))) -> 0 | L55: =+IF(I55>=$I$14,1,0) -> 1 | O55: =+IF(C56=O51,I56,0) -> 0 | P55: =+IF(C56=P51,I56,0) -> 0 | Q55: =+IF(C56=Q51,I56,0) -> 0 | R55: =+IF(C56=R51,I56,0) -> 0 | S55: =+IF(C56=S51,I56,0) -> 0
A56: 4 | I56: =IF(F55=0,0,IF(F55<$F$13,"FUERA DE TIEMPO",H55*D56/VLOOKUP(YEAR(F55),$U$3:$V$45,2,0))) -> 0 | L56: =+IF(I56>=$I$14,1,0) -> 1 | O56: =+IF(C57=O51,I57,0) -> 0 | P56: =+IF(C57=P51,I57,0) -> 0 | Q56: =+IF(C57=Q51,I57,0) -> 0 | R56: =+IF(C57=R51,I57,0) -> 0 | S56: =+IF(C57=S51,I57,0) -> 0
A57: 5 | I57: =IF(F57=0,0,IF(F57<$F$13,"FUERA DE TIEMPO",H57*D57/VLOOKUP(YEAR(F57),$U$3:$V$45,2,0))) -> 0 | L57: =+IF(I57>=$I$14,1,0) -> 1 | O57: =+IF(C58=O51,I58,0) -> 0 | P57: =+IF(C58=P51,I58,0) -> 0 | Q57: =+IF(C58=Q51,I58,0) -> 0 | R57: =+IF(C58=R51,I58,0) -> 0 | S57: =+IF(C58=S51,I58,0) -> 0
A58: 5 | I58: =IF(F58=0,0,IF(F58<$F$13,"FUERA DE TIEMPO",H58*D58/VLOOKUP(YEAR(F58),$U$3:$V$46,2,0))) -> 0 | L58: =+IF(I58>=$I$14,1,0) -> 1 | O58: =+IF(C59=O51,I59,0) -> 0 | P58: =+IF(C59=P51,I59,0) -> 0 | Q58: =+IF(C59=Q51,I59,0) -> 0 | R58: =+IF(C59=R51,I59,0) -> 0 | S58: =+IF(C59=S51,I59,0) -> 0
A59: 6 | I59: =IF(F59=0,0,IF(F59<$F$13,"FUERA DE TIEMPO",H59*D59/VLOOKUP(YEAR(F59),$U$3:$V$41,2,0))) -> 0 | L59: =+IF(I59>=$I$14,1,0) -> 1 | O59: =+IF(C60=O51,I60,0) -> 0 | P59: =+IF(C60=P51,I60,0) -> 0 | Q59: =+IF(C60=Q51,I60,0) -> 0 | R59: =+IF(C60=R51,I60,0) -> 0 | S59: =+IF(C60=S51,I60,0) -> 0
I60: =IF(F59=0,0,IF(F59<$F$13,"FUERA DE TIEMPO",H59*D60/VLOOKUP(YEAR(F59),$U$3:$V$41,2,0))) -> 0 | L60: =+IF(I60>=$I$14,1,0) -> 1 | O60: =+IF(C66=O51,I66,0) -> 0 | P60: =+IF(C66=P51,I66,0) -> 0 | Q60: =+IF(C66=Q51,I66,0) -> 0 | R60: =+IF(C66=R51,I66,0) -> 0 | S60: =+IF(C66=S51,I66,0) -> 0
A61: 7 | I61: =IF(F61=0,0,IF(F61<$F$13,"FUERA DE TIEMPO",H61*D61/VLOOKUP(YEAR(F61),$U$3:$V$46,2,0))) -> 0
I62: =IF(F61=0,0,IF(F61<$F$13,"FUERA DE TIEMPO",H61*D62/VLOOKUP(YEAR(F61),$U$3:$V$46,2,0))) -> 0
A63: 8 | I63: =IF(F63=0,0,IF(F63<$F$13,"FUERA DE TIEMPO",H63*D63/VLOOKUP(YEAR(F63),$U$3:$V$41,2,0))) -> 0
A64: 9 | I64: =IF(F63=0,0,IF(F63<$F$13,"FUERA DE TIEMPO",H63*D64/VLOOKUP(YEAR(F63),$U$3:$V$41,2,0))) -> 0
A65: 10 | I65: =IF(F65=0,0,IF(F65<$F$13,"FUERA DE TIEMPO",H65*D65/VLOOKUP(YEAR(F65),$U$3:$V$48,2,0))) -> 0
I66: =IF(F65=0,0,IF(F65<$F$13,"FUERA DE TIEMPO",H65*D66/VLOOKUP(YEAR(F65),$U$3:$V$48,2,0))) -> 0 | L66: =+IF(I66>=$I$14,1,0) -> 1 | O66: =SUM(O52:O60) -> 0 | P66: =SUM(P52:P60) -> 0 | Q66: =SUM(Q52:Q60) -> 0 | R66: =SUM(R52:R60) -> 0 | S66: =SUM(S52:S60) -> 0
H67: TOTAL | I67: =SUM(I53:I66) -> 0
I68: =+IF(OR(L60=0,I74>=1),"NO CUMPLE","CUMPLE") -> CUMPLE | K68: =IF(I68="NO CUMPLE","0",IF(I67>=$I$16,"CUMPLE SUMATORIA DE TODOS 2,0 DEL POE",IF(I67<$I$16,"NO CUMPLE SUMATORIA DE TODOS 2,0 DEL POE"))) -> CUMPLE SUMATORIA DE TODOS 2,0 DEL POE
F69: =VLOOKUP(C48,Conformación!$A$5:$N$129,5,FALSE) -> 0 | G69: =VLOOKUP(C48,Conformación!$A$5:$N$129,6,FALSE) -> 0 | H69: =+O66 -> 0 | I69: =+IF(H69<MAX(H69:H73),"",IF(H69=MAX(H69:H73)*AND(SUM(H69:H73)>MAX(H69:H73))*AND((G69>0.5)),"V.Bo.",IF(H69=MAX(H69:H73)*AND(H69=SUM(H69:H73))*AND(G69>=0.6),"V.Bo.","NO CUMPLE"))) -> V.Bo.
F70: =VLOOKUP(C48,Conformación!$A$5:$N$129,7,FALSE) -> 0 | G70: =VLOOKUP(C48,Conformación!$A$5:$N$129,8,FALSE) -> 0 | H70: =+P66 -> 0 | I70: =+IF(H70<MAX(H69:H73),"",IF(H70=MAX(H69:H73)*AND(SUM(H69:H73)>MAX(H69:H73))*AND((G70>0.5)),"V.Bo.",IF(H70=MAX(H69:H73)*AND(H70=SUM(H69:H73))*AND(G70>=0.6),"V.Bo.","NO CUMPLE"))) -> V.Bo.
F71: =VLOOKUP(C48,Conformación!$A$5:$N$129,9,FALSE) -> 0 | G71: =VLOOKUP(C48,Conformación!$A$5:$N$129,10,FALSE) -> 0 | H71: =+Q66 -> 0 | I71: =+IF(H71<MAX(H69:H73),"",IF(H71=MAX(H69:H73)*AND(SUM(H69:H73)>MAX(H69:H73))*AND((G71>0.5)),"V.Bo.",IF(H71=MAX(H69:H73)*AND(H71=SUM(H69:H73))*AND(G71>=0.6),"V.Bo.","NO CUMPLE"))) -> V.Bo.
F72: =VLOOKUP(C48,Conformación!$A$5:$N$129,11,FALSE) -> 0 | G72: =VLOOKUP(C48,Conformación!$A$5:$N$129,12,FALSE) -> 0 | H72: =+R66 -> 0 | I72: =+IF(H72<MAX(H69:H73),"",IF(H72=MAX(H69:H73)*AND(SUM(H69:H73)>MAX(H69:H73))*AND((G72>0.5)),"V.Bo.",IF(H72=MAX(H69:H73)*AND(H72=SUM(H69:H73))*AND(G72>=0.6),"V.Bo.","NO CUMPLE"))) -> V.Bo.
F73: =VLOOKUP(C48,Conformación!$A$5:$N$129,13,FALSE) -> 0 | G73: =VLOOKUP(C48,Conformación!$A$5:$N$129,14,FALSE) -> 0 | H73: =+S66 -> 0 | I73: =+IF(H73<MAX(H69:H73),"",IF(H73=MAX(H69:H73)*AND(SUM(H69:H73)>MAX(H69:H73))*AND((G73>0.5)),"V.Bo.",IF(H73=MAX(H69:H73)*AND(H73=SUM(H69:H73))*AND(G73>=0.6),"V.Bo.","NO CUMPLE"))) -> V.Bo.
I74: =+COUNTIF(I69:I73,"NO CUMPLE") -> 0
B76: Oferente | C76: 3 | D76: =VLOOKUP(C76,Conformación!$A$5:$N$129,2,FALSE) -> 0
D77: =VLOOKUP(C76,Conformación!$A$5:$N$129,4,FALSE) -> ( 0% - 0% - 0%- 0%- 0%)
O78: INTEGRANTES
O79: =+F92 -> 0 | P79: =+F93 -> 0 | Q79: =+F94 -> 0 | R79: =+F95 -> 0 | S79: =+F96 -> 0
A80: No | B80: PROPIETARIO O ENTIDAD CONTRATANTE | C80: APORTADA POR | D80: % en Cto | E80: OBJETO | F80: Fecha de Terminación | G80: Folio | H80: VALOR | I80: =+I$13 -> SMMLV | J80: =+E13 -> 0 | K80: OBSERVACIONES | O80: =+IF(C81=O79,I81,0) -> 0 | P80: =+IF(C81=P79,I81,0) -> 0 | Q80: =+IF(C81=Q79,I81,0) -> 0 | R80: =+IF(C81=R79,I81,0) -> 0 | S80: =+IF(C81=S79,I81,0) -> 0
A81: 1 | C81: 0 | I81: =IF(F81=0,0,IF(F81<$F$13,"FUERA DE TIEMPO",H81*D81/VLOOKUP(YEAR(F81),$U$3:$V$45,2,0))) -> 0 | L81: =+IF(I81>=$I$14,1,0) -> 1 | O81: =+IF(C82=O79,I82,0) -> 0 | P81: =+IF(C82=P79,I82,0) -> 0 | Q81: =+IF(C82=Q79,I82,0) -> 0 | R81: =+IF(C82=R79,I82,0) -> 0 | S81: =+IF(C82=S79,I82,0) -> 0
A82: 2 | C82: 0 | I82: =IF(F82=0,0,IF(F82<$F$13,"FUERA DE TIEMPO",H82*D82/VLOOKUP(YEAR(F82),$U$3:$V$45,2,0))) -> 0 | L82: =+IF(I82>=$I$14,1,0) -> 1 | O82: =+IF(C83=O79,I83,0) -> 0 | P82: =+IF(C83=P79,I83,0) -> 0 | Q82: =+IF(C83=Q79,I83,0) -> 0 | R82: =+IF(C83=R79,I83,0) -> 0 | S82: =+IF(C83=S79,I83,0) -> 0
A83: 3 | C83: 0 | I83: =IF(F83=0,0,IF(F83<$F$13,"FUERA DE TIEMPO",H83*D83/VLOOKUP(YEAR(F83),$U$3:$V$44,2,0))) -> 0 | L83: =+IF(I83>=$I$14,1,0) -> 1 | O83: =+IF(C84=O79,I84,0) -> 0 | P83: =+IF(C84=P79,I84,0) -> 0 | Q83: =+IF(C84=Q79,I84,0) -> 0 | R83: =+IF(C84=R79,I84,0) -> 0 | S83: =+IF(C84=S79,I84,0) -> 0
A84: 4 | C84: 0 | I84: =IF(F84=0,0,IF(F84<$F$13,"FUERA DE TIEMPO",H84*D84/VLOOKUP(YEAR(F84),$U$3:$V$41,2,0))) -> 0 | L84: =+IF(I84>=$I$14,1,0) -> 1 | O84: =+IF(C85=O79,I85,0) -> 0 | P84: =+IF(C85=P79,I85,0) -> 0 | Q84: =+IF(C85=Q79,I85,0) -> 0 | R84: =+IF(C85=R79,I85,0) -> 0 | S84: =+IF(C85=S79,I85,0) -> 0
A85: 5 | C85: 0 | I85: =IF(F85=0,0,IF(F85<$F$13,"FUERA DE TIEMPO",H85*D85/VLOOKUP(YEAR(F85),$U$3:$V$41,2,0))) -> 0 | L85: =+IF(I85>=$I$14,1,0) -> 1 | O85: =+IF(C86=O79,I86,0) -> 0 | P85: =+IF(C86=P79,I86,0) -> 0 | Q85: =+IF(C86=Q79,I86,0) -> 0 | R85: =+IF(C86=R79,I86,0) -> 0 | S85: =+IF(C86=S79,I86,0) -> 0
A86: 6 | I86: =IF(F86=0,0,IF(F86<$F$13,"FUERA DE TIEMPO",H86*D86/VLOOKUP(YEAR(F86),$U$3:$V$41,2,0))) -> 0 | L86: =+IF(I86>=$I$14,1,0) -> 1 | O86: =+IF(C87=O79,I87,0) -> 0 | P86: =+IF(C87=P79,I87,0) -> 0 | Q86: =+IF(C87=Q79,I87,0) -> 0 | R86: =+IF(C87=R79,I87,0) -> 0 | S86: =+IF(C87=S79,I87,0) -> 0
A87: 7 | I87: =IF(F87=0,0,IF(F87<$F$13,"FUERA DE TIEMPO",H87*D87/VLOOKUP(YEAR(F87),$U$3:$V$41,2,0))) -> 0 | L87: =+IF(I87>=$I$14,1,0) -> 1 | O87: =+IF(C88=O79,I88,0) -> 0 | P87: =+IF(C88=P79,I88,0) -> 0 | Q87: =+IF(C88=Q79,I88,0) -> 0 | R87: =+IF(C88=R79,I88,0) -> 0 | S87: =+IF(C88=S79,I88,0) -> 0
A88: 8 | I88: =IF(F88=0,0,IF(F88<$F$13,"FUERA DE TIEMPO",H88*D88/VLOOKUP(YEAR(F88),$U$3:$V$41,2,0))) -> 0 | L88: =+IF(I88>=$I$14,1,0) -> 1 | O88: =+IF(C89=O79,I89,0) -> 0 | P88: =+IF(C89=P79,I89,0) -> 0 | Q88: =+IF(C89=Q79,I89,0) -> 0 | R88: =+IF(C89=R79,I89,0) -> 0 | S88: =+IF(C89=S79,I89,0) -> 0
A89: 9 | I89: =IF(F89=0,0,IF(F89<$F$13,"FUERA DE TIEMPO",H89*D89/VLOOKUP(YEAR(F89),$U$3:$V$41,2,0))) -> 0 | L89: =+IF(I89>=$I$14,1,0) -> 1 | O89: =SUM(O80:O88) -> 0 | P89: =SUM(P80:P88) -> 0 | Q89: =SUM(Q80:Q88) -> 0 | R89: =SUM(R80:R88) -> 0 | S89: =SUM(S80:S88) -> 0
I90: =SUM(I81:I89) -> 0
I91: =+IF(OR(L90=0,I97>=1),"NO CUMPLE","CUMPLE") -> NO CUMPLE | K91: =IF(I91="NO CUMPLE","0",IF(I90>=$I$16,"CUMPLE SUMATORIA DE TODOS 2,0 DEL POE",IF(I90<$I$16,"NO CUMPLE SUMATORIA DE TODOS 2,0 DEL POE"))) -> 0
F92: =VLOOKUP(C76,Conformación!$A$5:$N$129,5,FALSE) -> 0 | G92: =VLOOKUP(C76,Conformación!$A$5:$N$129,6,FALSE) -> 0 | H92: =+O89 -> 0 | I92: =+IF(H92<MAX(H92:H96),"",IF(H92=MAX(H92:H96)*AND(SUM(H92:H96)>MAX(H92:H96))*AND((G92>=0.51)),"V.Bo.",IF(H92=MAX(H92:H96)*AND(H92=SUM(H92:H96))*AND(G92>=0.6),"V.Bo.","NO CUMPLE"))) -> V.Bo.
F93: =VLOOKUP(C76,Conformación!$A$5:$N$129,7,FALSE) -> 0 | G93: =VLOOKUP(C76,Conformación!$A$5:$N$129,8,FALSE) -> 0 | H93: =+P89 -> 0 | I93: =+IF(H93<MAX(H92:H96),"",IF(H93=MAX(H92:H96)*AND(SUM(H92:H96)>MAX(H92:H96))*AND((G93>=0.51)),"V.Bo.",IF(H93=MAX(H92:H96)*AND(H93=SUM(H92:H96))*AND(G93>=0.6),"V.Bo.","NO CUMPLE"))) -> V.Bo.
F94: =VLOOKUP(C76,Conformación!$A$5:$N$129,9,FALSE) -> 0 | G94: =VLOOKUP(C76,Conformación!$A$5:$N$129,10,FALSE) -> 0 | H94: =+Q89 -> 0 | I94: =+IF(H94<MAX(H92:H96),"",IF(H94=MAX(H92:H96)*AND(SUM(H92:H96)>MAX(H92:H96))*AND((G94>0.5)),"V.Bo.",IF(H94=MAX(H92:H96)*AND(H94=SUM(H92:H96))*AND(G94>=0.6),"V.Bo.","NO CUMPLE"))) -> V.Bo.
F95: =VLOOKUP(C76,Conformación!$A$5:$N$129,11,FALSE) -> 0 | G95: =VLOOKUP(C76,Conformación!$A$5:$N$129,12,FALSE) -> 0 | H95: =+R89 -> 0 | I95: =+IF(H95<MAX(H92:H96),"",IF(H95=MAX(H92:H96)*AND(SUM(H92:H96)>MAX(H92:H96))*AND((G95>0.5)),"V.Bo.",IF(H95=MAX(H92:H96)*AND(H95=SUM(H92:H96))*AND(G95>=0.6),"V.Bo.","NO CUMPLE"))) -> V.Bo.
F96: =VLOOKUP(C76,Conformación!$A$5:$N$129,13,FALSE) -> 0 | G96: =VLOOKUP(C76,Conformación!$A$5:$N$129,14,FALSE) -> 0 | H96: =+S89 -> 0 | I96: =+IF(H96<MAX(H92:H96),"",IF(H96=MAX(H92:H96)*AND(SUM(H92:H96)>MAX(H92:H96))*AND((G96>0.5)),"V.Bo.",IF(H96=MAX(H92:H96)*AND(H96=SUM(H92:H96))*AND(G96>=0.6),"V.Bo.","NO CUMPLE"))) -> V.Bo.
I97: =+COUNTIF(I92:I96,"NO CUMPLE") -> 0
B99: Oferente | C99: 4 | D99: =VLOOKUP(C99,Conformación!$A$5:$N$129,2,FALSE) -> 0 | I99: =IF(LEN(F104)>0,H104*D104/LOOKUP(YEAR(F104),$U$3:$V$38),"")
D100: =VLOOKUP(C99,Conformación!$A$5:$N$129,4,FALSE) -> ( 0% - 0% - 0%- 0%- 0%)
O101: INTEGRANTES
O102: =+F116 -> 0 | P102: =+F117 -> 0 | Q102: =+F118 -> 0 | R102: =+F119 -> 0 | S102: =+F120 -> 0
A103: No | B103: PROPIETARIO O ENTIDAD CONTRATANTE | C103: APORTADA POR | D103: % en Cto | E103: OBJETO | F103: Fecha de Terminación | G103: Folio | H103: VALOR | I103: =+I$13 -> SMMLV | J103: =+E13 -> 0 | K103: OBSERVACIONES | O103: =+IF(C104=O102,I104,0) -> 0 | P103: =+IF(C104=P102,I104,0) -> 0 | Q103: =+IF(C104=Q102,I104,0) -> 0 | R103: =+IF(C104=R102,I104,0) -> 0 | S103: =+IF(C104=S102,I104,0) -> 0
A104: 1 | I104: =IF(F104=0,0,IF(F104<$F$13,"FUERA DE TIEMPO",H104*D104/VLOOKUP(YEAR(F104),$U$3:$V$41,2,0))) -> 0 | L104: =+IF(I104>=$I$14,1,0) -> 1 | O104: =+IF(C105=O102,I105,0) -> 0 | P104: =+IF(C105=P102,I105,0) -> 0 | Q104: =+IF(C105=Q102,I105,0) -> 0 | R104: =+IF(C105=R102,I105,0) -> 0 | S104: =+IF(C105=S102,I105,0) -> 0
A105: 2 | I105: =IF(F105=0,0,IF(F105<$F$13,"FUERA DE TIEMPO",H105*D105/VLOOKUP(YEAR(F105),$U$3:$V$41,2,0))) -> 0 | L105: =+IF(I105>=$I$14,1,0) -> 1 | O105: =+IF(C106=O102,I106,0) -> 0 | P105: =+IF(C106=P102,I106,0) -> 0 | Q105: =+IF(C106=Q102,I106,0) -> 0 | R105: =+IF(C106=R102,I106,0) -> 0 | S105: =+IF(C106=S102,I106,0) -> 0
...

Sheet Personal adicional
A1: =+Conformación!A1 -> UNIDAD DE SERVICIOS PENITENCIARIOS Y CARCELARIOS - USPEC OBJETO: “REHABILITACIÓN ESTRUCTURAL DE LA BOCATOMA UBICADA EN LOS LÍMITES DE LA JURISDICCIÓN DE LOS MUNICIPIOS DE CÓMBITA, TUTA Y SOTAQUIRÁ” INVITACION PUBLICA N° USPEC- IP-MC-60-2019 | Q1: 1957 | R1: 155.4
Q2: 1958 | R2: 155.4
Q3: 1959 | R3: 155.4
A4: PERSONAL PRINCIPAL REQUERIDO - REQUISITOS HABILITANTES | Q4: 1960 | R4: 198
Q5: 1961
A6: CARGO A DESEMPEÑAR | B6: FORMACIÓN ACADÉMICA | C6: TIEMPO MÍNIMO REQUERIDO DE HABER TERMINADO Y APROBADO ESTUDIOS (EN AÑOS) | E6: NUMERO DE PROYECTOS A ACREDITAR | F6: EXPERIENCIA ESPECÍFICA | I6: REQUERIMIENTO PARTICULAR | K6: REQUISITO MINIMO EN SMMLV | Q6: 1962 | R6: 300
A7: Director de Interventoría | B7: Ingeniero Civil o Vías y Transporte, con Posgrado en: Alguna rama de la ingeniería | C7: 12 | D7: 38477 | E7: 6 | F7: Director o Coordinador de Interventoría en Proyectos de interventoría de: construcción o rehabilitación o pavimentación o ampliación o mejoramiento de infraestructura vial Urbana. | I7: La sumatoria de mínimo dos (2) de los proyectos acreditados debe ser igual o superior a una (1) vez el valor del POE, expresado en SMMLV. | K7: 1296 | Q7: 1963 | R7: 420
A8: Especialista en Geotecnia y Vías | B8: Ingeniero Civil, Especialista en Vías | C8: 6 | D8: 38477 | E8: 3 | F8: Especialista en Geotecnia en proyectos de interventoría de: construcción y/o mantenimiento de vías. | I8: La sumatoria de mínimo dos (2) de los proyectos acreditados debe ser igual o superior a una (1) vez el valor del POE, Página 53 de 81 expresado en SMMLV. | K8: 663.93
Q12: 1965 | R12: 420
Q13: 1966 | R13: 420
Q14: 1975 | R14: 1200
Q15: 1976 | R15: 1560
A16: =+[14]RUP!A11 -> OFERENTE | B16: 1 | C16: =VLOOKUP(B16,Conformación!$A$5:$N$129,2,FALSE) -> CONSTRUNAL DE AGUAS SAS | Q16: 1977 | R16: 1770
C17: =VLOOKUP(B16,Conformación!$A$5:$N$129,4,FALSE) -> (CONSTRUNAL DE AGUAS SAS 100% - 0% - 0%- 0%- 0%) | Q17: 1978 | R17: 2580
Q18: 1979 | R18: 3450
Q19: 1980 | R19: 4500
A20: CARGO | B20: NOMBRE | C20: TARJETA PROFESIONAL | D20: FECHA EXPEDICIÓN | F20: PROFESION | G20: POSTGRADO | H20: OBJETO | I20: FECHA TERMINACIÓN CONTRATO | J20: VALOR | K20: SMMLV | L20: REQUERIMIENTO PARTICULAR QUE ACREDITA | M20: =+L6 -> 0 | N20: OBSERVACIONES | Q20: 1981 | R20: 5700
A21: =A7 -> Director de Interventoría | B21: BEATRIZ ELENA BLANCO AREVALO | C21: 54202-81728 NTS | D21: 36734 | E21: =IF(D21=0,0,IF(D21<D$7,"CUMPLE EL TIEMPO MÍNIMO REQUERIDO DE HABER TERMINADO Y APROBADO ESTUDIOS","NO CUMPLE EL TIEMPO MÍNIMO REQUERIDO DE HABER TERMINADO Y APROBADO ESTUDIOS")) -> CUMPLE EL TIEMPO MÍNIMO REQUERIDO DE HABER TERMINADO Y APROBADO ESTUDIOS | F21: INGENIERO CIVIL | G21: ESPECIALISTA EN INFRAESTRUCTURA VIAL Y DE TRANSPORTE | H21: INTERVENTORIA TECNICA ADMINISTRATIVA FINANCIERA Y LEGAL A LA CONSTRUCCION PARA LA FASE II DE LA SEGUNDA ETAPA DEL PROYECTO DE PAVIMENTACION EN EL CASCO URBANO DEL MUNICIPIO DE OROCUE DEPARTAMENTO DEL CASANARE | I21: 41736 | J21: 869657354 | K21: =IF(J21=0,0,IF(I21<D$21,"EXPERIENCIA ADQUIRIDA ANTES DEL GRADO",J21/VLOOKUP(YEAR(I21),$Q$19:$R$104,2,0))) -> 1411.7814 | N21: 40 PUNTOS | Q21: 1982 | R21: 7410
K22: =IF(J22=0,0,IF(I22<D$21,"EXPERIENCIA ADQUIRIDA ANTES DEL GRADO",J22/VLOOKUP(YEAR(I22),$Q$19:$R$104,2,0))) -> 0 | Q22: 1983 | R22: 9261
K23: =IF(J23=0,0,IF(I23<D$21,"EXPERIENCIA ADQUIRIDA ANTES DEL GRADO",J23/VLOOKUP(YEAR(I23),$Q$19:$R$104,2,0))) -> 0 | L23: =IF(K23>=K$7,"Mínimo uno de los contratos debe ser ≥ a una (1) vez el POE, a la fecha de su terminación, expresado en SMMLV.",0) -> 0 | Q23: 1984 | R23: 11298
K24: =IF(J24=0,0,IF(I24<D$21,"EXPERIENCIA ADQUIRIDA ANTES DEL GRADO",J24/VLOOKUP(YEAR(I24),$Q$19:$R$104,2,0))) -> 0
K25: =IF(J25=0,0,IF(I25<D$21,"EXPERIENCIA ADQUIRIDA ANTES DEL GRADO",J25/VLOOKUP(YEAR(I25),$Q$19:$R$104,2,0))) -> 0 | L25: =IF(K25>=K$7,"Mínimo uno de los contratos debe ser ≥ a una (1) vez el POE, a la fecha de su terminación, expresado en SMMLV.",0) -> 0 | Q25: 1980 | R25: 4500
K26: =IF(J26=0,0,IF(I26<D$21,"EXPERIENCIA ADQUIRIDA ANTES DEL GRADO",J26/VLOOKUP(YEAR(I26),$Q$19:$R$104,2,0))) -> 0
K27: =IF(J27=0,0,IF(I27<D$21,"EXPERIENCIA ADQUIRIDA ANTES DEL GRADO",J27/VLOOKUP(YEAR(I27),$Q$19:$R$104,2,0))) -> 0 | L27: =IF(K27>=K$7,"Mínimo uno de los contratos debe ser ≥ a una (1) vez el POE, a la fecha de su terminación, expresado en SMMLV.",0) -> 0 | Q27: 1981 | R27: 5700
K28: =SUM(K21:K27) -> 1411.7814 | M28: =SUM(M21:M27) -> 0 | Q28: 1987 | R28: 20510
A30: CARGO | B30: NOMBRE | C30: TARJETA PROFESIONAL | D30: FECHA EXPEDICIÓN | F30: PROFESION | G30: POSTGRADO | H30: OBJETO | I30: FECHA TERMINACIÓN CONTRATO | J30: VALOR | K30: SMMLV | L30: REQUERIMIENTO PARTICULAR QUE ACREDITA | M30: =+L16 -> 0 | N30: OBSERVACIONES
A31: =A8 -> Especialista en Geotecnia y Vías | B31: WILLIAM ANSELMO ACEVEDO VARGAS | C31: 25202-36252 CND | D31: 33073 | E31: =IF(D31=0,0,IF(D31<D$7,"CUMPLE EL TIEMPO MÍNIMO REQUERIDO DE HABER TERMINADO Y APROBADO ESTUDIOS","NO CUMPLE EL TIEMPO MÍNIMO REQUERIDO DE HABER TERMINADO Y APROBADO ESTUDIOS")) -> CUMPLE EL TIEMPO MÍNIMO REQUERIDO DE HABER TERMINADO Y APROBADO ESTUDIOS | F31: INGENIERO CIVIL | G31: ESPECIALISTA EN INFRAESTRUCTURA VIAL | H31: INTERVENTORIA TECNICA AMINISTRATIVA Y FINANCIERA Y DE CONTROL PRESUPUESTAL A LA CONSTRUCCION DE OBRAS DE PAVIMENTACION EN CONCRETO HIDRAULICO MUNICPIO DE MANI DEPARTAMENTO DE CASANARE | I31: 41901 | J31: 559047558 | K31: =IF(J31=0,0,IF(I31<D$21,"EXPERIENCIA ADQUIRIDA ANTES DEL GRADO",J31/VLOOKUP(YEAR(I31),$Q$19:$R$104,2,0))) -> 907.54474 | N31: 20 PUNTOS
L33: =IF(K33>=K$7,"Mínimo uno de los contratos debe ser ≥ a una (1) vez el POE, a la fecha de su terminación, expresado en SMMLV.",0) -> 0
K34: =IF(J34=0,0,IF(I34<D$21,"EXPERIENCIA ADQUIRIDA ANTES DEL GRADO",J34/VLOOKUP(YEAR(I34),$Q$19:$R$104,2,0))) -> 0
K35: =IF(J35=0,0,IF(I35<D$21,"EXPERIENCIA ADQUIRIDA ANTES DEL GRADO",J35/VLOOKUP(YEAR(I35),$Q$19:$R$104,2,0))) -> 0 | L35: =IF(K35>=K$7,"Mínimo uno de los contratos debe ser ≥ a una (1) vez el POE, a la fecha de su terminación, expresado en SMMLV.",0) -> 0
K36: =IF(J36=0,0,IF(I36<D$21,"EXPERIENCIA ADQUIRIDA ANTES DEL GRADO",J36/VLOOKUP(YEAR(I36),$Q$19:$R$104,2,0))) -> 0
K37: =IF(J37=0,0,IF(I37<D$21,"EXPERIENCIA ADQUIRIDA ANTES DEL GRADO",J37/VLOOKUP(YEAR(I37),$Q$19:$R$104,2,0))) -> 0 | L37: =IF(K37>=K$7,"Mínimo uno de los contratos debe ser ≥ a una (1) vez el POE, a la fecha de su terminación, expresado en SMMLV.",0) -> 0
K38: =SUM(K31:K37) -> 907.54474 | M38: =SUM(M31:M37) -> 0
K39: =SUM(K31:K33) -> 907.54474
A40: CARGO | B40: NOMBRE | C40: TARJETA PROFESIONAL | D40: FECHA EXPEDICIÓN | F40: PROFESION | G40: POSTGRADO | H40: OBJETO | I40: FECHA TERMINACIÓN CONTRATO | J40: VALOR | K40: SMMLV | L40: REQUERIMIENTO PARTICULAR QUE ACREDITA | M40: =+L26 -> 0 | N40: OBSERVACIONES
A41: =A9 -> 0 | E41: =IF(D41=0,0,IF(D41<D$7,"CUMPLE EL TIEMPO MÍNIMO REQUERIDO DE HABER TERMINADO Y APROBADO ESTUDIOS","NO CUMPLE EL TIEMPO MÍNIMO REQUERIDO DE HABER TERMINADO Y APROBADO ESTUDIOS")) -> 0 | K41: =IF(J41=0,0,IF(I41<D$21,"EXPERIENCIA ADQUIRIDA ANTES DEL GRADO",J41/VLOOKUP(YEAR(I41),$Q$19:$R$104,2,0))) -> 0
K42: =IF(J42=0,0,IF(I42<D$21,"EXPERIENCIA ADQUIRIDA ANTES DEL GRADO",J42/VLOOKUP(YEAR(I42),$Q$19:$R$104,2,0))) -> 0
K43: =IF(J43=0,0,IF(I43<D$21,"EXPERIENCIA ADQUIRIDA ANTES DEL GRADO",J43/VLOOKUP(YEAR(I43),$Q$19:$R$104,2,0))) -> 0 | L43: =IF(K43>=K$7,"Mínimo uno de los contratos debe ser ≥ a una (1) vez el POE, a la fecha de su terminación, expresado en SMMLV.",0) -> 0
K44: =IF(J44=0,0,IF(I44<D$21,"EXPERIENCIA ADQUIRIDA ANTES DEL GRADO",J44/VLOOKUP(YEAR(I44),$Q$19:$R$104,2,0))) -> 0
K45: =IF(J45=0,0,IF(I45<D$21,"EXPERIENCIA ADQUIRIDA ANTES DEL GRADO",J45/VLOOKUP(YEAR(I45),$Q$19:$R$104,2,0))) -> 0 | L45: =IF(K45>=K$7,"Mínimo uno de los contratos debe ser ≥ a una (1) vez el POE, a la fecha de su terminación, expresado en SMMLV.",0) -> 0
K46: =IF(J46=0,0,IF(I46<D$21,"EXPERIENCIA ADQUIRIDA ANTES DEL GRADO",J46/VLOOKUP(YEAR(I46),$Q$19:$R$104,2,0))) -> 0
K47: =IF(J47=0,0,IF(I47<D$21,"EXPERIENCIA ADQUIRIDA ANTES DEL GRADO",J47/VLOOKUP(YEAR(I47),$Q$19:$R$104,2,0))) -> 0 | L47: =IF(K47>=K$7,"Mínimo uno de los contratos debe ser ≥ a una (1) vez el POE, a la fecha de su terminación, expresado en SMMLV.",0) -> 0
K48: =SUM(K41:K47) -> 0 | M48: =SUM(M41:M47) -> 0
A50: CARGO | B50: NOMBRE | C50: TARJETA PROFESIONAL | D50: FECHA EXPEDICIÓN | F50: PROFESION | G50: POSTGRADO | H50: OBJETO | I50: FECHA TERMINACIÓN CONTRATO | J50: VALOR | K50: SMMLV | L50: REQUERIMIENTO PARTICULAR QUE ACREDITA | M50: =+L36 -> 0 | N50: OBSERVACIONES
A51: =A10 -> 0 | B51: JUAN MANUEL MARTINEZ PAZ | E51: =IF(D51=0,0,IF(D51<D$7,"CUMPLE EL TIEMPO MÍNIMO REQUERIDO DE HABER TERMINADO Y APROBADO ESTUDIOS","NO CUMPLE EL TIEMPO MÍNIMO REQUERIDO DE HABER TERMINADO Y APROBADO ESTUDIOS")) -> 0 | F51: INGENIERO CIVIL | G51: ESPECIALISTA EN FINANZAS | H51: CONSULTORIA ESPECIALIZADA PARA LA REALIZACION DE LA ESTRUCTURACION FINANCIERA, DE RIESGOS Y PROMOCION DE PROYECTOS DE CONCESIONES VIALES QUE CONFORMAN AUTOPISTAS PARA LA PROSPERIDAD | I51: 41793 | J51: CUMPLE | K51: =IF(J51=0,0,IF(I51<D$21,"EXPERIENCIA ADQUIRIDA ANTES DEL GRADO",J51/VLOOKUP(YEAR(I51),$Q$19:$R$104,2,0))) -> #VALUE!
H52: CONSULTORIA ESPECIALIZADA PARA LA REALIZACION DE LA ESTRUCTURACION FINANCIERA Y LEGAL DEL PROYECTODE RECUPERACION DE LA NAVEGABILIDAD EN EL RIO MAGDALENA | I52: 41866 | K52: =IF(J52=0,0,IF(I52<D$21,"EXPERIENCIA ADQUIRIDA ANTES DEL GRADO",J52/VLOOKUP(YEAR(I52),$Q$19:$R$104,2,0))) -> 0
K53: =IF(J53=0,0,IF(I53<D$21,"EXPERIENCIA ADQUIRIDA ANTES DEL GRADO",J53/VLOOKUP(YEAR(I53),$Q$19:$R$104,2,0))) -> 0 | L53: =IF(K53>=K$7,"Mínimo uno de los contratos debe ser ≥ a una (1) vez el POE, a la fecha de su terminación, expresado en SMMLV.",0) -> 0 | N53: TARJETA PROFESIONAL ANTECEDENTES
K54: =IF(J54=0,0,IF(I54<D$21,"EXPERIENCIA ADQUIRIDA ANTES DEL GRADO",J54/VLOOKUP(YEAR(I54),$Q$19:$R$104,2,0))) -> 0
K55: =IF(J55=0,0,IF(I55<D$21,"EXPERIENCIA ADQUIRIDA ANTES DEL GRADO",J55/VLOOKUP(YEAR(I55),$Q$19:$R$104,2,0))) -> 0 | L55: =IF(K55>=K$7,"Mínimo uno de los contratos debe ser ≥ a una (1) vez el POE, a la fecha de su terminación, expresado en SMMLV.",0) -> 0
K56: =IF(J56=0,0,IF(I56<D$21,"EXPERIENCIA ADQUIRIDA ANTES DEL GRADO",J56/VLOOKUP(YEAR(I56),$Q$19:$R$104,2,0))) -> 0
K57: =IF(J57=0,0,IF(I57<D$21,"EXPERIENCIA ADQUIRIDA ANTES DEL GRADO",J57/VLOOKUP(YEAR(I57),$Q$19:$R$104,2,0))) -> 0 | L57: =IF(K57>=K$7,"Mínimo uno de los contratos debe ser ≥ a una (1) vez el POE, a la fecha de su terminación, expresado en SMMLV.",0) -> 0
K58: =SUM(K51:K57) -> #VALUE! | M58: =SUM(M51:M57) -> 0
A60: CARGO | B60: NOMBRE | C60: TARJETA PROFESIONAL | D60: FECHA EXPEDICIÓN | F60: PROFESION | G60: POSTGRADO | H60: OBJETO | I60: FECHA TERMINACIÓN CONTRATO | J60: VALOR | K60: SMMLV | L60: REQUERIMIENTO PARTICULAR QUE ACREDITA | M60: =+L46 -> 0 | N60: OBSERVACIONES
A61: =A11 -> 0 | B61: SANTIAGO PEREZ VIDAL | C61: 35529 | D61: 34079 | E61: =IF(D61=0,0,IF(D61<D$7,"CUMPLE EL TIEMPO MÍNIMO REQUERIDO DE HABER TERMINADO Y APROBADO ESTUDIOS","NO CUMPLE EL TIEMPO MÍNIMO REQUERIDO DE HABER TERMINADO Y APROBADO ESTUDIOS")) -> CUMPLE EL TIEMPO MÍNIMO REQUERIDO DE HABER TERMINADO Y APROBADO ESTUDIOS | F61: ARQUITECTO | G61: NA | H61: RESIDENCIAL PUERTO LUZ 1A Y 2A FASE SITA EN AVDA RIO SAN PEDRO 14 EN EL PUERTO DE SANTA MARIA cadiz | I61: 37127 | K61: =IF(J61=0,0,IF(I61<D$21,"EXPERIENCIA ADQUIRIDA ANTES DEL GRADO",J61/VLOOKUP(YEAR(I61),$Q$19:$R$104,2,0))) -> 0
H62: CLUB MUNICIPAL DE HIELO DE BENALMADENA | K62: =IF(J62=0,0,IF(I62<D$21,"EXPERIENCIA ADQUIRIDA ANTES DEL GRADO",J62/VLOOKUP(YEAR(I62),$Q$19:$R$104,2,0))) -> 0 | N62: certificacion DONDE SE ACREIDTE LA EXPERIENCIA
K63: =IF(J63=0,0,IF(I63<D$21,"EXPERIENCIA ADQUIRIDA ANTES DEL GRADO",J63/VLOOKUP(YEAR(I63),$Q$19:$R$104,2,0))) -> 0 | L63: =IF(K63>=K$7,"Mínimo uno de los contratos debe ser ≥ a una (1) vez el POE, a la fecha de su terminación, expresado en SMMLV.",0) -> 0 | N63: CONVALIDACION TITULO
K64: =IF(J64=0,0,IF(I64<D$21,"EXPERIENCIA ADQUIRIDA ANTES DEL GRADO",J64/VLOOKUP(YEAR(I64),$Q$19:$R$104,2,0))) -> 0
K65: =IF(J65=0,0,IF(I65<D$21,"EXPERIENCIA ADQUIRIDA ANTES DEL GRADO",J65/VLOOKUP(YEAR(I65),$Q$19:$R$104,2,0))) -> 0 | L65: =IF(K65>=K$7,"Mínimo uno de los contratos debe ser ≥ a una (1) vez el POE, a la fecha de su terminación, expresado en SMMLV.",0) -> 0
K66: =IF(J66=0,0,IF(I66<D$21,"EXPERIENCIA ADQUIRIDA ANTES DEL GRADO",J66/VLOOKUP(YEAR(I66),$Q$19:$R$104,2,0))) -> 0
K67: =IF(J67=0,0,IF(I67<D$21,"EXPERIENCIA ADQUIRIDA ANTES DEL GRADO",J67/VLOOKUP(YEAR(I67),$Q$19:$R$104,2,0))) -> 0 | L67: =IF(K67>=K$7,"Mínimo uno de los contratos debe ser ≥ a una (1) vez el POE, a la fecha de su terminación, expresado en SMMLV.",0) -> 0
K68: =SUM(K61:K67) -> 0 | M68: =SUM(M61:M67) -> 0
Q69: 1993 | R69: 81510
A70: CARGO | B70: NOMBRE | C70: TARJETA PROFESIONAL | D70: FECHA EXPEDICIÓN | F70: PROFESION | G70: POSTGRADO | H70: OBJETO | I70: FECHA TERMINACIÓN CONTRATO | J70: VALOR | K70: SMMLV | L70: REQUERIMIENTO PARTICULAR QUE ACREDITA | M70: =+L18 -> 0 | N70: OBSERVACIONES
A71: =A12 -> 0 | B71: MIGUEL TROYANO MORENO | D71: 34537 | E71: =IF(D71=0,0,IF(D71<D$7,"CUMPLE EL TIEMPO MÍNIMO REQUERIDO DE HABER TERMINADO Y APROBADO ESTUDIOS","NO CUMPLE EL TIEMPO MÍNIMO REQUERIDO DE HABER TERMINADO Y APROBADO ESTUDIOS")) -> CUMPLE EL TIEMPO MÍNIMO REQUERIDO DE HABER TERMINADO Y APROBADO ESTUDIOS | F71: INGENIERO INDUSTRIAL | G71: NA | H71: RESIDENCIAL PUERTO LUZ 1A Y 2A FASE SITA EN AVDA RIO SAN PEDRO 14 EN EL PUERTO DE SANTA MARIAA | I71: 37127 | K71: =IF(J71=0,0,IF(I71<D$21,"EXPERIENCIA ADQUIRIDA ANTES DEL GRADO",J71/VLOOKUP(YEAR(I71),$Q$19:$R$104,2,0))) -> 0
H72: APARCAMIENTO SUBTERRANEO U URBANIZACION DE PLAZA DE ANDALUCIA DE TORREMOLINOS MALAGA | I72: 37877 | K72: =IF(J72=0,0,IF(I72<D$21,"EXPERIENCIA ADQUIRIDA ANTES DEL GRADO",J72/VLOOKUP(YEAR(I72),$Q$19:$R$104,2,0))) -> 0
N73: CONVALIDACION TITULO
K74: =IF(J74=0,0,IF(I74<D$21,"EXPERIENCIA ADQUIRIDA ANTES DEL GRADO",J74/VLOOKUP(YEAR(I74),$Q$19:$R$104,2,0))) -> 0 | L74: =IF(K74>=K$7,"Mínimo uno de los contratos debe ser ≥ a una (1) vez el POE, a la fecha de su terminación, expresado en SMMLV.",0) -> 0
K75: =IF(J75=0,0,IF(I75<D$21,"EXPERIENCIA ADQUIRIDA ANTES DEL GRADO",J75/VLOOKUP(YEAR(I75),$Q$19:$R$104,2,0))) -> 0 | L75: =IF(K75>=K$7,"Mínimo uno de los contratos debe ser ≥ a una (1) vez el POE, a la fecha de su terminación, expresado en SMMLV.",0) -> 0
K76: =IF(J76=0,0,IF(I76<D$21,"EXPERIENCIA ADQUIRIDA ANTES DEL GRADO",J76/VLOOKUP(YEAR(I76),$Q$19:$R$104,2,0))) -> 0 | L76: =IF(K76>=K$7,"Mínimo uno de los contratos debe ser ≥ a una (1) vez el POE, a la fecha de su terminación, expresado en SMMLV.",0) -> 0
H77: TOTAL | K77: =SUM(K71:K76) -> 0 | M77: =SUM(M71:M76) -> 0
A79: =+[14]RUP!A74 -> #REF! | B79: 2 | C79: =VLOOKUP(B79,Conformación!$A$5:$N$129,2,FALSE) -> 0 | Q79: 1994 | R79: 98700
C80: =VLOOKUP(B79,Conformación!$A$5:$N$129,4,FALSE) -> ( 0% - 0% - 0%- 0%- 0%) | Q80: 1995 | R80: 118933.5
Q81: 1996 | R81: 142125
Q82: 1997 | R82: 172005
A83: CARGO | B83: NOMBRE | C83: TARJETA PROFESIONAL | D83: FECHA EXPEDICIÓN | F83: PROFESION | G83: POSTGRADO | H83: OBJETO | I83: FECHA TERMINACIÓN CONTRATO | J83: VALOR | K83: SMMLV | L83: REQUERIMIENTO PARTICULAR QUE ACREDITA | M83: =+L69 -> 0 | N83: OBSERVACIONES | Q83: 1998 | R83: 203826
A84: =A7 -> Director de Interventoría | E84: =IF(D84=0,0,IF(D84<D$7,"CUMPLE EL TIEMPO MÍNIMO REQUERIDO DE HABER TERMINADO Y APROBADO ESTUDIOS","NO CUMPLE EL TIEMPO MÍNIMO REQUERIDO DE HABER TERMINADO Y APROBADO ESTUDIOS")) -> 0 | K84: =IF(J84=0,0,IF(I84<D$21,"EXPERIENCIA ADQUIRIDA ANTES DEL GRADO",J84/VLOOKUP(YEAR(I84),$Q$19:$R$104,2,0))) -> 0 | Q84: 1999 | R84: 236460
K85: =IF(J85=0,0,IF(I85<D$21,"EXPERIENCIA ADQUIRIDA ANTES DEL GRADO",J85/VLOOKUP(YEAR(I85),$Q$19:$R$104,2,0))) -> 0
K86: =IF(J86=0,0,IF(I86<D$21,"EXPERIENCIA ADQUIRIDA ANTES DEL GRADO",J86/VLOOKUP(YEAR(I86),$Q$19:$R$104,2,0))) -> 0 | L86: =IF(K86>=K$7,"Mínimo uno de los contratos debe ser ≥ a una (1) vez el POE, a la fecha de su terminación, expresado en SMMLV.",0) -> 0 | Q86: 2000 | R86: 260100
K87: =IF(J87=0,0,IF(I87<D$21,"EXPERIENCIA ADQUIRIDA ANTES DEL GRADO",J87/VLOOKUP(YEAR(I87),$Q$19:$R$104,2,0))) -> 0 | Q87: 2001 | R87: 286000
K88: =IF(J88=0,0,IF(I88<D$21,"EXPERIENCIA ADQUIRIDA ANTES DEL GRADO",J88/VLOOKUP(YEAR(I88),$Q$19:$R$104,2,0))) -> 0 | L88: =IF(K88>=K$7,"Mínimo uno de los contratos debe ser ≥ a una (1) vez el POE, a la fecha de su terminación, expresado en SMMLV.",0) -> 0
K89: =IF(J89=0,0,IF(I89<D$21,"EXPERIENCIA ADQUIRIDA ANTES DEL GRADO",J89/VLOOKUP(YEAR(I89),$Q$19:$R$104,2,0))) -> 0 | Q89: 2002 | R89: 309000
K90: =IF(J90=0,0,IF(I90<D$21,"EXPERIENCIA ADQUIRIDA ANTES DEL GRADO",J90/VLOOKUP(YEAR(I90),$Q$19:$R$104,2,0))) -> 0 | L90: =IF(K90>=K$7,"Mínimo uno de los contratos debe ser ≥ a una (1) vez el POE, a la fecha de su terminación, expresado en SMMLV.",0) -> 0 | Q90: 2003 | R90: 332000
K91: =SUM(K84:K90) -> 0 | M91: =SUM(M84:M90) -> 0 | Q91: 2004 | R91: 358000
Q92: 2005 | R92: 381500
A93: CARGO | B93: NOMBRE | C93: TARJETA PROFESIONAL | D93: FECHA EXPEDICIÓN | F93: PROFESION | G93: POSTGRADO | H93: OBJETO | I93: FECHA TERMINACIÓN CONTRATO | J93: VALOR | K93: SMMLV | L93: REQUERIMIENTO PARTICULAR QUE ACREDITA | M93: =+L79 -> 0 | N93: OBSERVACIONES | Q93: 2006 | R93: 408000
A94: =A8 -> Especialista en Geotecnia y Vías | E94: =IF(D94=0,0,IF(D94<D$7,"CUMPLE EL TIEMPO MÍNIMO REQUERIDO DE HABER TERMINADO Y APROBADO ESTUDIOS","NO CUMPLE EL TIEMPO MÍNIMO REQUERIDO DE HABER TERMINADO Y APROBADO ESTUDIOS")) -> 0 | K94: =IF(J94=0,0,IF(I94<D$21,"EXPERIENCIA ADQUIRIDA ANTES DEL GRADO",J94/VLOOKUP(YEAR(I94),$Q$19:$R$104,2,0))) -> 0 | Q94: 2007 | R94: 433700
K95: =IF(J95=0,0,IF(I95<D$21,"EXPERIENCIA ADQUIRIDA ANTES DEL GRADO",J95/VLOOKUP(YEAR(I95),$Q$19:$R$104,2,0))) -> 0 | Q95: 2008 | R95: 461500
K96: =IF(J96=0,0,IF(I96<D$21,"EXPERIENCIA ADQUIRIDA ANTES DEL GRADO",J96/VLOOKUP(YEAR(I96),$Q$19:$R$104,2,0))) -> 0 | L96: =IF(K96>=K$7,"Mínimo uno de los contratos debe ser ≥ a una (1) vez el POE, a la fecha de su terminación, expresado en SMMLV.",0) -> 0
K97: =IF(J97=0,0,IF(I97<D$21,"EXPERIENCIA ADQUIRIDA ANTES DEL GRADO",J97/VLOOKUP(YEAR(I97),$Q$19:$R$104,2,0))) -> 0 | Q97: 2009 | R97: 496900
K98: =IF(J98=0,0,IF(I98<D$21,"EXPERIENCIA ADQUIRIDA ANTES DEL GRADO",J98/VLOOKUP(YEAR(I98),$Q$19:$R$104,2,0))) -> 0 | L98: =IF(K98>=K$7,"Mínimo uno de los contratos debe ser ≥ a una (1) vez el POE, a la fecha de su terminación, expresado en SMMLV.",0) -> 0 | Q98: 2010 | R98: 515000
K99: =IF(J99=0,0,IF(I99<D$21,"EXPERIENCIA ADQUIRIDA ANTES DEL GRADO",J99/VLOOKUP(YEAR(I99),$Q$19:$R$104,2,0))) -> 0 | Q99: 2011 | R99: 535600
K100: =IF(J100=0,0,IF(I100<D$21,"EXPERIENCIA ADQUIRIDA ANTES DEL GRADO",J100/VLOOKUP(YEAR(I100),$Q$19:$R$104,2,0))) -> 0 | L100: =IF(K100>=K$7,"Mínimo uno de los contratos debe ser ≥ a una (1) vez el POE, a la fecha de su terminación, expresado en SMMLV.",0) -> 0 | Q100: 2012 | R100: 566700
K101: =SUM(K94:K100) -> 0 | M101: =SUM(M94:M100) -> 0 | Q101: 2013 | R101: 589500
Q102: 2014 | R102: 616000
A103: CARGO | B103: NOMBRE | C103: TARJETA PROFESIONAL | D103: FECHA EXPEDICIÓN | F103: PROFESION | G103: POSTGRADO | H103: OBJETO | I103: FECHA TERMINACIÓN CONTRATO | J103: VALOR | K103: SMMLV | L103: REQUERIMIENTO PARTICULAR QUE ACREDITA | M103: =+L89 -> 0 | N103: OBSERVACIONES | Q103: 2015 | R103: 644350
A104: =A72 -> 0 | E104: =IF(D104=0,0,IF(D104<D$7,"CUMPLE EL TIEMPO MÍNIMO REQUERIDO DE HABER TERMINADO Y APROBADO ESTUDIOS","NO CUMPLE EL TIEMPO MÍNIMO REQUERIDO DE HABER TERMINADO Y APROBADO ESTUDIOS")) -> 0 | K104: =IF(J104=0,0,IF(I104<D$21,"EXPERIENCIA ADQUIRIDA ANTES DEL GRADO",J104/VLOOKUP(YEAR(I104),$Q$19:$R$104,2,0))) -> 0 | Q104: 2016 | R104: 689454
K105: =IF(J105=0,0,IF(I105<D$21,"EXPERIENCIA ADQUIRIDA ANTES DEL GRADO",J105/VLOOKUP(YEAR(I105),$Q$19:$R$104,2,0))) -> 0 | Q105: 2016 | R105: 689454
K106: =IF(J106=0,0,IF(I106<D$21,"EXPERIENCIA ADQUIRIDA ANTES DEL GRADO",J106/VLOOKUP(YEAR(I106),$Q$19:$R$104,2,0))) -> 0 | L106: =IF(K106>=K$7,"Mínimo uno de los contratos debe ser ≥ a una (1) vez el POE, a la fecha de su terminación, expresado en SMMLV.",0) -> 0
K107: =IF(J107=0,0,IF(I107<D$21,"EXPERIENCIA ADQUIRIDA ANTES DEL GRADO",J107/VLOOKUP(YEAR(I107),$Q$19:$R$104,2,0))) -> 0
K108: =IF(J108=0,0,IF(I108<D$21,"EXPERIENCIA ADQUIRIDA ANTES DEL GRADO",J108/VLOOKUP(YEAR(I108),$Q$19:$R$104,2,0))) -> 0 | L108: =IF(K108>=K$7,"Mínimo uno de los contratos debe ser ≥ a una (1) vez el POE, a la fecha de su terminación, expresado en SMMLV.",0) -> 0
...

Sheet PERSONAL PONDERABLE
A1: =+Conformación!A1 -> UNIDAD DE SERVICIOS PENITENCIARIOS Y CARCELARIOS - USPEC OBJETO: “REHABILITACIÓN ESTRUCTURAL DE LA BOCATOMA UBICADA EN LOS LÍMITES DE LA JURISDICCIÓN DE LOS MUNICIPIOS DE CÓMBITA, TUTA Y SOTAQUIRÁ” INVITACION PUBLICA N° USPEC- IP-MC-60-2019 | R1: 1957 | S1: 155.4
R2: 1958 | S2: 155.4
R3: 1959 | S3: 155.4
A4: PERSONAL - FACTORES DE PONDERACIÓN | R4: 1960 | S4: 198
R5: 1961
A6: CARGO A DESEMPEÑAR | B6: FORMACIÓN ACADÉMICA | C6: TIEMPO MÍNIMO REQUERIDO DE HABER TERMINADO Y APROBADO ESTUDIOS (EN AÑOS) | E6: NUMERO DE PROYECTOS A ACREDITAR | F6: EXPERIENCIA ESPECÍFICA | I6: REQUERIMIENTO PARTICULAR | L6: REQUISITO MINIMO EN SMMLV | R6: 1962 | S6: 300
A7: Arquitecto | B7: ingeniero civily/o ambiental y/o sanitario con postgrado en hidraulica,ingenieria sanitaria y/o manerjo de recursos hidricos | C7: 8 | D7: 39679 | E7: 4 | F7: Responsable de diseños hidraulicos y/o hidrosanitarios en proyectos para sistemas de agua potable y/o acueductos y/o alcantarillados sanitarios | I7: Mínimo uno de los contratos debe ser ≥ a una (1) vez el POE, a la fecha de su terminación, expresado en SMMLV. | L7: =+'Exp. oferente'!K14 -> 0 | R7: 1964 | S7: 420
R8: 1965 | S8: 420
R9: 1976 | S9: 1560
A10: =+[14]RUP!A11 -> OFERENTE | B10: 1 | C10: =VLOOKUP(B10,Conformación!$A$5:$N$129,2,FALSE) -> CONSTRUNAL DE AGUAS SAS | R10: 1977 | S10: 1770
C11: =VLOOKUP(B10,Conformación!$A$5:$N$129,4,FALSE) -> (CONSTRUNAL DE AGUAS SAS 100% - 0% - 0%- 0%- 0%) | R11: 1978 | S11: 2580
R12: 1979 | S12: 3450
R13: 1980 | S13: 4500
A14: CARGO | B14: NOMBRE | C14: TARJETA PROFESIONAL | D14: FECHA EXPEDICIÓN | F14: PROFESION | G14: POSTGRADO | H14: OBJETO | I14: FECHA INICIO CONTRATO | J14: FECHA TERMINACIÓN CONTRATO | K14: VALOR | L14: SMMLV | M14: PUNTAJE ADICIONAL POR # DE CONTRATOS | N14: PUNTAJE ADICIONAL ESTUDIOS | O14: OBSERVACIONES | R14: 1981 | S14: 5700
A15: =+A7 -> Arquitecto | E15: =IF(D15=0,0,IF(D15<D$7,"CUMPLE EL TIEMPO MÍNIMO REQUERIDO DE HABER TERMINADO Y APROBADO ESTUDIOS","NO CUMPLE EL TIEMPO MÍNIMO REQUERIDO DE HABER TERMINADO Y APROBADO ESTUDIOS")) -> 0 | L15: =IF(K15=0,0,IF(I15<#REF!,"EXPERIENCIA ADQUIRIDA ANTES DEL GRADO",K15/VLOOKUP(YEAR(I15),$R$13:$S$39,2,0))) -> 0 | R15: 1988 | S15: 25637.4
L16: =IF(K16=0,0,IF(I16<#REF!,"EXPERIENCIA ADQUIRIDA ANTES DEL GRADO",K16/VLOOKUP(YEAR(I16),$R$13:$S$39,2,0))) -> 0
L17: =IF(K17=0,0,IF(I17<#REF!,"EXPERIENCIA ADQUIRIDA ANTES DEL GRADO",K17/VLOOKUP(YEAR(I17),$R$13:$S$39,2,0))) -> 0
L18: =IF(K18=0,0,IF(I18<#REF!,"EXPERIENCIA ADQUIRIDA ANTES DEL GRADO",K18/VLOOKUP(YEAR(I18),$R$13:$S$39,2,0))) -> 0
L19: =IF(K19=0,0,IF(I19<#REF!,"EXPERIENCIA ADQUIRIDA ANTES DEL GRADO",K19/VLOOKUP(YEAR(I19),$R$13:$S$39,2,0))) -> 0 | R19: 1989 | S19: 32559.6
L20: =IF(K20=0,0,IF(I20<#REF!,"EXPERIENCIA ADQUIRIDA ANTES DEL GRADO",K20/VLOOKUP(YEAR(I20),$R$13:$S$39,2,0))) -> 0
L21: =IF(K21=0,0,IF(I21<#REF!,"EXPERIENCIA ADQUIRIDA ANTES DEL GRADO",K21/VLOOKUP(YEAR(I21),$R$13:$S$39,2,0))) -> 0 | R21: 1990 | S21: 41025.1
L22: =IF(K22=0,0,IF(I22<#REF!,"EXPERIENCIA ADQUIRIDA ANTES DEL GRADO",K22/VLOOKUP(YEAR(I22),$R$13:$S$39,2,0))) -> 0 | R22: 1991 | S22: 51720
R23: 1992 | S23: 65190
A24: PUNTAJE
R25: 1993 | S25: 81510
A26: =+[14]RUP!A22 -> OFERENTE | B26: 2 | C26: =VLOOKUP(B26,Conformación!$A$5:$N$129,2,FALSE) -> 0 | R26: 1994 | S26: 98700
C27: =VLOOKUP(B26,Conformación!$A$5:$N$129,4,FALSE) -> ( 0% - 0% - 0%- 0%- 0%) | R27: 1995 | S27: 118933.5
R28: 1996 | S28: 142125
A29: CARGO | B29: NOMBRE | C29: TARJETA PROFESIONAL | D29: FECHA EXPEDICIÓN | F29: PROFESION | G29: POSTGRADO | H29: OBJETO | I29: FECHA INICIO CONTRATO | J29: FECHA TERMINACIÓN CONTRATO | K29: VALOR | L29: SMMLV | M29: REQUERIMIENTO PARTICULAR QUE ACREDITA | N29: =+N14 -> PUNTAJE ADICIONAL ESTUDIOS | O29: OBSERVACIONES | R29: 1997 | S29: 172005
A30: =+A7 -> Arquitecto | E30: =IF(D30=0,0,IF(D30<D$7,"CUMPLE EL TIEMPO MÍNIMO REQUERIDO DE HABER TERMINADO Y APROBADO ESTUDIOS","NO CUMPLE EL TIEMPO MÍNIMO REQUERIDO DE HABER TERMINADO Y APROBADO ESTUDIOS")) -> 0 | M30: =IF(L30>=$L$7,"Mínimo uno de los contratos debe ser ≥ a una (1) vez el POE, a la fecha de su terminación, expresado en SMMLV.",0) -> Mínimo uno de los contratos debe ser ≥ a una (1) vez el POE, a la fecha de su terminación, expresado en SMMLV. | R30: 2007 | S30: 433700
M31: =IF(L31>=$L$7,"Mínimo uno de los contratos debe ser ≥ a una (1) vez el POE, a la fecha de su terminación, expresado en SMMLV.",0) -> Mínimo uno de los contratos debe ser ≥ a una (1) vez el POE, a la fecha de su terminación, expresado en SMMLV. | R31: 2008 | S31: 461500
M32: =IF(L32>=$L$7,"Mínimo uno de los contratos debe ser ≥ a una (1) vez el POE, a la fecha de su terminación, expresado en SMMLV.",0) -> Mínimo uno de los contratos debe ser ≥ a una (1) vez el POE, a la fecha de su terminación, expresado en SMMLV. | R32: 2009 | S32: 496900
M33: =IF(L33>=$L$7,"Mínimo uno de los contratos debe ser ≥ a una (1) vez el POE, a la fecha de su terminación, expresado en SMMLV.",0) -> Mínimo uno de los contratos debe ser ≥ a una (1) vez el POE, a la fecha de su terminación, expresado en SMMLV. | R33: 2010 | S33: 515000
R34: 2011 | S34: 535600
A35: PUNTAJE
R36: 2012 | S36: 566700
A37: =+[14]RUP!A33 -> OFERENTE | B37: 3 | C37: =VLOOKUP(B37,Conformación!$A$5:$N$129,2,FALSE) -> 0 | R37: 2013 | S37: 581900
C38: =VLOOKUP(B37,Conformación!$A$5:$N$129,4,FALSE) -> ( 0% - 0% - 0%- 0%- 0%) | R38: 2014 | S38: 616000
R39: 2015 | S39: 644350
A40: CARGO | B40: NOMBRE | C40: TARJETA PROFESIONAL | D40: FECHA EXPEDICIÓN | F40: PROFESION | G40: POSTGRADO | H40: OBJETO | I40: FECHA INICIO CONTRATO | J40: FECHA TERMINACIÓN CONTRATO | K40: VALOR | L40: SMMLV | M40: REQUERIMIENTO PARTICULAR QUE ACREDITA | N40: =+N29 -> PUNTAJE ADICIONAL ESTUDIOS | O40: OBSERVACIONES | R40: 2016 | S40: 689454
A41: =+A7 -> Arquitecto | E41: =IF(D41=0,0,IF(D41<D$7,"CUMPLE EL TIEMPO MÍNIMO REQUERIDO DE HABER TERMINADO Y APROBADO ESTUDIOS","NO CUMPLE EL TIEMPO MÍNIMO REQUERIDO DE HABER TERMINADO Y APROBADO ESTUDIOS")) -> 0 | M41: =IF(L41>=$L$7,"Mínimo uno de los contratos debe ser ≥ a una (1) vez el POE, a la fecha de su terminación, expresado en SMMLV.",0) -> Mínimo uno de los contratos debe ser ≥ a una (1) vez el POE, a la fecha de su terminación, expresado en SMMLV.
M42: =IF(L42>=$L$7,"Mínimo uno de los contratos debe ser ≥ a una (1) vez el POE, a la fecha de su terminación, expresado en SMMLV.",0) -> Mínimo uno de los contratos debe ser ≥ a una (1) vez el POE, a la fecha de su terminación, expresado en SMMLV.
M43: =IF(L43>=$L$7,"Mínimo uno de los contratos debe ser ≥ a una (1) vez el POE, a la fecha de su terminación, expresado en SMMLV.",0) -> Mínimo uno de los contratos debe ser ≥ a una (1) vez el POE, a la fecha de su terminación, expresado en SMMLV.
M44: =IF(L44>=$L$7,"Mínimo uno de los contratos debe ser ≥ a una (1) vez el POE, a la fecha de su terminación, expresado en SMMLV.",0) -> Mínimo uno de los contratos debe ser ≥ a una (1) vez el POE, a la fecha de su terminación, expresado en SMMLV.
A46: PUNTAJE
A48: =+[14]RUP!A44 -> OFERENTE | B48: 4 | C48: =VLOOKUP(B48,Conformación!$A$5:$N$129,2,FALSE) -> 0
C49: =VLOOKUP(B48,Conformación!$A$5:$N$129,4,FALSE) -> ( 0% - 0% - 0%- 0%- 0%)
A51: CARGO | B51: NOMBRE | C51: TARJETA PROFESIONAL | D51: FECHA EXPEDICIÓN | F51: PROFESION | G51: POSTGRADO | H51: OBJETO | I51: FECHA INICIO CONTRATO | J51: FECHA TERMINACIÓN CONTRATO | K51: VALOR | L51: SMMLV | M51: REQUERIMIENTO PARTICULAR QUE ACREDITA | N51: =+N40 -> PUNTAJE ADICIONAL ESTUDIOS | O51: OBSERVACIONES
A52: =+A7 -> Arquitecto | E52: =IF(D52=0,0,IF(D52<D$7,"CUMPLE EL TIEMPO MÍNIMO REQUERIDO DE HABER TERMINADO Y APROBADO ESTUDIOS","NO CUMPLE EL TIEMPO MÍNIMO REQUERIDO DE HABER TERMINADO Y APROBADO ESTUDIOS")) -> 0 | M52: =IF(L52>=$L$7,"Mínimo uno de los contratos debe ser ≥ a una (1) vez el POE, a la fecha de su terminación, expresado en SMMLV.",0) -> Mínimo uno de los contratos debe ser ≥ a una (1) vez el POE, a la fecha de su terminación, expresado en SMMLV.
M53: =IF(L53>=$L$7,"Mínimo uno de los contratos debe ser ≥ a una (1) vez el POE, a la fecha de su terminación, expresado en SMMLV.",0) -> Mínimo uno de los contratos debe ser ≥ a una (1) vez el POE, a la fecha de su terminación, expresado en SMMLV.
M54: =IF(L54>=$L$7,"Mínimo uno de los contratos debe ser ≥ a una (1) vez el POE, a la fecha de su terminación, expresado en SMMLV.",0) -> Mínimo uno de los contratos debe ser ≥ a una (1) vez el POE, a la fecha de su terminación, expresado en SMMLV.
M55: =IF(L55>=$L$7,"Mínimo uno de los contratos debe ser ≥ a una (1) vez el POE, a la fecha de su terminación, expresado en SMMLV.",0) -> Mínimo uno de los contratos debe ser ≥ a una (1) vez el POE, a la fecha de su terminación, expresado en SMMLV.
A57: PUNTAJE
A59: =+[14]RUP!A55 -> OFERENTE | B59: 5 | C59: =VLOOKUP(B59,Conformación!$A$5:$N$129,2,FALSE) -> 0
C60: =VLOOKUP(B59,Conformación!$A$5:$N$129,4,FALSE) -> ( 0% - 0% - 0%- 0%- 0%)
A62: CARGO | B62: NOMBRE | C62: TARJETA PROFESIONAL | D62: FECHA EXPEDICIÓN | F62: PROFESION | G62: POSTGRADO | H62: OBJETO | I62: FECHA INICIO CONTRATO | J62: FECHA TERMINACIÓN CONTRATO | K62: VALOR | L62: SMMLV | M62: REQUERIMIENTO PARTICULAR QUE ACREDITA | N62: =+N51 -> PUNTAJE ADICIONAL ESTUDIOS | O62: OBSERVACIONES
A63: =+A7 -> Arquitecto | E63: =IF(D63=0,0,IF(D63<D$7,"CUMPLE EL TIEMPO MÍNIMO REQUERIDO DE HABER TERMINADO Y APROBADO ESTUDIOS","NO CUMPLE EL TIEMPO MÍNIMO REQUERIDO DE HABER TERMINADO Y APROBADO ESTUDIOS")) -> 0 | M63: =IF(L63>=$L$7,"Mínimo uno de los contratos debe ser ≥ a una (1) vez el POE, a la fecha de su terminación, expresado en SMMLV.",0) -> Mínimo uno de los contratos debe ser ≥ a una (1) vez el POE, a la fecha de su terminación, expresado en SMMLV.
M64: =IF(L64>=$L$7,"Mínimo uno de los contratos debe ser ≥ a una (1) vez el POE, a la fecha de su terminación, expresado en SMMLV.",0) -> Mínimo uno de los contratos debe ser ≥ a una (1) vez el POE, a la fecha de su terminación, expresado en SMMLV.
M65: =IF(L65>=$L$7,"Mínimo uno de los contratos debe ser ≥ a una (1) vez el POE, a la fecha de su terminación, expresado en SMMLV.",0) -> Mínimo uno de los contratos debe ser ≥ a una (1) vez el POE, a la fecha de su terminación, expresado en SMMLV.
M66: =IF(L66>=$L$7,"Mínimo uno de los contratos debe ser ≥ a una (1) vez el POE, a la fecha de su terminación, expresado en SMMLV.",0) -> Mínimo uno de los contratos debe ser ≥ a una (1) vez el POE, a la fecha de su terminación, expresado en SMMLV.
A68: PUNTAJE

Sheet METODOLOGIA Y CRONOGRAMA
A1: =+Conformación!A1 -> UNIDAD DE SERVICIOS PENITENCIARIOS Y CARCELARIOS - USPEC OBJETO: “REHABILITACIÓN ESTRUCTURAL DE LA BOCATOMA UBICADA EN LOS LÍMITES DE LA JURISDICCIÓN DE LOS MUNICIPIOS DE CÓMBITA, TUTA Y SOTAQUIRÁ” INVITACION PUBLICA N° USPEC- IP-MC-60-2019
A3: OFERENTE | C3: 1 | D3: =VLOOKUP(C3,Conformación!$A$5:$N$129,2,FALSE) -> CONSTRUNAL DE AGUAS SAS
D4: =VLOOKUP(C3,Conformación!$A$5:$N$129,4,FALSE) -> (CONSTRUNAL DE AGUAS SAS 100% - 0% - 0%- 0%- 0%)
A7: ETAPAS | B7: CUMPLE | C7: NO CUMPLE | D7: OBSERVACIÓN
A8: ANALISIS DE LA NECESIDAD | B8: X
A9: PLANTEAMIENTO DE ALTERNATIVAS EFECTIVAS DE SOLUCIÓN | B9: X
A10: SELECCIÓN DE LA MEJOR ALTERNATIVA | B10: X
A11: GENERACIÓN DE ESTUDIOS Y DISEÑOS | B11: X
A12: ESTRUCTURACIÓN FINANCERA Y LEGAL | B12: X
A13: DETERMINACIÓN DE LAS HERRAMIENTAS DE FORTALECIMIENTO EN LA ESTRUCTURACIÓN Y PRESENTACIÓN DE PROYECTOS DE LOS MUNICIPIOS ANTE LOS OCAD | B13: X
A14: DETERMINACIÓN DE POSIBLES ACTIVIDADES OPERATIVAS Y CONTRACTUALES QUE DEMANDEN LOS PROCESOS | B14: X
A15: ARTICULACIÓN PROPUESTA PARA LA ESTRCUTURACIÓN INTEGRAL ENTRE LOS COMPONENTES FINANCIERO, JURIDICO Y TÉCNICO , SE DEBE RELACIONAR: | B15: X
A16: 1. DESCRIPCIÓN DEL DESARROLLO DE LA ACTIVIDAD O FASE | B16: X
A17: 2. REGISTRO DE PROFESIONALES A PARTICIPÁR, ROLES Y MEDIOS DE CONTACTO | B17: X
A18: 3. ESQUEMAS DE TRABAJO | B18: X
A19: 4. RECURSOS LOGISTICOS DISPONIBLES PARA EL DESARROLLO DE LA CONSULTORIA | B19: X
... A22: CRONOGRAMA DETALLADO EN FORMATO PROJECT O EXCEL, EN EL CUAL SE DEFINA LA RUTA CRITICA DE LOS TRABAJOS Y SUS RESPONSABLES, EN ESTE CAPITULO SE DEBA INCLUIR LA DISTRIBUCIÓN DE LOS TIEMPOS DE LAS ACTIVIDADES A DESARROLLAR, SUS PLAZOS FECHAS DE INICIO Y FINALIZACIÓN. SE TENDRA EN CUENTA LA VIABILIDAD DE CRONOGRAMA, LA COHERENCIA EN EL DESARROLLO DE LAS ACTIVIDADES, LOS TIEMPOS FIJADOS PARA LA ENTREGA DE CADA UNO DE LOS INFORMES Y LA CLARIDAD EN SU PRESENTACIÓN | B22: X

Sheet Resumen Evaluación
A1: =+Conformación!A1 -> UNIDAD DE SERVICIOS PENITENCIARIOS Y CARCELARIOS - USPEC OBJETO: “REHABILITACIÓN ESTRUCTURAL DE LA BOCATOMA UBICADA EN LOS LÍMITES DE LA JURISDICCIÓN DE LOS MUNICIPIOS DE CÓMBITA, TUTA Y SOTAQUIRÁ” INVITACION PUBLICA N° USPEC- IP-MC-60-2019
B2: OFERENTE : | C2: 1 | D2: =VLOOKUP(C2,Conformación!$A$5:$N$129,2,FALSE) -> CONSTRUNAL DE AGUAS SAS | H2: OFERENTE : | I2: 2 | J2: =VLOOKUP(I2,Conformación!$A$5:$N$129,2,FALSE) -> 0 | N2: OFERENTE : | O2: 3 | P2: =VLOOKUP(O2,Conformación!$A$5:$N$129,2,FALSE) -> 0 | T2: OFERENTE : | U2: 4 | V2: =VLOOKUP(U2,Conformación!$A$5:$N$129,2,FALSE) -> 0 | Z2: OFERENTE : | AA2: 5 | AB2: =VLOOKUP(AA2,Conformación!$A$5:$N$129,2,FALSE) -> 0
C3: =VLOOKUP(C2,Conformación!$A$5:$N$129,4,FALSE) -> (CONSTRUNAL DE AGUAS SAS 100% - 0% - 0%- 0%- 0%) | I3: =VLOOKUP(I2,Conformación!$A$5:$N$129,4,FALSE) -> ( 0% - 0% - 0%- 0%- 0%) | O3: =VLOOKUP(O2,Conformación!$A$5:$N$129,4,FALSE) -> ( 0% - 0% - 0%- 0%- 0%) | U3: =VLOOKUP(U2,Conformación!$A$5:$N$129,4,FALSE) -> ( 0% - 0% - 0%- 0%- 0%) | AA3: =VLOOKUP(AA2,Conformación!$A$5:$N$129,4,FALSE) -> ( 0% - 0% - 0%- 0%- 0%)
A6: DOCUMENTO | C6: SI | D6: NO | E6: Folio/fecha/valor/M2/SMMLV | F6: OBSERVACIONES | G6: DOCUMENTO | I6: SI | J6: NO | K6: Folio/fecha/valor/M2/SMMLV | L6: OBSERVACIONES | M6: DOCUMENTO | O6: SI | P6: NO | Q6: Folio/fecha/valor/M2/SMMLV | R6: OBSERVACIONES | S6: DOCUMENTO | U6: SI | V6: NO | W6: Folio/fecha/valor/M2/SMMLV | X6: OBSERVACIONES | Y6: DOCUMENTO | AA6: SI | AB6: NO | AC6: Folio/fecha/valor/M2/SMMLV | AD6: OBSERVACIONES
A7: REQUISITOS MÍNIMOS EXIGIDOS | G7: REQUISITOS MÍNIMOS EXIGIDOS | M7: REQUISITOS MÍNIMOS EXIGIDOS | S7: REQUISITOS MÍNIMOS EXIGIDOS | Y7: REQUISITOS MÍNIMOS EXIGIDOS
A8: 3.2 | B8: ASPECTOS JURIDICOS | G8: =+A8 -> 3.2 | H8: ASPECTOS JURIDICOS | M8: =+A8 -> 3.2 | N8: ASPECTOS JURIDICOS | S8: =+A8 -> 3.2 | T8: ASPECTOS JURIDICOS | Y8: =+A8 -> 3.2 | Z8: ASPECTOS JURIDICOS
A9: 1 | B9: Carta de Presentación de la Oferta | C9: x | F9: =IF(C9="X","CUMPLE","NO CUMPLE") -> CUMPLE | G9: =+A9 -> 1 | H9: Carta de Presentación de la Oferta | L9: =IF(I9="X","CUMPLE","NO CUMPLE") -> NO CUMPLE | M9: =+A9 -> 1 | N9: Carta de Presentación de la Oferta | R9: =IF(O9="X","CUMPLE","NO CUMPLE") -> NO CUMPLE | S9: =+A9 -> 1 | T9: Carta de Presentación de la Oferta | X9: =IF(U9="X","CUMPLE","NO CUMPLE") -> NO CUMPLE | Y9: =+A9 -> 1 | Z9: Carta de Presentación de la Oferta | AD9: =IF(AA9="X","CUMPLE","NO CUMPLE") -> NO CUMPLE
A10: 2 | B10: Acreditación de la Existencia y Representación Legal | C10: x | F10: =IF(C10="X","CUMPLE","NO CUMPLE") -> CUMPLE | G10: =+A10 -> 2 | H10: Acreditación de la Existencia y Representación Legal | L10: =IF(I10="X","CUMPLE","NO CUMPLE") -> NO CUMPLE | M10: =+A10 -> 2 | N10: Acreditación de la Existencia y Representación Legal | R10: =IF(O10="X","CUMPLE","NO CUMPLE") -> NO CUMPLE | S10: =+A10 -> 2 | T10: Acreditación de la Existencia y Representación Legal | X10: =IF(U10="X","CUMPLE","NO CUMPLE") -> NO CUMPLE | Y10: =+A10 -> 2 | Z10: Acreditación de la Existencia y Representación Legal | AD10: =IF(AA10="X","CUMPLE","NO CUMPLE") -> NO CUMPLE
A11: 3 | B11: Documento de Constitución del Consorcio o Unión Temporal | C11: x | F11: =IF(C11="X","CUMPLE","NO CUMPLE") -> CUMPLE | G11: =+A11 -> 3 | H11: Documento de Constitución del Consorcio o Unión Temporal | L11: =IF(I11="X","CUMPLE","NO CUMPLE") -> NO CUMPLE | M11: =+A11 -> 3 | N11: Documento de Constitución del Consorcio o Unión Temporal | R11: =IF(O11="X","CUMPLE","NO CUMPLE") -> NO CUMPLE | S11: =+A11 -> 3 | T11: Documento de Constitución del Consorcio o Unión Temporal | X11: =IF(U11="X","CUMPLE","NO CUMPLE") -> NO CUMPLE | Y11: =+A11 -> 3 | Z11: Documento de Constitución del Consorcio o Unión Temporal | AD11: =IF(AA11="X","CUMPLE","NO CUMPLE") -> NO CUMPLE
A12: 4 | B12: RUP Registro Único del Proponente (30 Días) | C12: x | F12: =IF(C12="X","CUMPLE","NO CUMPLE") -> CUMPLE | G12: =+A12 -> 4 | H12: RUP Registro Único del Proponente (30 Días) | L12: =IF(I12="X","CUMPLE","NO CUMPLE") -> NO CUMPLE | M12: =+A12 -> 4 | N12: RUP Registro Único del Proponente (30 Días) | R12: =IF(O12="X","CUMPLE","NO CUMPLE") -> NO CUMPLE | S12: =+A12 -> 4 | T12: RUP Registro Único del Proponente (30 Días) | X12: =IF(U12="X","CUMPLE","NO CUMPLE") -> NO CUMPLE | Y12: =+A12 -> 4 | Z12: RUP Registro Único del Proponente (30 Días) | AD12: =IF(AA12="X","CUMPLE","NO CUMPLE") -> NO CUMPLE
A13: 5 | B13: Garantia de Seriedad de la oferta | C13: x | F13: =IF(C13="X","CUMPLE","NO CUMPLE") -> CUMPLE | G13: =+A13 -> 5 | H13: Garantia de Seriedad de la oferta | L13: =IF(I13="X","CUMPLE","NO CUMPLE") -> NO CUMPLE | M13: =+A13 -> 5 | N13: Garantia de Seriedad de la oferta | R13: =IF(O13="X","CUMPLE","NO CUMPLE") -> NO CUMPLE | S13: =+A13 -> 5 | T13: Garantia de Seriedad de la oferta | X13: =IF(U13="X","CUMPLE","NO CUMPLE") -> NO CUMPLE | Y13: =+A13 -> 5 | Z13: Garantia de Seriedad de la oferta | AD13: =IF(AA13="X","CUMPLE","NO CUMPLE") -> NO CUMPLE
A14: 6 | B14: Certificación de Pagos al Sistema de Seguridad Social y de Aportes Parafiscales | C14: x | F14: =IF(C14="X","CUMPLE","NO CUMPLE") -> CUMPLE | G14: =+A14 -> 6 | H14: Certificación de Pagos al Sistema de Seguridad Social y de Aportes Parafiscales | L14: =IF(I14="X","CUMPLE","NO CUMPLE") -> NO CUMPLE | M14: =+A14 -> 6 | N14: Certificación de Pagos al Sistema de Seguridad Social y de Aportes Parafiscales | R14: =IF(O14="X","CUMPLE","NO CUMPLE") -> NO CUMPLE | S14: =+A14 -> 6 | T14: Certificación de Pagos al Sistema de Seguridad Social y de Aportes Parafiscales | X14: =IF(U14="X","CUMPLE","NO CUMPLE") -> NO CUMPLE | Y14: =+A14 -> 6 | Z14: Certificación de Pagos al Sistema de Seguridad Social y de Aportes Parafiscales | AD14: =IF(AA14="X","CUMPLE","NO CUMPLE") -> NO CUMPLE
A15: 8 | B15: Verificación de no inclusión en el boletín de responsables fiscales | C15: x | F15: =IF(C15="X","CUMPLE","NO CUMPLE") -> CUMPLE | G15: =+A15 -> 8 | H15: Verificación de no inclusión en el boletín de responsables fiscales | L15: =IF(I15="X","CUMPLE","NO CUMPLE") -> NO CUMPLE | M15: =+A15 -> 8 | N15: Verificación de no inclusión en el boletín de responsables fiscales | R15: =IF(O15="X","CUMPLE","NO CUMPLE") -> NO CUMPLE | S15: =+A15 -> 8 | T15: Verificación de no inclusión en el boletín de responsables fiscales | X15: =IF(U15="X","CUMPLE","NO CUMPLE") -> NO CUMPLE | Y15: =+A15 -> 8 | Z15: Verificación de no inclusión en el boletín de responsables fiscales | AD15: =IF(AA15="X","CUMPLE","NO CUMPLE") -> NO CUMPLE
A16: 9 | B16: Verificación del sistema de información de registro de sanciones y causas de inhabilidad (SIRI) de la Procuraduría General De La Nación | C16: x | F16: =IF(C16="X","CUMPLE","NO CUMPLE") -> CUMPLE | G16: =+A16 -> 9 | H16: Verificación del sistema de información de registro de sanciones y causas de inhabilidad (SIRI) de la Procuraduría General De La Nación | L16: =IF(I16="X","CUMPLE","NO CUMPLE") -> NO CUMPLE | M16: =+A16 -> 9 | N16: Verificación del sistema de información de registro de sanciones y causas de inhabilidad (SIRI) de la Procuraduría General De La Nación | R16: =IF(O16="X","CUMPLE","NO CUMPLE") -> NO CUMPLE | S16: =+A16 -> 9 | T16: Verificación del sistema de información de registro de sanciones y causas de inhabilidad (SIRI) de la Procuraduría General De La Nación | X16: =IF(U16="X","CUMPLE","NO CUMPLE") -> NO CUMPLE | Y16: =+A16 -> 9 | Z16: Verificación del sistema de información de registro de sanciones y causas de inhabilidad (SIRI) de la Procuraduría General De La Nación | AD16: =IF(AA16="X","CUMPLE","NO CUMPLE") -> NO CUMPLE
A17: 10 | B17: Verificación de antecedentes judiciales del Ministerio De Defensa Nacional – Policía Nacional. | C17: x | F17: =IF(C17="X","CUMPLE","NO CUMPLE") -> CUMPLE | G17: =+A17 -> 10 | H17: Verificación de antecedentes judiciales del Ministerio De Defensa Nacional – Policía Nacional. | L17: =IF(I17="X","CUMPLE","NO CUMPLE") -> NO CUMPLE | M17: =+A17 -> 10 | N17: Verificación de antecedentes judiciales del Ministerio De Defensa Nacional – Policía Nacional. | R17: =IF(O17="X","CUMPLE","NO CUMPLE") -> NO CUMPLE | S17: =+A17 -> 10 | T17: Verificación de antecedentes judiciales del Ministerio De Defensa Nacional – Policía Nacional. | X17: =IF(U17="X","CUMPLE","NO CUMPLE") -> NO CUMPLE | Y17: =+A17 -> 10 | Z17: Verificación de antecedentes judiciales del Ministerio De Defensa Nacional – Policía Nacional. | AD17: =IF(AA17="X","CUMPLE","NO CUMPLE") -> NO CUMPLE
A18: DOCUMENTACIÓN ACLARATORIA ENTREGADA POR LOS OFERENTES DE LOS ASPECTOS JURÍDICOS | C18: Mediante correo y radicado No 2016-430053974-2 remitido el día 01 de agosto de 2016, allegaron documentación juridica requerida acalrando lo solicitado por la entidad. | G18: DOCUMENTACIÓN ACLARATORIA ENTREGADA POR LOS OFERENTES DE LOS ASPECTOS JURÍDICOS | M18: DOCUMENTACIÓN ACLARATORIA ENTREGADA POR LOS OFERENTES DE LOS ASPECTOS JURÍDICOS | S18: DOCUMENTACIÓN ACLARATORIA ENTREGADA POR LOS OFERENTES DE LOS ASPECTOS JURÍDICOS | Y18: DOCUMENTACIÓN ACLARATORIA ENTREGADA POR LOS OFERENTES DE LOS ASPECTOS JURÍDICOS
A19: CONCLUSIÓN EVALUACION ASPECTOS JURÍDICOS | C19: =+IF(AND(F9="CUMPLE",F10="CUMPLE",F11="CUMPLE",F12="CUMPLE",F13="CUMPLE",F14="CUMPLE",F15="CUMPLE",F16="CUMPLE",F17="CUMPLE"),"CUMPLE","NO CUMPLE") -> CUMPLE | G19: CONCLUSIÓN EVALUACION ASPECTOS JURÍDICOS | I19: =+IF(AND(L9="CUMPLE",L10="CUMPLE",L11="CUMPLE",L12="CUMPLE",L13="CUMPLE",L14="CUMPLE",L15="CUMPLE",L16="CUMPLE",L17="CUMPLE"),"CUMPLE","NO CUMPLE") -> NO CUMPLE | M19: CONCLUSIÓN EVALUACION ASPECTOS JURÍDICOS | O19: =+IF(AND(R9="CUMPLE",R10="CUMPLE",R11="CUMPLE",R12="CUMPLE",R13="CUMPLE",R14="CUMPLE",R15="CUMPLE",R16="CUMPLE",R17="CUMPLE"),"CUMPLE","NO CUMPLE") -> NO CUMPLE | S19: CONCLUSIÓN EVALUACION ASPECTOS JURÍDICOS | U19: =+IF(AND(X9="CUMPLE",X10="CUMPLE",X11="CUMPLE",X12="CUMPLE",X13="CUMPLE",X14="CUMPLE",X15="CUMPLE",X16="CUMPLE",X17="CUMPLE"),"CUMPLE","NO CUMPLE") -> NO CUMPLE | Y19: CONCLUSIÓN EVALUACION ASPECTOS JURÍDICOS | AA19: =+IF(AND(AD9="CUMPLE",AD10="CUMPLE",AD11="CUMPLE",AD12="CUMPLE",AD13="CUMPLE",AD14="CUMPLE",AD15="CUMPLE",AD16="CUMPLE",AD17="CUMPLE"),"CUMPLE","NO CUMPLE") -> NO CUMPLE
A21: 3.3 | B21: REQUISITOS HABILITANTES FINANCIEROS | G21: =+A21 -> 3.3 | H21: CAPACIDAD FINANCIERA | M21: =+A21 -> 3.3 | N21: CAPACIDAD FINANCIERA | S21: =+A21 -> 3.3 | T21: CAPACIDAD FINANCIERA | Y21: =+A21 -> 3.3 | Z21: CAPACIDAD FINANCIERA
B22: RUP Registro Único del Proponente (30 Días) (FECHA DE CADA UNO DE LOS INTEGRANTES) | C22: x | E22: 42584 | F22: =IF(C22="X","CUMPLE","NO CUMPLE") -> CUMPLE | H22: RUP Registro Único del Proponente (30 Días) (FECHA DE CADA UNO DE LOS INTEGRANTES) | L22: =IF(I22="X","CUMPLE","NO CUMPLE") -> NO CUMPLE | N22: RUP Registro Único del Proponente (30 Días) (FECHA DE CADA UNO DE LOS INTEGRANTES) | R22: =IF(O22="X","CUMPLE","NO CUMPLE") -> NO CUMPLE | T22: RUP Registro Único del Proponente (30 Días) (FECHA DE CADA UNO DE LOS INTEGRANTES) | X22: =IF(U22="X","CUMPLE","NO CUMPLE") -> NO CUMPLE | Z22: RUP Registro Único del Proponente (30 Días) (FECHA DE CADA UNO DE LOS INTEGRANTES) | AD22: =IF(AA22="X","CUMPLE","NO CUMPLE") -> NO CUMPLE
B23: CT = ≥ 50% PEE (60% PEE SIN ANTICIPO) | C23: x | E23: si | F23: =IF(E23="SI","CUMPLE","NO CUMPLE") -> CUMPLE | H23: CT = ≥ 50% PEE (60% PEE SIN ANTICIPO) | L23: =IF(K23="SI","CUMPLE","NO CUMPLE") -> NO CUMPLE | N23: CT = ≥ 50% PEE (60% PEE SIN ANTICIPO) | R23: =IF(Q23="SI","CUMPLE","NO CUMPLE") -> NO CUMPLE | T23: CT = ≥ 50% PEE (60% PEE SIN ANTICIPO) | X23: =IF(W23="SI","CUMPLE","NO CUMPLE") -> NO CUMPLE | Z23: CT = ≥ 50% PEE (60% PEE SIN ANTICIPO) | AD23: =IF(AC23="SI","CUMPLE","NO CUMPLE") -> NO CUMPLE
B24: LIQ = AC / PC ≥ 2.0 | C24: x | E24: si | F24: =IF(E24="SI","CUMPLE","NO CUMPLE") -> CUMPLE | H24: LIQ = AC / PC ≥ 2.0 | L24: =IF(K24="SI","CUMPLE","NO CUMPLE") -> NO CUMPLE | N24: LIQ = AC / PC ≥ 2.0 | R24: =IF(Q24="SI","CUMPLE","NO CUMPLE") -> NO CUMPLE | T24: LIQ = AC / PC ≥ 2.0 | X24: =IF(W24="SI","CUMPLE","NO CUMPLE") -> NO CUMPLE | Z24: LIQ = AC / PC ≥ 1,0 | AD24: =IF(AC24="SI","CUMPLE","NO CUMPLE") -> NO CUMPLE
B25: NE = PT / AT ≤ 0.50 | C25: x | E25: si | F25: =IF(E25="SI","CUMPLE","NO CUMPLE") -> CUMPLE | H25: NE = PT / AT ≤ 0.50 | L25: =IF(K25="SI","CUMPLE","NO CUMPLE") -> NO CUMPLE | N25: NE = PT / AT ≤ 0.50 | R25: =IF(Q25="SI","CUMPLE","NO CUMPLE") -> NO CUMPLE | T25: NE = PT / AT ≤ 0.50 | X25: =IF(W25="SI","CUMPLE","NO CUMPLE") -> NO CUMPLE | Z25: NE = PT / AT ≤ 0,70 | AD25: =IF(AC25="SI","CUMPLE","NO CUMPLE") -> NO CUMPLE
B26: RCI = UO/GI ≥ 2.0 | C26: x | E26: si | F26: =IF(E26="SI","CUMPLE","NO CUMPLE") -> CUMPLE | H26: RCI = UO/GI ≥ 2.0 | L26: =IF(K26="SI","CUMPLE","NO CUMPLE") -> NO CUMPLE | N26: RCI = UO/GI ≥ 2.0 | R26: =IF(Q26="SI","CUMPLE","NO CUMPLE") -> NO CUMPLE | T26: RCI = UO/GI ≥ 2.0 | X26: =IF(W26="SI","CUMPLE","NO CUMPLE") -> NO CUMPLE | Z26: RCI = UO/GI ≥ 2.0 | AD26: =IF(AC26="SI","CUMPLE","NO CUMPLE") -> NO CUMPLE
B27: RP = UO/P ≥ 8% | C27: x | E27: si | F27: =IF(E27="SI","CUMPLE","NO CUMPLE") -> CUMPLE | H27: RP = UO/P ≥ 8% | L27: =IF(K27="SI","CUMPLE","NO CUMPLE") -> NO CUMPLE | N27: RP = UO/P ≥ 8% | R27: =IF(Q27="SI","CUMPLE","NO CUMPLE") -> NO CUMPLE | T27: RP = UO/P ≥ 8% | X27: =IF(W27="SI","CUMPLE","NO CUMPLE") -> NO CUMPLE | Z27: RP = UO/P ≥ 8% | AD27: =IF(AC27="SI","CUMPLE","NO CUMPLE") -> NO CUMPLE
B28: RA = UO/AT ≥ 5% | C28: x | E28: si | F28: =IF(E28="SI","CUMPLE","NO CUMPLE") -> CUMPLE | H28: RA = UO/AT ≥ 5% | L28: =IF(K28="SI","CUMPLE","NO CUMPLE") -> NO CUMPLE | N28: RA = UO/AT ≥ 5% | R28: =IF(Q28="SI","CUMPLE","NO CUMPLE") -> NO CUMPLE | T28: RA = UO/AT ≥ 5% | X28: =IF(W28="SI","CUMPLE","NO CUMPLE") -> NO CUMPLE | Z28: RA = UO/AT ≥ 5% | AD28: =IF(AC28="SI","CUMPLE","NO CUMPLE") -> NO CUMPLE
A29: DOCUMENTACIÓN ACLARATORIA ENTREGADA POR LOS OFERENTES DE LA CAPACIDAD FINANCIERA | C29: NO SE REQUIRIO | G29: DOCUMENTACIÓN ACLARATORIA ENTREGADA POR LOS OFERENTES DE LA CAPACIDAD FINANCIERA | M29: DOCUMENTACIÓN ACLARATORIA ENTREGADA POR LOS OFERENTES DE LA CAPACIDAD FINANCIERA | S29: DOCUMENTACIÓN ACLARATORIA ENTREGADA POR LOS OFERENTES DE LA CAPACIDAD FINANCIERA | Y29: DOCUMENTACIÓN ACLARATORIA ENTREGADA POR LOS OFERENTES DE LA CAPACIDAD FINANCIERA
A30: CONCLUSIÓN EVALUACION CAPACIDAD FINANCIERA | C30: =+IF(AND(F22="CUMPLE",F23="CUMPLE",F24="CUMPLE",F25="CUMPLE",F26="CUMPLE",F27="CUMPLE",F28="CUMPLE"),"CUMPLE","NO CUMPLE") -> CUMPLE | G30: CONCLUSIÓN EVALUACION CAPACIDAD FINANCIERA | I30: =+IF(AND(L22="CUMPLE",L23="CUMPLE",L24="CUMPLE",L25="CUMPLE",L26="CUMPLE",L27="CUMPLE",L28="CUMPLE"),"CUMPLE","NO CUMPLE") -> NO CUMPLE | M30: CONCLUSIÓN EVALUACION CAPACIDAD FINANCIERA | O30: =+IF(AND(R22="CUMPLE",R23="CUMPLE",R24="CUMPLE",R25="CUMPLE",R26="CUMPLE",R27="CUMPLE",R28="CUMPLE"),"CUMPLE","NO CUMPLE") -> NO CUMPLE | S30: CONCLUSIÓN EVALUACION CAPACIDAD FINANCIERA | U30: =+IF(AND(X22="CUMPLE",X23="CUMPLE",X24="CUMPLE",X25="CUMPLE",X26="CUMPLE",X27="CUMPLE",X28="CUMPLE"),"CUMPLE","NO CUMPLE") -> NO CUMPLE | Y30: CONCLUSIÓN EVALUACION CAPACIDAD FINANCIERA | AA30: =+IF(AND(AD22="CUMPLE",AD23="CUMPLE",AD24="CUMPLE",AD25="CUMPLE",AD26="CUMPLE",AD27="CUMPLE",AD28="CUMPLE"),"CUMPLE","NO CUMPLE") -> NO CUMPLE
A32: 3.4 | B32: REQUISITOS TÉCNICOS | G32: =+A32 -> 3.4 | H32: =+B32 -> REQUISITOS TÉCNICOS | M32: =+A32 -> 3.4 | N32: =+B32 -> REQUISITOS TÉCNICOS | S32: =+A32 -> 3.4 | T32: =+B32 -> REQUISITOS TÉCNICOS | Y32: =+A32 -> 3.4 | Z32: =+B32 -> REQUISITOS TÉCNICOS
A34: 3.4.1 | B34: EXPERIENCIA ESPECÍFICA DEL OFERENTE | G34: =+A34 -> 3.4.1 | H34: EXPERIENCIA ESPECÍFICA DEL OFERENTE | M34: =+A34 -> 3.4.1 | N34: EXPERIENCIA ESPECÍFICA DEL OFERENTE | S34: =+A34 -> 3.4.1 | T34: EXPERIENCIA ESPECÍFICA DEL OFERENTE | Y34: =+A34 -> 3.4.1 | Z34: EXPERIENCIA ESPECÍFICA DEL OFERENTE
B35: =+'Exp. oferente'!A6 -> OPERACIÓN Y/O MANTENIMIENTO Y/O REMODELACIÓN Y/O ADECUACIÓN Y/O AMPLIACIÓN Y/O CONSTRUCCIÓN Y/O MANTENIMIENTO DE PLANTAS DE TRATAMIENTO DE AGUA POTABLE PTAP Y/O PLANTAS DE TRATAMIENTO DE AGUA RESIDUAL,mediante la presentación de MÁXIMO CUATRO (4) certificaciones de contratos iniciados y terminados con entidades públicas o privadas, terminados y liquidados a la fecha del cierre del presente proceso, los cuales deberán sumar en conjunto, un VALOR IGUAL O SUPERIOR A 1.0 VEZ EL P.O.E. | F35: =+IF(AND(C36="X",C37="X",C38="X",C39="X",C40="X"),"CUMPLE","NO CUMPLE") -> CUMPLE | H35: =+'Exp. oferente'!A6 -> OPERACIÓN Y/O MANTENIMIENTO Y/O REMODELACIÓN Y/O ADECUACIÓN Y/O AMPLIACIÓN Y/O CONSTRUCCIÓN Y/O MANTENIMIENTO DE PLANTAS DE TRATAMIENTO DE AGUA POTABLE PTAP Y/O PLANTAS DE TRATAMIENTO DE AGUA RESIDUAL,mediante la presentación de MÁXIMO CUATRO (4) certificaciones de contratos iniciados y terminados con entidades públicas o privadas, terminados y liquidados a la fecha del cierre del presente proceso, los cuales deberán sumar en conjunto, un VALOR IGUAL O SUPERIOR A 1.0 VEZ EL P.O.E. | L35: =+IF(AND(I36="X",I37="X",I38="X",I39="X",I40="X"),"CUMPLE","NO CUMPLE") -> NO CUMPLE | N35: =+'Exp. oferente'!A6 -> OPERACIÓN Y/O MANTENIMIENTO Y/O REMODELACIÓN Y/O ADECUACIÓN Y/O AMPLIACIÓN Y/O CONSTRUCCIÓN Y/O MANTENIMIENTO DE PLANTAS DE TRATAMIENTO DE AGUA POTABLE PTAP Y/O PLANTAS DE TRATAMIENTO DE AGUA RESIDUAL,mediante la presentación de MÁXIMO CUATRO (4) certificaciones de contratos iniciados y terminados con entidades públicas o privadas, terminados y liquidados a la fecha del cierre del presente proceso, los cuales deberán sumar en conjunto, un VALOR IGUAL O SUPERIOR A 1.0 VEZ EL P.O.E. | R35: =+IF(AND(O36="X",O37="X",O38="X",O39="X",O40="X"),"CUMPLE","NO CUMPLE") -> NO CUMPLE | T35: =+'Exp. oferente'!A6 -> OPERACIÓN Y/O MANTENIMIENTO Y/O REMODELACIÓN Y/O ADECUACIÓN Y/O AMPLIACIÓN Y/O CONSTRUCCIÓN Y/O MANTENIMIENTO DE PLANTAS DE TRATAMIENTO DE AGUA POTABLE PTAP Y/O PLANTAS DE TRATAMIENTO DE AGUA RESIDUAL,mediante la presentación de MÁXIMO CUATRO (4) certificaciones de contratos iniciados y terminados con entidades públicas o privadas, terminados y liquidados a la fecha del cierre del presente proceso, los cuales deberán sumar en conjunto, un VALOR IGUAL O SUPERIOR A 1.0 VEZ EL P.O.E. | X35: =+IF(AND(U36="X",U37="X",U38="X",U39="X",U40="X"),"CUMPLE","NO CUMPLE") -> NO CUMPLE | Z35: =+'Exp. oferente'!A6 -> OPERACIÓN Y/O MANTENIMIENTO Y/O REMODELACIÓN Y/O ADECUACIÓN Y/O AMPLIACIÓN Y/O CONSTRUCCIÓN Y/O MANTENIMIENTO DE PLANTAS DE TRATAMIENTO DE AGUA POTABLE PTAP Y/O PLANTAS DE TRATAMIENTO DE AGUA RESIDUAL,mediante la presentación de MÁXIMO CUATRO (4) certificaciones de contratos iniciados y terminados con entidades públicas o privadas, terminados y liquidados a la fecha del cierre del presente proceso, los cuales deberán sumar en conjunto, un VALOR IGUAL O SUPERIOR A 1.0 VEZ EL P.O.E. | AD35: =+IF(AND(AA36="X",AA37="X",AA38="X",AA39="X",AA40="X"),"CUMPLE","NO CUMPLE") -> NO CUMPLE
B36: =+'Exp. oferente'!G24 -> ADECUACION DE LA INFRAESTRUCTURA Y MANTENIMIENTO PREVENTIVO Y CORRECTIVO A LOS EQUIPOS DE LA PLANTA DE BENEFICIO ANIMAL DEL MUNICIPIO DE PUERTO GAITAN | C36: x | E36: =+CONCATENATE('Exp. oferente'!I24,CHAR(10),TEXT('Exp. oferente'!H24,"DD"),"/",TEXT('Exp. oferente'!H24,"MMMM"),"/",TEXT('Exp. oferente'!H24,"YYYY"), CHAR(10),DOLLAR('Exp. oferente'!J24)) -> SIN 00/enero/1900 $ 0,00 | H36: =+'Exp. oferente'!G44 -> PRESTACION DE SERVICIO DE TRANSPORTE ESCOLAR | K36: =+CONCATENATE('Exp. oferente'!I44,CHAR(10),TEXT('Exp. oferente'!H44,"DD"),"/",TEXT('Exp. oferente'!H44,"MMMM"),"/",TEXT('Exp. oferente'!H44,"YYYY"), CHAR(10),DOLLAR('Exp. oferente'!J44)) -> SIN 30/noviembre/2017 $ 5.856.791.309,00 | L36: El contrato contiene experiencia en redes de acueducto y alcantarillado pero dentro de la certificación no especifica el VALOR de la ESTRUCTURACIÓN EN PROYECTOS PARA SISTEMAS DE: AGUA POTABLE Y/O ACUEDUCTOS Y/O ALCANTARILLADOS SANITARIOS Y/O TRATAMIENTO DE AGUAS RESIDUALES, teniendo en cuenta la nota establecida en el numeral 3.4 de la acreditación y verificación de la experiencia del oferente, NOTA 2: Cuando el objeto requerido como experiencia sea una parte del objeto contractual de la(s) certificación(es) aportada(s), no será tenido en cuenta, salvo que se acredite debidamente discriminados la experiencia requerida y su valor. En este evento, el valor que se tendrá en cuenta para efectos de la verificación de la experiencia del oferente, será el correspondiente al valor discriminado de la experiencia solicitada. | N36: =+'Exp. oferente'!G64 -> TRANSPORTE TERRESTRE PARA LOS ESCOLARES DE LAS VEREDAS DEL MUNICIPIO DE CIMITARRA | Q36: =+CONCATENATE('Exp. oferente'!I64,CHAR(10),TEXT('Exp. oferente'!H64,"DD"),"/",TEXT('Exp. oferente'!H64,"MMMM"),"/",TEXT('Exp. oferente'!H64,"YYYY"), CHAR(10),DOLLAR('Exp. oferente'!J64)) -> SIN 21/diciembre/2015 $ 1.291.424.627,00 | T36: =+'Exp. oferente'!G84 -> PRESTACION DE SERVICIO DE TRANSPORTE ESPECIAL DE PASAJEROS EN LA CIUDAD DE BOGOTA, PARA EL DESPLAZAMIENTO DE LOS TRABAJADORES S&A SERVICIOS Y ASESORIAS SAS RN MISION EN EL FONDO NACIONAL DEL AHORRO | W36: =+CONCATENATE('Exp. oferente'!I84,CHAR(10),TEXT('Exp. oferente'!H84,"DD"),"/",TEXT('Exp. oferente'!H84,"MMMM"),"/",TEXT('Exp. oferente'!H84,"YYYY"), CHAR(10),DOLLAR('Exp. oferente'!J84)) -> SIN 31/diciembre/2016 $ 1.164.000.000,00 | Z36: =+'Exp. oferente'!G104 -> FIJAR REGLAS PARA LA COORDINACION POR PARTE DE CAFAM DEL SERVICIO DE TRANSPORTE QUE EL TRASPORTADOR PRESTA A LOS ESTUDIANTES DEL COLEGIO DCAFAM Y ESTABLECER CONDICIONES PARA PRESTACION DEL SERVICIO | AC36: =+CONCATENATE('Exp. oferente'!I104,CHAR(10),TEXT('Exp. oferente'!H104,"DD"),"/",TEXT('Exp. oferente'!H104,"MMMM"),"/",TEXT('Exp. oferente'!H104,"YYYY"), CHAR(10),DOLLAR('Exp. oferente'!J104)) -> SIN 30/noviembre/2015 $ 1.791.306.380,00
B37: =+'Exp. oferente'!G25 -> 0 | C37: x | E37: =+CONCATENATE('Exp. oferente'!I25,CHAR(10),TEXT('Exp. oferente'!H25,"DD"),"/",TEXT('Exp. oferente'!H25,"MMMM"),"/",TEXT('Exp. oferente'!H25,"YYYY"), CHAR(10),DOLLAR('Exp. oferente'!J25)) -> SIN 00/enero/1900 $ 0,00 | H37: =+'Exp. oferente'!G45 -> CONTRATAR EL SERVICIO DE TRANSPORTE ESPECIAL PARA ATENDER LAS RUTAS Y LOS DIFERENTES EVENTOS DE LOS APRENDICES DEL CENTRO DE BIOTECNOLOGIA AGROPECUARIA MOSQUERA | K37: =+CONCATENATE('Exp. oferente'!I45,CHAR(10),TEXT('Exp. oferente'!H45,"DD"),"/",TEXT('Exp. oferente'!H45,"MMMM"),"/",TEXT('Exp. oferente'!H45,"YYYY"), CHAR(10),DOLLAR('Exp. oferente'!J45)) -> SIN 31/diciembre/2017 $ 264.345.852,00 | N37: =+'Exp. oferente'!#REF! -> #REF! | Q37: =+CONCATENATE('Exp. oferente'!#REF!,CHAR(10),TEXT('Exp. oferente'!#REF!,"DD"),"/",TEXT('Exp. oferente'!#REF!,"MMMM"),"/",TEXT('Exp. oferente'!#REF!,"YYYY"), CHAR(10),DOLLAR('Exp. oferente'!#REF!)) -> #REF! | T37: =+'Exp. oferente'!G85 -> PRESTAR EL SERVICIO DE TRANSPORTE TERRESTRE PARA LA COMUNIDAD ESAPISTA | W37: =+CONCATENATE('Exp. oferente'!I85,CHAR(10),TEXT('Exp. oferente'!H85,"DD"),"/",TEXT('Exp. oferente'!H85,"MMMM"),"/",TEXT('Exp. oferente'!H85,"YYYY"), CHAR(10),DOLLAR('Exp. oferente'!J85)) -> SIN 31/diciembre/2016 $ 280.000.000,00 | Z37: =+'Exp. oferente'!G105 -> LA TRANSPORTADORA EN DESARROLLO DEL CONTRATO SE COMPROMETE PARA CON OPEN, APRESTAR EL SERVICIO DE TRANSPORTE DE PASAJEROS DE SUS FUNCIONARIOS | AC37: =+CONCATENATE('Exp. oferente'!I105,CHAR(10),TEXT('Exp. oferente'!H105,"DD"),"/",TEXT('Exp. oferente'!H105,"MMMM"),"/",TEXT('Exp. oferente'!H105,"YYYY"), CHAR(10),DOLLAR('Exp. oferente'!J105)) -> SIN 31/diciembre/2017 $ 181.759.595,00
B38: =+'Exp. oferente'!G26 -> 0 | C38: x | E38: =+CONCATENATE('Exp. oferente'!I26,CHAR(10),TEXT('Exp. oferente'!H26,"DD"),"/",TEXT('Exp. oferente'!H26,"MMMM"),"/",TEXT('Exp. oferente'!H26,"YYYY"), CHAR(10),DOLLAR('Exp. oferente'!J26)) -> SIN 00/enero/1900 $ 0,00 | H38: =+'Exp. oferente'!G46 -> 0 | K38: =+CONCATENATE('Exp. oferente'!I46,CHAR(10),TEXT('Exp. oferente'!H46,"DD"),"/",TEXT('Exp. oferente'!H46,"MMMM"),"/",TEXT('Exp. oferente'!H46,"YYYY"), CHAR(10),DOLLAR('Exp. oferente'!J46)) -> SIN 31/diciembre/2017 $ 264.345.852,00 | N38: =+'Exp. oferente'!G65 -> 0 | Q38: =+CONCATENATE('Exp. oferente'!I65,CHAR(10),TEXT('Exp. oferente'!H65,"DD"),"/",TEXT('Exp. oferente'!H65,"MMMM"),"/",TEXT('Exp. oferente'!H65,"YYYY"), CHAR(10),DOLLAR('Exp. oferente'!J65)) -> SIN 00/enero/1900 $ 0,00 | T38: =+'Exp. oferente'!G86 -> PRESTACION DEL SERVICIO DE TRANSPORTE TERRESTRE AUTOMOTOR ESPECIAL ESCOLAR CON EL SERVCIO DE MONITORA PARA LOS ALUMNOS DEL GIMNASIO MODERNO | W38: =+CONCATENATE('Exp. oferente'!I86,CHAR(10),TEXT('Exp. oferente'!H86,"DD"),"/",TEXT('Exp. oferente'!H86,"MMMM"),"/",TEXT('Exp. oferente'!H86,"YYYY"), CHAR(10),DOLLAR('Exp. oferente'!J86)) -> SIN 30/noviembre/2015 $ 1.216.238.437,00 | Z38: =+'Exp. oferente'!#REF! -> #REF! | AC38: =+CONCATENATE('Exp. oferente'!#REF!,CHAR(10),TEXT('Exp. oferente'!#REF!,"DD"),"/",TEXT('Exp. oferente'!#REF!,"MMMM"),"/",TEXT('Exp. oferente'!#REF!,"YYYY"), CHAR(10),DOLLAR('Exp. oferente'!#REF!)) -> #REF!
B39: =+'Exp. oferente'!G28 -> 0 | C39: x | E39: =+CONCATENATE('Exp. oferente'!I28,CHAR(10),TEXT('Exp. oferente'!H28,"DD"),"/",TEXT('Exp. oferente'!H28,"MMMM"),"/",TEXT('Exp. oferente'!H28,"YYYY"), CHAR(10),DOLLAR('Exp. oferente'!J28)) -> SIN 00/enero/1900 $ 0,00 | H39: =+'Exp. oferente'!G47 -> PRESTACION DE SERVICIO DE TRANSPORTE ESCOLAR | K39: =+CONCATENATE('Exp. oferente'!I47,CHAR(10),TEXT('Exp. oferente'!H47,"DD"),"/",TEXT('Exp. oferente'!H47,"MMMM"),"/",TEXT('Exp. oferente'!H47,"YYYY"), CHAR(10),DOLLAR('Exp. oferente'!J47)) -> SIN 30/noviembre/2015 $ 1.143.736.690,00 | N39: =+'Exp. oferente'!G66 -> 0 | Q39: =+CONCATENATE('Exp. oferente'!I66,CHAR(10),TEXT('Exp. oferente'!H66,"DD"),"/",TEXT('Exp. oferente'!H66,"MMMM"),"/",TEXT('Exp. oferente'!H66,"YYYY"), CHAR(10),DOLLAR('Exp. oferente'!J66)) -> SIN 00/enero/1900 $ 0,00 | T39: =+'Exp. oferente'!#REF! -> #REF! | W39: =+CONCATENATE('Exp. oferente'!#REF!,CHAR(10),TEXT('Exp. oferente'!#REF!,"DD"),"/",TEXT('Exp. oferente'!#REF!,"MMMM"),"/",TEXT('Exp. oferente'!#REF!,"YYYY"), CHAR(10),DOLLAR('Exp. oferente'!#REF!)) -> #REF! | Z39: =+'Exp. oferente'!#REF! -> #REF! | AC39: =+CONCATENATE('Exp. oferente'!#REF!,CHAR(10),TEXT('Exp. oferente'!#REF!,"DD"),"/",TEXT('Exp. oferente'!#REF!,"MMMM"),"/",TEXT('Exp. oferente'!#REF!,"YYYY"),CHAR(10),DOLLAR('Exp. oferente'!#REF!)) -> #REF!
B40: =+'Exp. oferente'!#REF! -> #REF! | C40: x | E40: =+CONCATENATE('Exp. oferente'!#REF!,CHAR(10),TEXT('Exp. oferente'!#REF!,"DD"),"/",TEXT('Exp. oferente'!#REF!,"MMMM"),"/",TEXT('Exp. oferente'!#REF!,"YYYY"), CHAR(10),DOLLAR('Exp. oferente'!#REF!)) -> #REF! | H40: =+'Exp. oferente'!G48 -> 0 | K40: =+CONCATENATE('Exp. oferente'!I48,CHAR(10),TEXT('Exp. oferente'!H48,"DD"),"/",TEXT('Exp. oferente'!H48,"MMMM"),"/",TEXT('Exp. oferente'!H48,"YYYY"), CHAR(10),DOLLAR('Exp. oferente'!J48)) -> SIN 00/enero/1900 $ 0,00 | N40: =+'Exp. oferente'!G67 -> 0 | Q40: =+CONCATENATE('Exp. oferente'!I67,CHAR(10),TEXT('Exp. oferente'!H67,"DD"),"/",TEXT('Exp. oferente'!H67,"MMMM"),"/",TEXT('Exp. oferente'!H67,"YYYY"), CHAR(10),DOLLAR('Exp. oferente'!J67)) -> SIN 00/enero/1900 $ 0,00 | T40: =+'Exp. oferente'!#REF! -> #REF! | W40: =+CONCATENATE('Exp. oferente'!#REF!,CHAR(10),TEXT('Exp. oferente'!#REF!,"DD"),"/",TEXT('Exp. oferente'!#REF!,"MMMM"),"/",TEXT('Exp. oferente'!#REF!,"YYYY"), CHAR(10),DOLLAR('Exp. oferente'!#REF!)) -> #REF! | Z40: =+'Exp. oferente'!#REF! -> #REF! | AC40: =+CONCATENATE('Exp. oferente'!#REF!,CHAR(10),TEXT('Exp. oferente'!#REF!,"DD"),"/",TEXT('Exp. oferente'!#REF!,"MMMM"),"/",TEXT('Exp. oferente'!#REF!,"YYYY"), CHAR(10),DOLLAR('Exp. oferente'!#REF!)) -> #REF!
B41: =+'Exp. oferente'!A7 -> 0 | F41: =+IF(AND(C42="X"),"CUMPLE","NO CUMPLE") -> NO CUMPLE | H41: =+'Exp. oferente'!A7 -> 0 | L41: =+IF(AND(I42="X"),"CUMPLE","NO CUMPLE") -> NO CUMPLE | N41: =+'Exp. oferente'!A7 -> 0 | R41: =+IF(AND(O42="X"),"CUMPLE","NO CUMPLE") -> NO CUMPLE | T41: =+'Exp. oferente'!A7 -> 0 | X41: =+IF(AND(U42="X"),"CUMPLE","NO CUMPLE") -> NO CUMPLE | Z41: =+'Exp. oferente'!A7 -> 0 | AD41: =+IF(AND(AA42="X"),"CUMPLE","NO CUMPLE") -> NO CUMPLE
D42: X
B43: =+'Exp. oferente'!A10 -> 0 | F43: =+IF(AND(C44="X"),"CUMPLE","NO CUMPLE") -> NO CUMPLE | H43: =+'Exp. oferente'!A10 -> 0 | L43: =+IF(AND(I44="X"),"CUMPLE","NO CUMPLE") -> NO CUMPLE | N43: =+'Exp. oferente'!A10 -> 0 | R43: =+IF(AND(O44="X"),"CUMPLE","NO CUMPLE") -> NO CUMPLE | T43: =+'Exp. oferente'!A10 -> 0 | X43: =+IF(AND(U44="X"),"CUMPLE","NO CUMPLE") -> NO CUMPLE | Z43: =+'Exp. oferente'!A10 -> 0 | AD43: =+IF(AND(AA44="X"),"CUMPLE","NO CUMPLE") -> NO CUMPLE
D44: X | F44: Dentro de los contratos aportados no se incluye ESTRUCTURACIÓN DE PROYECTOS PARA PLANTAS DE TRATAMIENTO DE AGUA RESIDUAL "PTAR", de valor igual o superior al valor del POE, expresado en SMMLV
A45: DOCUMENTACIÓN ACLARATORIA ENTREGADA POR LOS OFERENTES DE LA EXPERIENCIA ESPECÍFICA | G45: DOCUMENTACIÓN ACLARATORIA ENTREGADA POR LOS OFERENTES DE LA EXPERIENCIA ESPECÍFICA | M45: DOCUMENTACIÓN ACLARATORIA ENTREGADA POR LOS OFERENTES DE LA EXPERIENCIA ESPECÍFICA | S45: DOCUMENTACIÓN ACLARATORIA ENTREGADA POR LOS OFERENTES DE LA EXPERIENCIA ESPECÍFICA | Y45: DOCUMENTACIÓN ACLARATORIA ENTREGADA POR LOS OFERENTES DE LA EXPERIENCIA ESPECÍFICA
A46: CONCLUSIÓN EVALUACION EXPERIENCIA ESPECÍFICA | C46: =+IF(AND(F35="CUMPLE",F41="CUMPLE",F43="CUMPLE"),"CUMPLE","NO CUMPLE") -> NO CUMPLE | G46: CONCLUSIÓN EVALUACION EXPERIENCIA ESPECÍFICA | I46: =+IF(AND(L35="CUMPLE",L41="CUMPLE",L43="CUMPLE"),"CUMPLE","NO CUMPLE") -> NO CUMPLE | M46: CONCLUSIÓN EVALUACION EXPERIENCIA ESPECÍFICA | O46: =+IF(AND(R35="CUMPLE",R41="CUMPLE",R43="CUMPLE"),"CUMPLE","NO CUMPLE") -> NO CUMPLE | S46: CONCLUSIÓN EVALUACION EXPERIENCIA ESPECÍFICA | U46: =+IF(AND(X35="CUMPLE",X41="CUMPLE",X43="CUMPLE"),"CUMPLE","NO CUMPLE") -> NO CUMPLE | Y46: CONCLUSIÓN EVALUACION EXPERIENCIA ESPECÍFICA | AA46: =+IF(AND(AD35="CUMPLE",AD41="CUMPLE",AD43="CUMPLE"),"CUMPLE","NO CUMPLE") -> NO CUMPLE
A47: 3.4.2 | B47: PERSONAL PRINCIPAL REQUERIDO | G47: =+A47 -> 3.4.2 | H47: =+B47 -> PERSONAL PRINCIPAL REQUERIDO | M47: =+A47 -> 3.4.2 | N47: =+B47 -> PERSONAL PRINCIPAL REQUERIDO | S47: =+A47 -> 3.4.2 | T47: =+B47 -> PERSONAL PRINCIPAL REQUERIDO | Y47: =+A47 -> 3.4.2 | Z47: =+B47 -> PERSONAL PRINCIPAL REQUERIDO
B48: =+#REF! -> #REF! | F48: =+IF(AND(C50="X",C49="X"),"CUMPLE","NO CUMPLE") -> NO CUMPLE | H48: =+#REF! -> #REF! | L48: =+IF(AND(I50="X"),"CUMPLE","NO CUMPLE") -> NO CUMPLE | N48: =+#REF! -> #REF! | R48: =+IF(AND(O50="X"),"CUMPLE","NO CUMPLE") -> NO CUMPLE | T48: =+#REF! -> #REF! | X48: =+IF(AND(U50="X"),"CUMPLE","NO CUMPLE") -> NO CUMPLE | Z48: =+#REF! -> #REF! | AD48: =+IF(AND(AA50="X"),"CUMPLE","NO CUMPLE") -> NO CUMPLE
B49: =+#REF! -> #REF! | C49: X | H49: =+#REF! -> #REF! | N49: =+#REF! -> #REF! | T49: =+#REF! -> #REF! | Z49: =+#REF! -> #REF!
B50: =+#REF! -> #REF! | D50: X | F50: No cumple con el postgrado posgrado en: Ingenieria Hiraulica y/o sanitaria y/o ambiental y/o agua y saneamiento ambiental y/o recursos hidricos y/o recursos hidraulicos y medio ambiente y/o saneamiento ambiental y/o hidrosistemas y/o gerencia de proyectos y/o gestión de proyectosy/o economia y/o servicios publicos domiciliarios | H50: =+#REF! -> #REF! | N50: =+#REF! -> #REF! | T50: =+#REF! -> #REF! | Z50: =+#REF! -> #REF!
B51: =+#REF! -> #REF! | F51: =+IF(AND(C52="X",C53="X",C54="X",C55="X",C56="X"),"CUMPLE","NO CUMPLE") -> NO CUMPLE | H51: =+#REF! -> #REF! | L51: =+IF(AND(I52="X",I53="X",I54="X",I55="X",I56="X"),"CUMPLE","NO CUMPLE") -> NO CUMPLE | N51: =+#REF! -> #REF! | R51: =+IF(AND(O52="X",O53="X",O54="X",O55="X",O56="X"),"CUMPLE","NO CUMPLE") -> NO CUMPLE | T51: =+#REF! -> #REF! | X51: =+IF(AND(U52="X",U53="X",U54="X",U55="X",U56="X"),"CUMPLE","NO CUMPLE") -> NO CUMPLE | Z51: =+#REF! -> #REF! | AD51: =+IF(AND(AA52="X",AA53="X",AA54="X",AA55="X",AA56="X"),"CUMPLE","NO CUMPLE") -> NO CUMPLE
B52: =+#REF! -> #REF! | C52: X | E52: =+#REF! -> #REF! | H52: =+#REF! -> #REF! | K52: =+#REF! -> #REF! | N52: =+#REF! -> #REF! | Q52: =+#REF! -> #REF! | T52: =+#REF! -> #REF! | W52: =+#REF! -> #REF! | Z52: =+#REF! -> #REF! | AC52: =+#REF! -> #REF!
B53: =+#REF! -> #REF! | C53: X | E53: =+#REF! -> #REF! | H53: =+#REF! -> #REF! | K53: =+#REF! -> #REF! | N53: =+#REF! -> #REF! | Q53: =+#REF! -> #REF! | T53: =+#REF! -> #REF! | W53: =+#REF! -> #REF! | Z53: =+#REF! -> #REF! | AC53: =+#REF! -> #REF!
B54: =+#REF! -> #REF! | E54: =+#REF! -> #REF! | H54: =+#REF! -> #REF! | K54: =+#REF! -> #REF! | N54: =+#REF! -> #REF! | Q54: =+#REF! -> #REF! | T54: =+#REF! -> #REF! | W54: =+#REF! -> #REF! | Z54: =+#REF! -> #REF! | AC54: =+#REF! -> #REF!
B55: =+#REF! -> #REF! | D55: X | E55: =+#REF! -> #REF! | F55: DENTRO DE LA CERTIFICACIÓN NO CONTIENE LA FECHA DE TERMNIACIÓN DEL RPOYECTO | H55: =+#REF! -> #REF! | K55: =+#REF! -> #REF! | N55: =+#REF! -> #REF! | Q55: =+#REF! -> #REF! | T55: =+#REF! -> #REF! | W55: =+#REF! -> #REF! | Z55: =+#REF! -> #REF! | AC55: =+#REF! -> #REF!
B56: =+#REF! -> #REF! | D56: X | E56: =+#REF! -> #REF! | F56: NO CUMPLE CON LA EXPERIENCIA SOLICITADA EN Estructuración de proyectos para sistemas de: agua potable y/o acueductos y/o alcantarillados sanitarios y/o tratamiento de aguas residuales | H56: =+#REF! -> #REF! | K56: =+#REF! -> #REF! | N56: =+#REF! -> #REF! | Q56: =+#REF! -> #REF! | T56: =+#REF! -> #REF! | W56: =+#REF! -> #REF! | Z56: =+#REF! -> #REF! | AC56: =+#REF! -> #REF!
B57: =+#REF! -> #REF! | F57: =+IF(AND(C58="X"),"CUMPLE","NO CUMPLE") -> CUMPLE | H57: =+#REF! -> #REF! | L57: =+IF(AND(I58="X"),"CUMPLE","NO CUMPLE") -> NO CUMPLE | N57: =+#REF! -> #REF! | R57: =+IF(AND(O58="X"),"CUMPLE","NO CUMPLE") -> NO CUMPLE | T57: =+#REF! -> #REF! | X57: =+IF(AND(U58="X"),"CUMPLE","NO CUMPLE") -> NO CUMPLE | Z57: =+'Exp. oferente'!A22 -> 0 | AD57: =+IF(AND(AA58="X"),"CUMPLE","NO CUMPLE") -> NO CUMPLE
B58: =+#REF! -> #REF! | C58: X
A59: DOCUMENTACIÓN ACLARATORIA ENTREGADA POR LOS OFERENTES DE LA EXPERIENCIA PERSONAL PRINCIPAL REQUERIDO | C59: EL OFERENTE APORTO DOCUMENTACIÓN CON RADICADO No 2016-430053974-2 remitido el día 01 de agosto de 2016 | G59: DOCUMENTACIÓN ACLARATORIA ENTREGADA POR LOS OFERENTES DE LA EXPERIENCIA PERSONAL PRINCIPAL REQUERIDO | M59: DOCUMENTACIÓN ACLARATORIA ENTREGADA POR LOS OFERENTES DE LA EXPERIENCIA PERSONAL PRINCIPAL REQUERIDO | S59: DOCUMENTACIÓN ACLARATORIA ENTREGADA POR LOS OFERENTES DE LA EXPERIENCIA PERSONAL PRINCIPAL REQUERIDO | Y59: DOCUMENTACIÓN ACLARATORIA ENTREGADA POR LOS OFERENTES DE LA EXPERIENCIA PERSONAL PRINCIPAL REQUERIDO
A60: CONCLUSIÓN EVALUACION EXPERIENCIA PERSONAL PRINCIPAL REQUERIDO | C60: =+IF(AND(F48="CUMPLE",F51="CUMPLE",F57="CUMPLE"),"CUMPLE","NO CUMPLE") -> NO CUMPLE | G60: CONCLUSIÓN EVALUACION EXPERIENCIA PERSONAL PRINCIPAL REQUERIDO | I60: =+IF(AND(L48="CUMPLE",L51="CUMPLE",L57="CUMPLE"),"CUMPLE","NO CUMPLE") -> NO CUMPLE | M60: CONCLUSIÓN EVALUACIONEXPERIENCIA PERSONAL PRINCIPAL REQUERIDO | O60: =+IF(AND(R48="CUMPLE",R51="CUMPLE",R57="CUMPLE"),"CUMPLE","NO CUMPLE") -> NO CUMPLE | S60: CONCLUSIÓN EVALUACION EXPERIENCIA PERSONAL PRINCIPAL REQUERIDO | U60: =+IF(AND(X48="CUMPLE",X51="CUMPLE",X57="CUMPLE"),"CUMPLE","NO CUMPLE") -> NO CUMPLE | Y60: CONCLUSIÓN EVALUACION EXPERIENCIA PERSONAL PRINCIPAL REQUERIDO | AA60: =+IF(AND(AD48="CUMPLE",AD51="CUMPLE",AD57="CUMPLE"),"CUMPLE","NO CUMPLE") -> NO CUMPLE
A61: 3.4.3 | B61: METODOLOGIA Y CORNOGRAMA | G61: =+A61 -> 3.4.3 | H61: =+B61 -> METODOLOGIA Y CORNOGRAMA | M61: =+A61 -> 3.4.3 | N61: =+B61 -> METODOLOGIA Y CORNOGRAMA | S61: =+A61 -> 3.4.3 | T61: =+B61 -> METODOLOGIA Y CORNOGRAMA | Y61: =+A61 -> 3.4.3 | Z61: =+B61 -> METODOLOGIA Y CORNOGRAMA
B62: ANALISIS DE LA NECESIDAD | C62: X | F62: =+IF(AND(C62="X"),"CUMPLE","NO CUMPLE") -> CUMPLE
B63: PLANTEAMIENTO DE ALTERNATIVAS EFECTIVAS DE SOLUCIÓN | C63: X | F63: =+IF(AND(C63="X"),"CUMPLE","NO CUMPLE") -> CUMPLE
B64: SELECCIÓN DE LA MEJOR ALTERNATIVA | C64: X | F64: =+IF(AND(C64="X"),"CUMPLE","NO CUMPLE") -> CUMPLE
B65: GENERACIÓN DE ESTUDIOS Y DISEÑOS | C65: X | F65: =+IF(AND(C65="X"),"CUMPLE","NO CUMPLE") -> CUMPLE
B66: ESTRUCTURACIÓN FINANCERA Y LEGAL | C66: X | F66: =+IF(AND(C66="X"),"CUMPLE","NO CUMPLE") -> CUMPLE
B67: DETERMINACIÓN DE LAS HERRAMIENTAS DE FORTALECIMIENTO EN LA ESTRUCTURACIÓN Y PRESENTACIÓN DE PROYECTOS DE LOS MUNICIPIOS ANTE LOS OCAD | C67: X | F67: =+IF(AND(C67="X"),"CUMPLE","NO CUMPLE") -> CUMPLE
B68: DETERMINACIÓN DE POSIBLES ACTIVIDADES OPERATIVAS Y CONTRACTUALES QUE DEMANDEN LOS PROCESOS | C68: X | F68: =+IF(AND(C68="X"),"CUMPLE","NO CUMPLE") -> CUMPLE
B69: ARTICULACIÓN PROPUESTA PARA LA ESTRCUTURACIÓN INTEGRAL ENTRE LOS COMPONENTES FINANCIERO, JURIDICO Y TÉCNICO , SE DEBE RELACIONAR: | C69: X | F69: =+IF(AND(C69="X"),"CUMPLE","NO CUMPLE") -> CUMPLE
B70: 1. DESCRIPCIÓN DEL DESARROLLO DE LA ACTIVIDAD O FASE | C70: X | F70: =+IF(AND(C70="X"),"CUMPLE","NO CUMPLE") -> CUMPLE
B71: 2. REGISTRO DE PROFESIONALES A PARTICIPÁR, ROLES Y MEDIOS DE CONTACTO | C71: X | F71: =+IF(AND(C71="X"),"CUMPLE","NO CUMPLE") -> CUMPLE
B72: 3. ESQUEMAS DE TRABAJO | C72: X | F72: =+IF(AND(C72="X"),"CUMPLE","NO CUMPLE") -> CUMPLE
B73: 4. RECURSOS LOGISTICOS DISPONIBLES PARA EL DESARROLLO DE LA CONSULTORIA | C73: X | F73: =+IF(AND(C73="X"),"CUMPLE","NO CUMPLE") -> CUMPLE
... B76: CRONOGRAMA DETALLADO EN FORMATO PROJECT O EXCEL, EN EL CUAL SE DEFINA LA RUTA CRITICA DE LOS TRABAJOS Y SUS RESPONSABLES, EN ESTE CAPITULO SE DEBA INCLUIR LA DISTRIBUCIÓN DE LOS TIEMPOS DE LAS ACTIVIDADES A DESARROLLAR, SUS PLAZOS FECHAS DE INICIO Y FINALIZACIÓN. SE TENDRA EN CUENTA LA VIABILIDAD DE CRONOGRAMA, LA COHERENCIA EN EL DESARROLLO DE LAS ACTIVIDADES, LOS TIEMPOS FIJADOS PARA LA ENTREGA DE CADA UNO DE LOS INFORMES Y LA CLARIDAD EN SU PRESENTACIÓN | C76: X | F76: =+IF(AND(C76="X"),"CUMPLE","NO CUMPLE") -> CUMPLE
A77: CONCLUSIÓN EVALUACION METODOLOGIA Y CORONOGRAMA | C77: =+IF(AND(F62="CUMPLE",F63="CUMPLE",F64="CUMPLE",F65="CUMPLE",F66="CUMPLE",F67="CUMPLE",F68="CUMPLE",F69="CUMPLE",F70="CUMPLE",F71="CUMPLE",F72="CUMPLE",F73="CUMPLE", F74="CUMPLE",F75="CUMPLE",F76="CUMPLE"),"CUMPLE","NO CUMPLE") -> CUMPLE
A78: CONCLUSIÓN DEL OFERENTE | C78: =+IF(AND(F19="CUMPLE",F30="CUMPLE",F46="CUMPLE"),"CUMPLE","NO CUMPLE") -> NO CUMPLE | G78: CONCLUSIÓN DEL OFERENTE | I78: =+IF(AND(L19="CUMPLE",L30="CUMPLE",L46="CUMPLE"),"CUMPLE","NO CUMPLE") -> NO CUMPLE | M78: CONCLUSIÓN DEL OFERENTE | O78: =+IF(AND(R19="CUMPLE",R30="CUMPLE",R46="CUMPLE"),"CUMPLE","NO CUMPLE") -> NO CUMPLE | S78: CONCLUSIÓN DEL OFERENTE | U78: =+IF(AND(X19="CUMPLE",X30="CUMPLE",X46="CUMPLE"),"CUMPLE","NO CUMPLE") -> NO CUMPLE | Y78: CONCLUSIÓN DEL OFERENTE | AA78: =+IF(AND(AD19="CUMPLE",AD30="CUMPLE",AD46="CUMPLE"),"CUMPLE","NO CUMPLE") -> NO CUMPLE
A80: CAUSALES DE RECHAZO (SI APLICA) | G80: CAUSALES DE RECHAZO (SI APLICA) | M80: CAUSALES DE RECHAZO (SI APLICA) | S80: CAUSALES DE RECHAZO (SI APLICA) | Y80: CAUSALES DE RECHAZO (SI APLICA)
A81: OBSERVACIONES ADICIONALES | G81: OBSERVACIONES ADICIONALES | M81: OBSERVACIONES ADICIONALES | S81: OBSERVACIONES ADICIONALES | Y81: OBSERVACIONES ADICIONALES
A82: CONCLUSIÓN FINAL DE LA EVALUACIÓN DEL OFERENTE | C82: NO CUMPLE | G82: CONCLUSIÓN FINAL DE LA EVALUACIÓN DEL OFERENTE | I82: NO CUMPLE | M82: CONCLUSIÓN FINAL DE LA EVALUACIÓN DEL OFERENTE | O82: NO CUMPLE | S82: CONCLUSIÓN FINAL DE LA EVALUACIÓN DEL OFERENTE | U82: NO CUMPLE | Y82: CONCLUSIÓN FINAL DE LA EVALUACIÓN DEL OFERENTE | AA82: NO CUMPLE
A615: NO CUMPLE | G615: NO CUMPLE | M615: NO CUMPLE | S615: NO CUMPLE | Y615: NO CUMPLE
A616: CUMPLE | G616: CUMPLE | M616: CUMPLE | S616: CUMPLE | Y616: CUMPLE
A617: PENDIENTE | G617: PENDIENTE | M617: PENDIENTE | S617: PENDIENTE | Y617: PENDIENTE
A618: NO HABILITADO | G618: NO HABILITADO | M618: NO HABILITADO | S618: NO HABILITADO | Y618: NO HABILITADO
A619: HABILITADO | G619: HABILITADO | M619: HABILITADO | S619: HABILITADO | Y619: HABILITADO
A620: RECHAZADO | G620: RECHAZADO | M620: RECHAZADO | S620: RECHAZADO | Y620: RECHAZADO
A621: PENDIENTE | G621: PENDIENTE | M621: PENDIENTE | S621: PENDIENTE | Y621: PENDIENTE

Sheet CONCLUSION
A1: UNIDAD DE SERVICIOS PENITENCIARIOS Y CARCELARIOS
A4: “REHABILITACIÓN ESTRUCTURAL DE LA BOCATOMA UBICADA EN LOS LÍMITES DE LA JURISDICCIÓN DE LOS MUNICIPIOS DE CÓMBITA, TUTA Y SOTAQUIRÁ” INVITACION PUBLICA N° USPEC- IP-MC-60-2019
A6: ANÁLISIS POR EL SISTEMA DE COSTOS POR PERSONAL Y FACTOR MULTIPLICADOR
A7: No. | B7: NOMBRE DEL OFERENTE | C7: REQUISITOS TECNICOS HABILITANTES | D7: OBSERVACIONES
A8: 1 | B8: =+Conformación!B5 -> CONSTRUNAL DE AGUAS SAS | C8: NO CUMPLE | D8: VER EVALUACION TECNICA. EL VALOR DE LA OFERTA ECONOMICA ES DE $53.884.669,00 (VALOR AJUSTADO)

Sheet FORMATO ECONOMICO ETAPA II
A2: OFERENTE | B2: 1 | C2: =VLOOKUP(B2,Conformación!$A$5:$N$129,2,FALSE) -> CONSTRUNAL DE AGUAS SAS | M2: FACTOR MULTIPLICADOR MINIMO | N2: 1.92
C3: =Conformación!D5 -> (CONSTRUNAL DE AGUAS SAS 100% - 0% - 0%- 0%- 0%)
A6: FORMATO 07 A
A7: PERSONAL PROFESIONAL
A8: CONCEPTO | B8: A | C8: B | D8: C | E8: D | F8: E | H8: F
A9: Personal Profesional | B9: Cantidad | C9: Sueldo Mes Básico | D9: % Dedicación | E9: F.M. (%) | F9: Valor Mes (AxBxCxD) | H9: No. Meses | I9: Total Parcial (ExF)
A10: Director de consultoria | B10: 1 | C10: 6000000 | D10: 0.1 | E10: 1.92 | F10: =+ROUND(B10*C10*D10*E10,0) -> 1152000 | H10: 2.5 | I10: =+ROUND(H10*F10,0) -> 2880000
A11: Coordinador tecnico de diseños | B11: 1 | C11: 5500000 | D11: 1 | E11: =E10 -> 1.92 | F11: =+ROUND(B11*C11*D11*E11,0) -> 10560000 | H11: 2.5 | I11: =+ROUND(H11*F11,0) -> 26400000
A12: Arquitecto diseñador | B12: 1 | C12: 4500000 | D12: 0.7 | E12: =E11 -> 1.92 | F12: =+ROUND(B12*C12*D12*E12,0) -> 6048000 | H12: 2.5 | I12: =+ROUND(H12*F12,0) -> 15120000
A16: SUBTOTAL COSTO PERSONAL PROFESIONAL (1) | I16: =+ ROUND(SUM(I10:I15),0) -> 44400000
A17: PERSONAL TÉCNICO
A18: Personal Técnico | B18: Cantidad | C18: Sueldo Mes Básico | D18: % Dedicación | E18: F.M. % | F18: Valor Mes (AxBxCxD) | H18: No. Meses | I18: Total Parcial (ExF)
A19: Especialista ambiental | B19: 1 | C19: 4500000 | D19: 0.15 | E19: 1.92 | F19: =+ROUND(B19*C19*D19*E19,0) -> 1296000 | H19: 2.5 | I19: =+ROUND(H19*F19,0) -> 3240000
A20: Especialista estructural | B20: 1 | C20: 4500000 | D20: 0.4 | E20: 1.92 | F20: =+ROUND(B20*C20*D20*E20,0) -> 3456000 | H20: 2.5 | I20: =+ROUND(H20*F20,0) -> 8640000
A21: Especialista en geotecnia | B21: 1 | C21: 4500000 | D21: 0.2 | E21: 1.92 | F21: =+ROUND(B21*C21*D21*E21,0) -> 1728000 | H21: 2.5 | I21: =+ROUND(H21*F21,0) -> 4320000
A22: Especialiosta electromecanico | B22: 1 | C22: 4500000 | D22: 0.4 | E22: 1.92 | F22: =+ROUND(B22*C22*D22*E22,0) -> 3456000 | H22: 2.5 | I22: =+ROUND(H22*F22,0) -> 8640000
A23: Especialista hidraulico | B23: 1 | C23: 4500000 | D23: 0.4 | E23: 1.92 | F23: =+ROUND(B23*C23*D23*E23,0) -> 3456000 | H23: 2.5 | I23: =+ROUND(H23*F23,0) -> 8640000
A24: Profesional costos y presupuesto | B24: 1 | C24: 4000000 | D24: 0.45 | E24: 1.92 | F24: =+ROUND(B24*C24*D24*E24,0) -> 3456000 | H24: 2.5 | I24: =+ROUND(H24*F24,0) -> 8640000
A25: Especilaista bioclimatico | B25: 1 | C25: 4500000 | D25: 0.2 | E25: 1.92 | F25: =+ROUND(B25*C25*D25*E25,0) -> 1728000 | H25: 2.5 | I25: =+ROUND(H25*F25,0) -> 4320000
A26: Especialista institucional | B26: 1 | C26: 4500000 | D26: 0.3 | E26: 1.92 | F26: =+ROUND(B26*C26*D26*E26,0) -> 2592000 | H26: 2.5 | I26: =+ROUND(H26*F26,0) -> 6480000
A27: SUBTOTAL COSTO PERSONAL TECNICO (2) | I27: =+ ROUND(SUM(I19:I26),0) -> 52920000
A28: OTROS COSTOS DIRECTOS
A29: Otros costos directos | D29: UND | F29: Cantidad | H29: Vr. Unitario | I29: Total
A30: GASTOS GENERALES, PAPELERIA, FOTOGRAFIAS, DIGITACION, EQUIPOS DE COMUNICACIÓN, TRANSPORTE, Y DEMAS GASTOS ADMINISTRATIVOS | D30: GBL | F30: 1 | H30: 18700000 | I30: =+ROUND(H30*F30,0) -> 18700000
I31: =+ROUND(H31*F31,0) -> 0
I32: =+ROUND(H32*F32,0) -> 0
I33: =+ROUND(H33*F33,0) -> 0
I34: 0
I35: 0
A36: SUBTOTAL OTROS COSTOS DIRECTOS (3) | I36: =+ ROUND(SUM(I30:I35),0) -> 18700000
A37: RESUMEN GENERAL
A38: COSTO TOTAL (1 + 2 + 3) | I38: =+ROUND(I36+I27+I16,0) -> 116020000
A39: IVA 16% | I39: =+ROUND(I38*0.16,0) -> 18563200
A40: VALOR TOTAL COSTO CONSULTORÍA | I40: =+ROUND(SUM(I38:I39),0) -> 134583200 | J40: VALOR FORMATO 07 | M40: 134678536
A42: OFERENTE | B42: 2 | C42: =VLOOKUP(B42,Conformación!$A$5:$N$129,2,FALSE) -> 0
C43: =Conformación!D6 -> ( 0% - 0% - 0%- 0%- 0%)
A46: FORMATO 07 A
A47: PERSONAL PROFESIONAL
A48: CONCEPTO | B48: A | C48: B | D48: C | E48: D | F48: E | H48: F
A49: Personal Profesional | B49: Cantidad | C49: Sueldo Mes Básico | D49: % Dedicación | E49: F.M. (%) | F49: Valor Mes (AxBxCxD) | H49: No. Meses | I49: Total Parcial (ExF)
A50: Director de inteventoria | B50: 1 | C50: 6000000 | D50: 0.5 | E50: 2.3 | F50: =+ROUND(B50*C50*D50*E50,0) -> 6900000 | H50: 4.5 | I50: =+ROUND(H50*F50,0) -> 31050000
A51: Residente de interventoria | B51: 2 | C51: 3000000 | D51: 1 | E51: 2.3 | F51: =+ROUND(B51*C51*D51*E51,0) -> 13800000 | H51: 4.5 | I51: =+ROUND(H51*F51,0) -> 62100000
A52: Profesional de costos y presupuestos | B52: 1 | C52: 3500000 | D52: 0.5 | E52: 2.3 | F52: =+ROUND(B52*C52*D52*E52,0) -> 4025000 | H52: 4.5 | I52: =+ROUND(H52*F52,0) -> 18112500
A53: Profesional de calidad | B53: 1 | C53: 3500000 | D53: 0.5 | E53: 2.3 | F53: =+ROUND(B53*C53*D53*E53,0) -> 4025000 | H53: 4.5 | I53: =+ROUND(H53*F53,0) -> 18112500
A54: Profesional de seguridad industrial | B54: 1 | C54: 3500000 | D54: 0.3 | E54: 2.3 | F54: =+ROUND(B54*C54*D54*E54,0) -> 2415000 | H54: 4.5 | I54: =+ROUND(H54*F54,0) -> 10867500
A56: SUBTOTAL COSTO PERSONAL PROFESIONAL (1) | I56: =+ ROUND(SUM(I50:I55),0) -> 140242500
A57: PERSONAL TÉCNICO
A58: Personal Técnico | B58: Cantidad | C58: Sueldo Mes Básico | D58: % Dedicación | E58: F.M. % | F58: Valor Mes (AxBxCxD) | H58: No. Meses | I58: Total Parcial (ExF)
A59: Inspector de interventoria | B59: 3 | C59: 1800000 | D59: 1 | E59: 2.3 | F59: =+ROUND(B59*C59*D59*E59,0) -> 12420000 | H59: 4.5 | I59: =+ROUND(H59*F59,0) -> 55890000
A60: Topografo | B60: 1 | C60: 1800000 | D60: 0.3 | E60: 2.3 | F60: =+ROUND(B60*C60*D60*E60,0) -> 1242000 | H60: 4.5 | I60: =+ROUND(H60*F60,0) -> 5589000
A61: Cadenero | B61: 1 | C61: 900000 | D61: 0.3 | E61: 2.3 | F61: =+ROUND(B61*C61*D61*E61,0) -> 621000 | H61: 4.5 | I61: =+ROUND(H61*F61,0) -> 2794500
A63: SUBTOTAL COSTO PERSONAL TECNICO (2) | I63: =+ ROUND(SUM(I59:I62),0) -> 64273500
A64: OTROS COSTOS DIRECTOS
A65: Otros costos directos | D65: UND | F65: Cantidad | H65: Vr. Unitario | I65: Total
A66: OTROS COSTOS DIRECTOS | D66: MES | F66: 4.5 | H66: 13500000 | I66: =+ROUND(H66*F66,0) -> 60750000
I67: =+ROUND(H67*F67,0) -> 0
I68: =+ROUND(H68*F68,0) -> 0
I69: =+ROUND(H69*F69,0) -> 0
I70: 0
I71: 0
A72: SUBTOTAL OTROS COSTOS DIRECTOS (3) | I72: =+ ROUND(SUM(I66:I71),0) -> 60750000
A73: RESUMEN GENERAL
A74: COSTO TOTAL (1 + 2 + 3) | I74: =+ROUND(I72+I63+I56,0) -> 265266000
A75: IVA 16% | I75: =+ROUND(I74*0.16,0) -> 42442560
A76: VALOR TOTAL COSTO CONSULTORÍA | I76: =+ROUND(SUM(I74:I75),0) -> 307708560 | J76: VALOR FORMATO 07 | M76: 307748760
A77: OTROS COSTOS DIRECTOS
A78: Otros costos directos | F78: Cantidad | H78: Vr. Unitario | I78: Total
I79: 0
I80: 0
I81: 0
I82: 0
I83: 0
I84: 0
I85: 0
I86: 0
I87: 0
I88: 0
I89: 0
I90: 0
A91: SUBTOTAL OTROS COSTOS DIRECTOS (3) | I91: 0
A92: RESUMEN GENERAL
A93: COSTO TOTAL (1 + 2 + 3) | I93: 0
A94: IVA 16% | I94: 0
A95: VALOR TOTAL COSTO FIJO INTERVENTORÍA | I95: 0 | J95: VALOR FORMATO 07
A98: 0 | B98: 3 | C98: 0
C99: ( 0% - 0% - 0%- 0%- 0%)
A102: FORMATO 07 A - FASE I
A103: PERSONAL PROFESIONAL
A104: CONCEPTO | B104: A | C104: B | D104: C | E104: D | F104: E | H104: F
A105: Personal Profesional | B105: Cantidad | C105: Sueldo Mes Básico | D105: % Dedicación | E105: F.M. (%) | F105: Valor Mes (AxBxCxD) | H105: No. Meses | I105: Total Parcial (ExF)
F106: 0 | I106: 0
E107: 0 | F107: 0 | H107: 0 | I107: 0
E108: 0 | F108: 0 | H108: 0 | I108: 0
E109: 0 | F109: 0 | H109: 0 | I109: 0
E110: 0 | F110: 0 | H110: 0 | I110: 0
E111: 0 | F111: 0 | H111: 0 | I111: 0
E112: 0 | F112: 0 | H112: 0 | I112: 0
E113: 0 | F113: 0 | H113: 0 | I113: 0
E114: 0 | F114: 0 | H114: 0 | I114: 0
E115: 0 | F115: 0 | H115: 0 | I115: 0
...

Sheet FORMATOS FASE 1  (2)
A2: OFERENTE | B2: 1 | C2: =VLOOKUP(B2,Conformación!$A$5:$N$129,2,FALSE) -> CONSTRUNAL DE AGUAS SAS | M2: FACTOR MULTIPLICADOR MINIMO | N2: 2.02
C3: (DPC INGENIEROS SAS 23% - MSING SAS 6% - SIGT INGENIEROS Y CONSULTORES SAS 51%-INGENIEROS Y CONSULTORES MCM SAS 20%- 0%)
A6: FORMATO 07 A
A7: PERSONAL PROFESIONAL
A8: CONCEPTO | B8: A | C8: B | D8: C | E8: D | F8: E | H8: F
A9: Personal Profesional | B9: Cantidad | C9: Sueldo Mes Básico | D9: % Dedicación | E9: F.M. (%) | F9: Valor Mes (AxBxCxD) | H9: No. Meses | I9: Total Parcial (ExF)
A10: Director en Estructuración | B10: 1 | C10: 7000000 | D10: 0.1 | E10: 1.95 | F10: =+ROUND(B10*C10*D10*E10,0) -> 1365000 | H10: 4 | I10: =+ROUND(H10*F10,0) -> 5460000
A11: Líder de Estructuración Financiera | B11: 1 | C11: 7000000 | D11: 0.1 | E11: 1.95 | F11: =+ROUND(B11*C11*D11*E11,0) -> 1365000 | H11: 4 | I11: =+ROUND(H11*F11,0) -> 5460000
A12: Líder de Estructuración Jurídica | B12: 1 | C12: 7000000 | D12: 0.1 | E12: 1.95 | F12: =+ROUND(B12*C12*D12*E12,0) -> 1365000 | H12: 4 | I12: =+ROUND(H12*F12,0) -> 5460000
A13: Especialista Hidráulico | B13: 1 | C13: 6000000 | D13: 0.5 | E13: 1.95 | F13: =+ROUND(B13*C13*D13*E13,0) -> 5850000 | H13: 4 | I13: =+ROUND(H13*F13,0) -> 23400000
A14: Especialista área social | B14: 1 | C14: 3360000 | D14: 0.5 | E14: 1.95 | F14: =+ROUND(B14*C14*D14*E14,0) -> 3276000 | H14: 4 | I14: =+ROUND(H14*F14,0) -> 13104000
A15: Especialista Institucional | B15: 1 | C15: 5200000 | D15: 0.3 | E15: 1.95 | F15: =+ROUND(B15*C15*D15*E15,0) -> 3042000 | H15: 4 | I15: =+ROUND(H15*F15,0) -> 12168000
A16: Especialista Jurídico Catastral | B16: 1 | C16: 5300000 | D16: 0.15 | E16: 1.95 | F16: =+ROUND(B16*C16*D16*E16,0) -> 1550250 | H16: 4 | I16: =+ROUND(H16*F16,0) -> 6201000
A17: Especialista Ambiental | B17: 1 | C17: 5300000 | D17: 0.5 | E17: 1.95 | F17: =+ROUND(B17*C17*D17*E17,0) -> 5167500 | H17: 4 | I17: =+ROUND(H17*F17,0) -> 20670000
A18: Especialista Estructural | B18: 1 | C18: 5300000 | D18: 0.25 | E18: 1.95 | F18: =+ROUND(B18*C18*D18*E18,0) -> 2583750 | H18: 4 | I18: =+ROUND(H18*F18,0) -> 10335000
A19: Especialista Geotécnia | B19: 1 | C19: 5200000 | D19: 0.25 | E19: 1.95 | F19: =+ROUND(B19*C19*D19*E19,0) -> 2535000 | H19: 4 | I19: =+ROUND(H19*F19,0) -> 10140000
A20: Especialista Electro mecánico | B20: 1 | C20: 5300000 | D20: 0.25 | E20: 1.95 | F20: =+ROUND(B20*C20*D20*E20,0) -> 2583750 | H20: 4 | I20: =+ROUND(H20*F20,0) -> 10335000
A21: Ingeniero de Costos y presupuestos | B21: 1 | C21: 3360000 | D21: 0.3 | E21: 1.95 | F21: =+ROUND(B21*C21*D21*E21,0) -> 1965600 | H21: 4 | I21: =+ROUND(H21*F21,0) -> 7862400
A22: Topógrafo | B22: 1 | C22: 3360000 | D22: 0.35 | E22: 1.95 | F22: =+ROUND(B22*C22*D22*E22,0) -> 2293200 | H22: 4 | I22: =+ROUND(H22*F22,0) -> 9172800
F23: 0 | I23: 0
F24: 0 | I24: 0
F25: 0 | I25: 0
A26: SUBTOTAL COSTO PERSONAL PROFESIONAL (1) | I26: =+ ROUND(SUM(I10:I25),0) -> 139768200
A27: PERSONAL TÉCNICO
A28: Personal Técnico | B28: Cantidad | C28: Sueldo Mes Básico | D28: % Dedicación | E28: F.M. % | F28: Valor Mes (AxBxCxD) | H28: No. Meses | I28: Total Parcial (ExF)
A29: Cadenero | B29: 1 | C29: 1170000 | D29: 0.25 | E29: 1.95 | F29: =+ROUND(B29*C29*D29*E29,0) -> 570375 | H29: 4 | I29: =+ROUND(H29*F29,0) -> 2281500
A30: Dibujante | B30: 1 | C30: 1549000 | D30: 0.25 | E30: 1.95 | F30: =+ROUND(B30*C30*D30*E30,0) -> 755138 | H30: 4 | I30: =+ROUND(H30*F30,0) -> 3020552 | J30: subsanó.
E31: 2.2 | F31: 0 | I31: 0
E32: 2.2 | F32: 0 | I32: 0
A33: SUBTOTAL COSTO PERSONAL TECNICO (2) | I33: =+ ROUND(SUM(I29:I32),0) -> 5302052
A34: OTROS COSTOS DIRECTOS
A35: Otros costos directos | D35: UND | F35: Cantidad | H35: Vr. Unitario | I35: Total
A36: OFICINA | D36: global | F36: 1 | H36: 6000000 | I36: =+ROUND(H36*F36,0) -> 6000000
A37: PAPELERIA E IMPRESIÓN INFORMES Y PLANOS | D37: global | F37: 1 | H37: 3699998 | I37: =+ROUND(H37*F37,0) -> 3699998
A38: PASAJES Y VIATICOS | D38: global | F38: 1 | H38: 11500000 | I38: =+ROUND(H38*F38,0) -> 11500000
A39: TRANSPORTE (DISPONIBILIDAD DE VEHICULO) | D39: global | F39: 1 | H39: 8000000 | I39: =+ROUND(H39*F39,0) -> 8000000
I40: 0
I41: 0
I42: 0
I43: 0
I44: 0
I45: 0
I46: 0
I47: 0
A48: SUBTOTAL OTROS COSTOS DIRECTOS (3) | I48: =+ ROUND(SUM(I36:I47),0) -> 29199998
A49: RESUMEN GENERAL
A50: COSTO TOTAL (1 + 2 + 3) | I50: =+ROUND(I48+I33+I26,0) -> 174270250
A51: IVA 16% | I51: =+ROUND(I50*0.16,0) -> 27883240
A52: VALOR TOTAL COSTO CONSULTORÍA | I52: =+ROUND(SUM(I50:I51),0) -> 202153490 | J52: VALOR FORMATO 07 | M52: 202153490
A54: OBSERVACIÓN: EL OFERENTE MEDIANTE CORREO ELECTRONICO DEL 19 DE MAYO DE 2016 Y MEDIANTE RADICADO No 2016-430-032881-2 DEL 19 DE MAYO DE 2016 EL OFERENTE SUBSANÓ - REDONDEO DE LAS OPERACIONES ARITMETICAS - MODIFICO EL NUMERO DE MESES TENIENDO EN CUENTA EL NUMERAL 1.5 DE LAS REGLAS DE PARTICIPACIÓN (1.5 MESES)
A57: 0 | B57: 2 | C57: 0
C58: ( 0% - 0% - 0%- 0%- 0%)
A61: FORMATO 07 A - FASE I
A62: PERSONAL PROFESIONAL
A63: CONCEPTO | B63: A | C63: B | D63: C | E63: D | F63: E | H63: F
A64: Personal Profesional | B64: Cantidad | C64: Sueldo Mes Básico | D64: % Dedicación | E64: F.M. (%) | F64: Valor Mes (AxBxCxD) | H64: No. Meses | I64: Total Parcial (ExF)
F65: 0 | I65: 0
E66: 0 | F66: 0 | H66: 0 | I66: 0
E67: 0 | F67: 0 | H67: 0 | I67: 0
E68: 0 | F68: 0 | H68: 0 | I68: 0
E69: 0 | F69: 0 | H69: 0 | I69: 0
E70: 0 | F70: 0 | H70: 0 | I70: 0
E71: 0 | F71: 0 | H71: 0 | I71: 0
E72: 0 | F72: 0 | H72: 0 | I72: 0
E73: 0 | F73: 0 | H73: 0 | I73: 0
E74: 0 | F74: 0 | H74: 0 | I74: 0
E75: 0 | F75: 0 | H75: 0 | I75: 0
E76: 0 | F76: 0 | H76: 0 | I76: 0
E77: 0 | F77: 0 | H77: 0 | I77: 0
... E79: 0 | F79: 0 | H79: 0 | I79: 0
F80: 0 | I80: 0
A81: SUBTOTAL COSTO PERSONAL PROFESIONAL (1) | I81: 0
A82: PERSONAL TÉCNICO
A83: Personal Técnico | B83: Cantidad | C83: Sueldo Mes Básico | D83: % Dedicación | E83: F.M. % | F83: Valor Mes (AxBxCxD) | H83: No. Meses | I83: Total Parcial (ExF)
E84: 0 | F84: 0 | H84: 0 | I84: 0
E85: 0 | F85: 0 | H85: 0 | I85: 0
E86: 0 | F86: 0 | H86: 0 | I86: 0
E87: 0 | F87: 0 | H87: 0 | I87: 0
A88: SUBTOTAL COSTO PERSONAL TECNICO (2) | I88: 0
A89: OTROS COSTOS DIRECTOS
A90: Otros costos directos | F90: Cantidad | H90: Vr. Unitario | I90: Total
I91: 0
I92: 0
I93: 0
I94: 0
I95: 0
I96: 0
I97: 0
I98: 0
I99: 0
I100: 0
I101: 0
I102: 0
A103: SUBTOTAL OTROS COSTOS DIRECTOS (3) | I103: 0
A104: RESUMEN GENERAL
A105: COSTO TOTAL (1 + 2 + 3) | I105: 0
A106: IVA 16% | I106: 0
A107: VALOR TOTAL COSTO FIJO INTERVENTORÍA | I107: 0 | J107: VALOR FORMATO 07
A110: 0 | B110: 3 | C110: 0
C111: ( 0% - 0% - 0%- 0%- 0%)
...

Sheet EV. JURIDICA. OFERTA No. 1
A1: VERIFICACIÓN DE REQUISITOS JURÍDICOS
A2: PROCESO DE SELECCIÓN – CONVOCATORIA PÚBLICA N° CPR 010-2016
A3: (Numeral 3.2 de la Invitación a ofertar en el marco del Numeral 23.3 del Estatuto de Contratación de FONADE
A5: Oferente: I&D PROYECTOS SAS Representante legal o apoderado: JAVIER HERNANDO FLECHAS PARRA
A7: SITUACIÓN A VERIFICAR | B7: ACCIÓN VERIFICABLE | C7: FOLIO (S) | D7: SI | E7: NO | F7: N/A | G7: OBSERVACIONES
A8: 1. Carta de presentación de la oferta | B8: Carta de presentación de la oferta firmada por el oferente y/o representante legal o persona autorizada en el formato 01 | C8: 3-6 | D8: X
B9: Anexa fotocopia de la Cédula de Ciudadanía de quien suscribe la oferta | C9: 143
B10: La persona que suscribe la oferta tiene la calidad de representante legal o es apoderado del oferente con facultad expresa para actuar en nombre y representación de la sociedad. (personas jurídicas) | C10: 3-6 | D10: X
B11: La persona que suscribe la oferta tiene la calidad de representante legal del consorcio o unión temporal, con facultad expresa para actuar en su nombre y representación (consorcios y uniones temporales) | F11: X
B12: Oferta avalada por (ingeniero civil, o ingeniero de transportes y vías, según el caso) o el oferente o su representante legal acredita alguna de estas profesiones | F12: X
A13: 2.Derechos de participación | B13: El oferente acredita el pago de los derechos de participación conforme con las Reglas de Participación | F13: X
A14: 3. Persona Natural | B14: Aporta registro mercantil y/o certificado de inscripción, clasificación y calificación - RUP y fotocopia de la Cédula de Ciudadanía, acorde con las Reglas de Participación (en caso de ser persona natural extranjera, cuenta con la autorización conforme con las normas migratorias) | F14: X
A15: 4. Persona Jurídica | B15: El certificado de existencia y representación legal está acorde con las exigencias de las Reglas de Participación | C15: 8-15 | D15: X
B16: El certificado de inscripción, clasificación y calificación - RUP está acorde con las exigencias de las Reglas de Participación: fecha de expedición, actualización y vigencia al momento de la finalización del registro de entrega de ofertas (Decreto 1082 de 2015) | C16: 17-24 | D16: X
B17: La sociedad tiene vigencia igual al plazo del contrato a celebrar y un (1) año más y cuenta con mínimo un (1) año de constitución | C17: 8-15 | D17: X
B18: El Representante Legal tiene la facultad para comprometer la sociedad hasta por el monto de la oferta. | C18: 26-27 | D18: X
B19: El Representante Legal está autorizado y/o facultado para comprometer la sociedad por el monto de la oferta (cuando de acuerdo con el certificado de existencia y representación legal requiera de la autorización expresa de la Junta Directiva o sea apoderado) | C19: 26-27 | D19: X
B20: Dentro del objeto social de la sociedad se enmarca la actividad, objeto del proceso de contratación. | C20: 8-15 | D20: X
A21: 5. Consorcio o Unión Temporal | B21: Allega documento de constitución del consorcio o unión temporal, suscrita por cada uno de sus integrantes y con el lleno de requisitos exigidos en las Reglas de Participación para tal efecto | F21: X
B22: Cada integrante aporta los requisitos legales exigidos para las personas naturales y/o jurídicas que lo conforman | F22: X
B23: La oferta está firmada por el representante legal designado. | F23: X
A24: 6. Garantía de seriedad de la Oferta | B24: Corresponde la cuantía asegurada y la vigencia conforme con las Reglas de Participación y se expidió: “ante entidades públicas con régimen privado de contratación” | C24: 29-32 | D24: X | G24: SUBSANÓ EL VALOR ASEGURADO Mediante correo y radicado No 2016-430053974-2 remitido el día 01 de agosto de 2016
B25: El tomador es el oferente. | C25: 29-32 | D25: X
B26: El asegurado y/o beneficiario es la entidad contratante: FONADE con el NIT 899.999.316-1 | C26: 29-32 | D26: X
B27: Está firmada por el representante legal o la persona autorizada. | C27: 29-32 | D27: X
B28: Acredita el pago de la prima de la garantía mediante recibo de caja o documento equivalente | C28: 29-32 | D28: X
B29: Se especifican los porcentajes de participación de los miembros del Consorcio o de la Unión Temporal | F29: X
A30: 7. Otros documentos | B30: El oferente presenta el RUT actualizado (actividad económica en códigos CIIU e inclusión del impuesto CREE), formato de creación de terceros y de vinculación de clientes y la certificación bancaria (se exigirá si la oferta es aceptada para firmar el contrato) | C30: 47-57 | D30: X
A31: 8. Certificado de pagos al Sistema de Seguridad Social y Aportes Parafiscales | B31: Persona natural: El oferente adjunta la certificación de afiliación y/o pago expedida por la EPS, la AFP y la ARL con la antelación indicada en las Reglas de Participación. / Allega declaración juramentada (Ley 789 de 2002) acreditando tener personal a cargo (en caso de ser necesario) | F31: X
B32: Persona jurídica: El oferente acredita el cumplimiento de aportes pagos al Sistema de Seguridad Social y aportes parafiscales, de acuerdo con la normatividad aplicable expedida por su revisor fiscal o, en caso de no tener la obligación, por su representante legal. | C32: 34-37 | D32: X
B33: Consorcios y uniones temporales: Cada integrante aporta los requisitos legales exigidos para las personas naturales y/o jurídicas que lo conforman. | F33: X
A34: 9. Criterios de desempate | B34: PERSONAL CON LIMITACIONES: El oferente acredita tener personal vinculado con limitaciones conforme con lo establecido en el Artículo 24 de la Ley 361 de 1997, mediante certificación expedida por la oficina de trabajo, según el Numeral 5.4 de las Reglas de Participación. | E34: X | G34: NO APORTÓ
B35: MYPIME: El oferente acredita su condición de MIPYMES conforme con lo dispuesto en el Artículo 2 de la Ley 905 de 2004, según el Numeral 5.4 de las Reglas de Participación. | C35: 61 | D35: X
B36: RECIPROCIDAD: El oferente presenta las consultas del SECOP e indica que su oferta cumple con los requisitos para que se le otorgue tratamiento de bienes y servicios nacionales, pese a ser de origen extranjero, en virtud del principio de reciprocidad. | E36: X | G36: NO APORTÓ
A37: 10. Antecedentes | B37: Verificación de antecedentes judiciales del Ministerio De Defensa Nacional policia nacional | C37: 43 | D37: X | G37: LA DOCUMENTACIÓN FUE VERIFICADA POR LA ENTIDAD
A38: 11. Antecedentes | B38: Verificación de no inclusión en el boletín de responsables fiscales | C38: 39 | D38: X | G38: NO APORTÓ LA DOCUMENTACIÓN RELACIONADA AL REPRESENTANTE LEGAL FUERON VERIFICADOS POR LA ENTIDAD
A39: 12. Antecedentes | B39: Verificación del sistema de información de registro de sancionesy causas de inhabilidad (SIRI) de la Procuraduría General de la Nación | C39: 41 | D39: X | G39: NO APORTÓ LA DOCUMENTACIÓN RELACIONADA AL REPRESENTANTE LEGAL FUERON VERIFICADOS POR LA ENTIDAD
A40: 10. Concepto verificación | B40: EL OFERENTE (CUMPLE, NO CUIMPLE) CON LOS REQUISITOS DE CARÁCTER JURÍDICO ESTABLECIDOS EN LAS REGLAS DE PARTICIPACIÓN. | D40: NO CUMPLE
A42: Verificación: | B42: LAURA MARCELA GARCIA CABANA, Comité Evaluador
